Workbook
Name D: [1]Hoja1!$A$2:$A$6
Name D: [1]Hoja1!$A$2:$A$6
Name ExportarAExcel: #REF!
Name ExportarAExcel: #REF!
Name ExportarAExcel: #REF!
Name ExportarAExcel: #REF!
Name ExportarAExcel: #REF!
Name ExportarAExcel: #REF!
Name ExportarAExcel: #REF!
Name ExportarAExcel: #REF!
Name ExportarAExcel: #REF!
Name ExportarAExcel: #REF!
Name ExportarAExcel: #REF!
Name ExportarAExcel: #REF!
Name ExportarAExcel: #REF!
Name ExportarAExcel: #REF!
Name ExportarAExcel: #REF!
Name ExportarAExcel: #REF!
Name ExportarAExcel: #REF!

Sheet ORI
A1: Sección 35 | B1: Adopción por primera vez
C3: 43466 | E3: 43830 | G3: 44561 | L3: Impuesto diferido
B4: TERRENO | C4: 10000 | E4: =C8 -> 15000 | L4: Diferencias temporarias | O4: Pasivo por
B5: Adopción por primera vez | G5: La entidad vende el terreno | L5: NIIF | M5: Base fiscal | N5: Diferencia | O5: Impuesto Diferido | U5: Declaración de renta
B6: Sección 35 Párrafo 10 | G6: Valor: | H6: 22000 | L6: =E4 -> 15000 | M6: =C4 -> 10000 | N6: =L6-M6 -> 5000 | O6: =N6*10% -> 500 | U6: Utilidad gravada | W6: =N6 -> 5000
Q7: Gasto (ingreso) por impuestos | U7: Pago de impuestos | W7: =W6*10% -> 500
B8: Valor razonable - Costo atribuido | C8: 15000 | L8: DB - ESF - Patrimonio * | Q8: Gasto por impuesto corriente | T8: DB
L9: * Ganancias acumuladas - Ax1V | O9: =O6 -> 500 | Q9: Efecto del imp difer activo | T9: CR | U9: DB - ER - Gasto (ingreso) por impuestos | X9: =W7 -> 500
B10: DB - ESF - Terreno | C10: =C8-C4 -> 5000 | G10: DB - ESF - Efectivo | H10: =H6 -> 22000 | L10: CR - ESF - Pasivo impuesto diferido | O10: =-O9 -> -500 | Q10: Efecto del imp difer pasivo | T10: DB | U10: CR - ESF - Pasivos impuesto corriente | X10: =-X9 -> -500
B11: CR - ESF - Patrimonio * | C11: =-C10 -> -5000 | E11: =C11 -> -5000 | G11: CR - ESF - Terreno | H11: =-E4 -> -15000
B12: * Ganancias acumuladas - Ax1V | G12: CR - ER - Utilidad en venta | H12: =-SUM(H10:H11) -> -7000 | I12: => Distribución a los socios | L12: Saldo Ganancias acumuladas - Ax1V | O12: =E11+O9 -> -4500 | Q12: Saldo al momento de la venta del activo
B13: "Modelo del costo" | Q13: Gasto por impuesto corriente | T13: =X9 -> 500
G14: DB - ESF - Patrimonio * | H14: =-O12 -> 4500 | L14: DB - ESF - Pasivo impuesto diferido | O14: =-O10 -> 500 | Q14: Efecto del imp difer pasivo | T14: =O15 -> -500
G15: * Ganancias acumuladas - Ax1V | L15: CR - ER - Gasto (ingreso) por impuestos | O15: =-O14 -> -500 | T15: =SUM(T13:T14) -> 0
G16: CR - ESF - Patrimonio * | H16: =-H14 -> -4500 | I16: => Distribución a los socios
G17: * Ganancias acumuladas
A19: Sección 17 | B19: Modelo de revaluación
C21: 44196 | E21: 44561
B22: TERRENO | C22: 10000 | E22: =C22+C29 -> 15000 | G22: Estado de situación financiera
B23: Cambio de política contable | G23: Activo - No Corriente | H23: 2021 | J23: 2020
B24: Sección 10 - 10A | G24: Propiedades, planta y equipo | H24: =E22 -> 15000 | J24: =C22 -> 10000
B25: => Aplicación prospectiva
G26: Patrimonio
B27: Valor razonable | E27: 15000 | G27: Otro resultado integral | H27: =E30 -> -5000 | J27: 0
B29: DB - ESF - Terreno | C29: =E27-C22 -> 5000 | G29: Estado de resultados integral
B30: CR - ESF - Patrimonio * | C30: =-C29 -> -5000 | E30: =C30 -> -5000 | G30: Ingresos
B31: * Superávit de revaluación | G31: Gastos
G32: Otros ingresos | H32: =H12 -> -7000
G33: Utilidad antes de impuestos
G34: Gastos por impuestos
G35: Utilidad del ejercicio | H35: =SUM(H32:H34) -> -7000 | I35: => Se distribuyen dividendos
G37: Otros resultados integrales
G38: => Superávit de revaluación | H38: =H27 -> -5000
G40: Utilidad integral del ejercicio | H40: =H35+H38 -> -12000
B42: Compra de un inventario | C42: 44503
B43: Valor del inventario - USD | C43: 13500
C44: 3623 | D44: TRM
B46: DB - ESF - Inventario | C46: =C43*C44 -> 48910500 | E46: Partida no monetaria | G46: (Histórica)
B47: CR - ESF - Cuentas por pagar | C47: =-C46 -> -48910500 | E47: Partida monetaria | G47: (Diferencia en cambio)
C49: 44561
C50: 3870 | D50: TRM | G50: Estado de situación financiera
B51: No se ha vendido el inventario | G51: Activos - Corrientes
B52: No se ha pagado al proveedor | C52: =-C43*C50 -> -52245000 | G52: Inventario | H52: =C46 -> 48910500
B54: Transacción en moneda extranjera | G54: Pasivos - Corrientes
G55: Cuentas por pagar | H55: =C47+D57 -> -52245000
B56: DB - ER - Gasto por diferencia en cambio | D56: =C47-C52 -> 3334500
B57: CR - ESF - Cuentas por pagar | D57: =-D56 -> -3334500 | G57: Estado de resultados
G58: Ingresos
G59: Gastos
G60: Diferencia en cambio, neta | H60: =D56 -> 3334500
G61: Utilidad antes de impuestos
G62: Gastos por impuestos
G63: Utilidad del ejercicio | H63: =SUM(H60:H62) -> 3334500

Sheet HW PYMES
A1: EJEMPLO CORP
A2: BALANCES DE PRUEBA - 31 de Diciembre 2019, 2020 y 2021
G3: AJUSTES | K3: AJUSTES
A4: Cta.mayor | B4: Texto breve | C4: ID | D4: NIIF ESF | E4: Saldo 31 Dic 2019 | F4: Movimiento 2020 | G4: Débito | H4: Crédito | I4: Saldo 31 Dic 2020 | J4: Movimiento 2021 | K4: Débito | L4: Crédito | M4: Saldo 31 Dic 2021 | N4: Corriente | O4: No Corriente | P4: Clasificación Gastos
A5: 11051000 | B5: Caja menores | C5: 10 | D5: Efectivo | E5: 7131366 | F5: 2365544.4 | I5: =E5+F5+G5-H5 -> 9496910.4 | J5: -8866931.3 | M5: =I5+J5+K5-L5 -> 629979.18
A6: 11100502 | B6: BANCO BILBAO VIZ. ARGENTARIA- BBVA (COP) | C6: 10 | D6: Efectivo | E6: 430445855 | F6: -3.6422379e+08 | I6: =E6+F6+G6-H6 -> 66222067 | J6: 6.9753371e+08 | M6: =I6+J6+K6-L6 -> 7.6375577e+08
A7: 11200500 | B7: Cta.ahorro, bancos | C7: 10 | D7: Efectivo | E7: 0 | F7: 0 | I7: =E7+F7+G7-H7 -> 0 | J7: 1398097.1 | M7: =I7+J7+K7-L7 -> 1398097.1
A8: 11200501 | B8: Ctas. de ahorro, AV VILLAS | C8: 10 | D8: Efectivo | E8: 0 | F8: 0 | I8: =E8+F8+G8-H8 -> 0 | J8: 4357.74 | M8: =I8+J8+K8-L8 -> 4357.74
A9: 11200502 | B9: Ctas. de ahorro, AV VILLAS 2 | C9: 10 | D9: Efectivo | E9: 0 | F9: 0 | I9: =E9+F9+G9-H9 -> 0 | J9: 474695.38 | M9: =I9+J9+K9-L9 -> 474695.38
A10: 11200503 | B10: Ctas. de ahorro, AV VILLAS 3 | C10: 10 | D10: Efectivo | E10: 0 | F10: 0 | I10: =E10+F10+G10-H10 -> 0 | J10: 2197898.9 | M10: =I10+J10+K10-L10 -> 2197898.9
A11: 11200504 | B11: Ctas. de ahorro, AV VILLAS 4 | C11: 10 | D11: Efectivo | E11: 0 | F11: 0 | I11: =E11+F11+G11-H11 -> 0 | J11: 1983409.3 | M11: =I11+J11+K11-L11 -> 1983409.3
A12: 13050500 | B12: Deud.,client. nacion | C12: 11 | D12: Cuentas comerciales por cobrar | E12: 9.492041e+08 | F12: 1.0166788e+09 | I12: =E12+F12+G12-H12 -> 1.9658829e+09 | J12: -1.7652441e+08 | M12: =I12+J12+K12-L12 -> 1.7893585e+09
A13: 13300500 | B13: Antic./avan. a prov. | C13: 12 | D13: Otras cuentas por cobrar | E13: 0 | F13: 0 | I13: =E13+F13+G13-H13 -> 0 | J13: 29798151 | M13: =I13+J13+K13-L13 -> 29798151
A14: 13301500 | B14: Antic./avan. a trab. | C14: 12 | D14: Otras cuentas por cobrar | E14: 20136142 | F14: -20136142 | I14: =E14+F14+G14-H14 -> 0 | J14: 1226278 | M14: =I14+J14+K14-L14 -> 1226278
A15: 13550501 | B15: Antic.impto.renta | C15: 13 | D15: Activos por impuestos corrientes | E15: 121343848 | F15: 2.4149233e+08 | I15: =E15+F15+G15-H15 -> 3.6283618e+08 | J15: -67313355 | M15: =I15+J15+K15-L15 -> 2.9552282e+08
A16: 13551800 | B16: Impto. de industria y comercio retenido | C16: 12 | D16: Otras cuentas por cobrar | E16: 0 | F16: 0 | I16: =E16+F16+G16-H16 -> 0 | J16: 0 | M16: =I16+J16+K16-L16 -> 0
... A53: 16984000 | B53: Depreciación y/o amortización acumulada, licencias | C53: 17 | D53: Activos intangibles | E53: -12037717 | F53: -382708.95 | I53: =E53+F53+G53-H53 -> -12420426 | J53: -33609890 | M53: =I53+J53+K53-L53 -> -46030316
A54: 21051000 | B54: Obligaciones financieras, bancos nacionales, pagar | C54: 21 | D54: Obligaciones financieras | E54: -9578896000 | F54: -1300000000 | I54: =E54+F54+G54-H54 -> -10878896000 | J54: 0 | M54: =I54+J54+K54-L54 -> -10878896000 | N54: OBLIGACIONES FINANCIERAS
A55: 21051001 | B55: Pasivos estim./prov., para costos y gastos, intere | C55: 21 | D55: Obligaciones financieras | E55: -47382275 | F55: -16093078 | I55: =E55+F55+G55-H55 -> -63475353 | J55: 23486344 | M55: =I55+J55+K55-L55 -> -39989009 | N55: 31 DE DICIEMBRE DE 2019
A56: 21052000 | B56: Obl.fin,bannac,acept | C56: 21 | D56: Obligaciones financieras | E56: -6070426 | F56: 5790414 | I56: =E56+F56+G56-H56 -> -280012 | J56: -122608 | M56: =I56+J56+K56-L56 -> -402620 | N56: =ROUND((E55+E56)/1000,0) -> -53453 | O56: =ROUND((E54)/1000,0) -> -9578896
A57: 21953500 | B57: Obl.fin., otras obligaciones, otras | C57: 21 | D57: Pasivos por arrendamientos | E57: -37774894 | F57: 28235244 | I57: =E57+F57+G57-H57 -> -9539650.3 | J57: 9539650 | M57: =I57+J57+K57-L57 -> -0.29 | N57: 31 DE DICIEMBRE DE 2020
A58: 22100100 | B58: Proveed. del exterio | C58: 23 | D58: Cuentas por pagar a partes relacionadas | E58: -219766879 | F58: 95836947 | I58: =E58+F58+G58-H58 -> -1.2392993e+08 | J58: -11852319 | M58: =I58+J58+K58-L58 -> -1.3578225e+08 | N58: =ROUND((I55+I56)/1000,0) -> -63755 | O58: =ROUND((I54)/1000,0) -> -10878896
A59: 23359500 | B59: Cost./gast.p.pagar,o | C59: 22 | D59: Cuentas comerciales por pagar y otras cuentas por pagar | E59: -2079134695 | F59: 1.0724179e+09 | I59: =E59+F59+G59-H59 -> -1.0067167e+09 | J59: -7.0999117e+08 | M59: =I59+J59+K59-L59 -> -1.7167079e+09 | N59: 31 DE DICIEMBRE DE 2021
A60: 23550500 | B60: Deudas con accionist | C60: 23 | D60: Cuentas por pagar a partes relacionadas | E60: 0 | F60: -393256800 | I60: =E60+F60+G60-H60 -> -393256800 | J60: 3.932568e+08 | M60: =I60+J60+K60-L60 -> -0.0099999905 | N60: =ROUND((M55+M56)/1000,0) -> -40392 | O60: =ROUND((M54)/1000,0) -> -10878896
A61: 23650500 | B61: Ret.fuente,salar/pag | C61: 22 | D61: Cuentas comerciales por pagar y otras cuentas por pagar | E61: -6995000 | F61: -3000 | I61: =E61+F61+G61-H61 -> -6998000 | J61: -1230000 | M61: =I61+J61+K61-L61 -> -8228000
A62: 23654000 | B62: Ret.fuente,compras | C62: 22 | D62: Cuentas comerciales por pagar y otras cuentas por pagar | E62: -15469303 | F62: 8428863.6 | I62: =E62+F62+G62-H62 -> -7040439.4 | J62: -11739831 | M62: =I62+J62+K62-L62 -> -18780270 | N62: PASIVOS POR ARRENDAMIENTOS
A63: 23657001 | B63: Otras ret./ patrimon | C63: 22 | D63: Cuentas comerciales por pagar y otras cuentas por pagar | E63: -6572991 | F63: 248723 | I63: =E63+F63+G63-H63 -> -6324268 | J63: -3629318 | M63: =I63+J63+K63-L63 -> -9953586 | N63: 1 DE ENERO DE 2019
A64: 23670100 | B64: Impto.a l.ventas ret | C64: 22 | D64: Cuentas comerciales por pagar y otras cuentas por pagar | E64: -249670 | F64: 249670 | I64: =E64+F64+G64-H64 -> 0 | J64: -2160847.7 | M64: =I64+J64+K64-L64 -> -2160847.7 | N64: =ROUND((-Arrendam!T40)/1000,0) -> -4083 | O64: =ROUND((-Arrendam!U40)/1000,0) -> -37775
A65: 23680100 | B65: Impto.d.ind/com.rete | C65: 22 | D65: Cuentas comerciales por pagar y otras cuentas por pagar | E65: -3718420 | F65: 1992138.3 | I65: =E65+F65+G65-H65 -> -1726281.7 | J65: -783154.88 | M65: =I65+J65+K65-L65 -> -2509436.6 | N65: 31 DE DICIEMBRE DE 2019
A66: 23680101 | B66: Impto. de industria y comercio retenido Municipal | C66: 22 | D66: Cuentas comerciales por pagar y otras cuentas por pagar | E66: -152250 | F66: 152250 | I66: =E66+F66+G66-H66 -> 0 | J66: 0 | M66: =I66+J66+K66-L66 -> 0 | N66: =ROUND((-Arrendam!T52)/1000,0) -> -28235 | O66: =ROUND((-Arrendam!U52)/1000,0) -> -9540
A67: 23700500 | B67: Aport.promot.saludEP | C67: 22 | D67: Cuentas comerciales por pagar y otras cuentas por pagar | E67: -12908000 | F67: 2961700 | I67: =E67+F67+G67-H67 -> -9946300 | J67: -5344939 | M67: =I67+J67+K67-L67 -> -15291239 | N67: 31 DE DICIEMBRE DE 2020
A68: 23700600 | B68: Aport.adm.riesgprofA | C68: 22 | D68: Cuentas comerciales por pagar y otras cuentas por pagar | E68: -13225500 | F68: 2879200 | I68: =E68+F68+G68-H68 -> -10346300 | J68: -7556299 | M68: =I68+J68+K68-L68 -> -17902599 | N68: =ROUND((-Arrendam!T64)/1000,0) -> -9540 | O68: 0
A69: 23701000 | B69: Aport.ICBF,SENA,cajc | C69: 22 | D69: Cuentas comerciales por pagar y otras cuentas por pagar | E69: -11215400 | F69: 2428800 | I69: =E69+F69+G69-H69 -> -8786600 | J69: -5272683 | M69: =I69+J69+K69-L69 -> -14059283 | N69: 31 DE DICIEMBRE DE 2021
A70: 23702500 | B70: Embargos judiciales | C70: 22 | D70: Cuentas comerciales por pagar y otras cuentas por pagar | E70: 0 | F70: -1240532 | I70: =E70+F70+G70-H70 -> -1240532 | J70: 1240532 | M70: =I70+J70+K70-L70 -> 0 | N70: 0 | O70: 0
A71: 23704500 | B71: Fondos | C71: 22 | D71: Cuentas comerciales por pagar y otras cuentas por pagar | E71: 0 | F71: -5070000 | I71: =E71+F71+G71-H71 -> -5070000 | J71: 5070000 | M71: =I71+J71+K71-L71 -> 0
A72: 23803000 | B72: Acreed.var.,fond.ces | C72: 22 | D72: Cuentas comerciales por pagar y otras cuentas por pagar | E72: -37083500 | F72: 8643700 | I72: =E72+F72+G72-H72 -> -28439800 | J72: -68692763 | M72: =I72+J72+K72-L72 -> -97132563
A73: 24040500 | B73: Imptos,grav.vig.fisc | C73: 24 | D73: Pasivos por impuestos corrientes | E73: 0 | F73: 0 | I73: =E73+F73+G73-H73 -> 0 | J73: 0 | M73: =I73+J73+K73-L73 -> 0
A74: 24080100 | B74: Impto.s.l.ventas p.p | C74: 22 | D74: Cuentas comerciales por pagar y otras cuentas por pagar | E74: 0 | F74: 0 | I74: =E74+F74+G74-H74 -> 0 | J74: 0.97 | M74: =I74+J74+K74-L74 -> 0.97 | N74: CUENTAS COMERCIALES Y OTRAS CUENTAS POR PAGAR
A75: 24120500 | B75: Impto. de industria y comercio, vigencia fiscal co | C75: 22 | D75: Cuentas comerciales por pagar y otras cuentas por pagar | E75: 0 | F75: 0 | I75: =E75+F75+G75-H75 -> 0 | J75: 0 | M75: =I75+J75+K75-L75 -> 0 | N75: 31 DE DICIEMBRE DE 2019
A76: 25050100 | B76: Obl.lab,salarios p.p | C76: 22 | D76: Cuentas comerciales por pagar y otras cuentas por pagar | E76: -397857 | F76: 397857 | I76: =E76+F76+G76-H76 -> 0 | J76: 23.1 | M76: =I76+J76+K76-L76 -> 23.1 | N76: =ROUND((SUM(E59,E61:E72,E74:E77,E79:E83))/1000,0)-O76 -> -2336145 | O76: 0
A77: 25400100 | B77: Indemnizaciones laborales | C77: 22 | D77: Cuentas comerciales por pagar y otras cuentas por pagar | E77: 0 | F77: 0 | I77: =E77+F77+G77-H77 -> 0 | J77: 0 | M77: =I77+J77+K77-L77 -> 0 | N77: 31 DE DICIEMBRE DE 2020
A78: 26050500 | B78: Pasivos estim./prov., para costos y gastos, intere | C78: 21 | D78: Obligaciones financieras | E78: 0 | F78: 0 | I78: =E78+F78+G78-H78 -> 0 | J78: 0 | M78: =I78+J78+K78-L78 -> 0 | N78: =ROUND((SUM(I59,I61:I72,I74:I77,I79:I83)/1000),0) -> -1338298 | O78: 0
A79: 26059500 | B79: Pasiv.est,otr. gast/ | C79: 22 | D79: Cuentas comerciales por pagar y otras cuentas por pagar | E79: -15906082 | F79: 4769160 | I79: =E79+F79+G79-H79 -> -11136922 | J79: 8404577.2 | M79: =I79+J79+K79-L79 -> -2732344.8 | N79: 31 DE DICIEMBRE DE 2021
A80: 26100500 | B80: Pasiv.est,obl.lab,ce | C80: 22 | D80: Cuentas comerciales por pagar y otras cuentas por pagar | E80: -84423728 | F80: -56787029 | I80: =E80+F80+G80-H80 -> -141210757 | J80: -48084901 | M80: =I80+J80+K80-L80 -> -189295658 | N80: =ROUND((SUM(M59,M61:M72,M74:M77,M79:M83)/1000),0) -> -2222593 | O80: 0
A81: 26101500 | B81: Pasiv.est,obl.lab,va | C81: 22 | D81: Cuentas comerciales por pagar y otras cuentas por pagar | E81: -48629554 | F81: -44195917 | I81: =E81+F81+G81-H81 -> -92825471 | J81: -33359920 | M81: =I81+J81+K81-L81 -> -1.2618539e+08
A82: 26102000 | B82: Pasiv.est,obl.lab,pr | C82: 22 | D82: Cuentas comerciales por pagar y otras cuentas por pagar | E82: 0 | F82: 0 | I82: =E82+F82+G82-H82 -> 0 | J82: 0 | M82: =I82+J82+K82-L82 -> 0
A83: 26109500 | B83: Pasivos estimados y provisiones, para obl. laboral | C83: 22 | D83: Cuentas comerciales por pagar y otras cuentas por pagar | E83: -62748 | F83: -427096 | I83: =E83+F83+G83-H83 -> -489844 | J83: -1164276 | M83: =I83+J83+K83-L83 -> -1654120
A84: 27259500 | B84: Diferidos, Imptos., diversos | C84: 29 | D84: Pasivos por impuestos diferidos | E84: -595622024 | F84: 0 | I84: =E84+F84+G84-H84 -> -595622024 | J84: 0 | M84: =I84+J84+K84-L84 -> -595622024
A85: 28050500 | B85: Antic./avan.recib.cl | C85: 28 | D85: Anticipos recibidos | E85: -1172511485 | F85: 2.4235709e+08 | I85: =E85+F85+G85-H85 -> -9.301544e+08 | J85: -4.0197784e+08 | M85: =I85+J85+K85-L85 -> -1.3321322e+09
A86: 31050500 | B86: Patrim,cap.soc.,auto | C86: 31 | D86: Capital suscrito y pagado | E86: -27116624669 | F86: -5.3651344e+09 | I86: =E86+F86+G86-H86 -> -3.2481759e+10 | J86: 0 | M86: =I86+J86+K86-L86 -> -3.2481759e+10
A87: 31050501 | B87: Patrimo, cap social, anticipo recib.por acc a emit | C87: 32 | D87: Capital suscrito y pagado | E87: -1692516101 | F87: 1692334386 | I87: =E87+F87+G87-H87 -> -181715 | J87: 0 | M87: =I87+J87+K87-L87 -> -181715
A88: 37100100 | B88: Res.ejerc,pérdidas a | C88: 37 | D88: Resultados acumulados | E88: 1.4230796e+10 | F88: 2.4135593e+09 | I88: =E88+F88+G88-H88 -> 1.6644355e+10 | J88: -4.833661e+08 | M88: =I88+J88+K88-L88 -> 1.6160989e+10
A89: 37100101 | B89: Result. ejercicios anteriores, pérdidas acum-NIFF | C89: 38 | D89: Adopción por primera vez | E89: -5.3226813e+09 | F89: 0 | I89: =E89+F89+G89-H89 -> -5.3226813e+09 | J89: 0 | M89: =I89+J89+K89-L89 -> -5.3226813e+09
A90: 38100400 | B90: Superávit por valoriz.,de propiedad., planta y equ | C90: 39 | D90: Otros resultados integrales | E90: 0 | F90: 0 | I90: =E90+F90+G90-H90 -> 0 | J90: 0 | M90: =I90+J90+K90-L90 -> 0
A91: 41301000 | B91: Ingr.op,constr,ing.c | C91: 41 | D91: Ingresos de actividades ordinarias | E91: -3256996352 | F91: -8.3708071e+09 | I91: =F91-H91+G91 -> -8.3708071e+09 | J91: -9.2521218e+09 | M91: =J91+K91-L91 -> -9.2521218e+09
A92: 41301001 | B92: Ing.op,const.montaje | C92: 41 | D92: Ingresos de actividades ordinarias | E92: -146519069 | F92: 0 | I92: =F92-H92+G92 -> 0 | J92: 0 | M92: =J92+K92-L92 -> 0
A93: 41301002 | B93: Ing.op,const.adm.imp | C93: 41 | D93: Ingresos de actividades ordinarias | E93: -510527313 | F93: -1.2163679e+09 | I93: =F93-H93+G93 -> -1.2163679e+09 | J93: -1.3848017e+09 | M93: =J93+K93-L93 -> -1.3848017e+09
A94: 41301003 | B94: Ing.op,const.utilida | C94: 41 | D94: Ingresos de actividades ordinarias | E94: -102299467 | F94: -2.4327358e+08 | I94: =F94-H94+G94 -> -2.4327358e+08 | J94: -2.7696035e+08 | M94: =J94+K94-L94 -> -2.7696035e+08
A95: 41359500 | B95: Ingr.op.,com.,otros | C95: 41 | D95: Ingresos de actividades ordinarias | E95: -1408623313 | F95: -1.257143e+09 | I95: =F95-H95+G95 -> -1.257143e+09 | J95: -3.9756122e+08 | M95: =J95+K95-L95 -> -3.9756122e+08
A96: 41450500 | B96: Ingr.op,transp.carre | C96: 41 | D96: Ingresos de actividades ordinarias | E96: 0 | F96: 0 | I96: =F96-H96+G96 -> 0 | J96: 0 | M96: =J96+K96-L96 -> 0
A97: 42100500 | B97: N.op.,otr.fin,intere | C97: 53 | D97: Financieros, neto | E97: 0 | F97: -2004757.8 | I97: =F97-H97+G97 -> -2004757.8 | J97: -14202486 | M97: =J97+K97-L97 -> -14202486
A98: 42102000 | B98: N.op.,otr.fin,dif.ca | C98: 54 | D98: Diferencia en cambio, neta | E98: -164250714 | F98: -31927021 | I98: =F98-H98+G98 -> -31927021 | J98: 0 | M98: =J98+K98-L98 -> 0
A99: 42102001 | B99: No operacionales, financieros, diferencia en cambi | C99: 54 | D99: Diferencia en cambio, neta | E99: 0 | F99: 0 | I99: =F99-H99+G99 -> 0 | J99: -14722035 | M99: =J99+K99-L99 -> -14722035
A100: 42454000 | B100: No oper.,utilidad flota/equipo de transporte | C100: 52 | D100: Otros (ingresos) gastos operativos, netos | E100: -193603508 | F100: 0 | I100: =F100-H100+G100 -> 0 | J100: -2732798 | M100: =J100+K100-L100 -> -2732798
A101: 42551000 | B101: No operacionales, indemnizaciones por suministros | C101: 52 | D101: Otros (ingresos) gastos operativos, netos | E101: -285600 | F101: -2748892 | I101: =F101-H101+G101 -> -2748892 | J101: -2867469 | M101: =J101+K101-L101 -> -2867469
A102: 42554000 | B102: No operacionales, incapacidades | C102: 52 | D102: Otros (ingresos) gastos operativos, netos | E102: -1625939 | F102: -17891307 | I102: =F102-H102+G102 -> -17891307 | J102: -97838766 | M102: =J102+K102-L102 -> -97838766
A103: 51050300 | B103: Gast.op.adm,salario | C103: 51 | D103: Otros gastos operativos, neto | E103: 678957592 | F103: 989058379 | I103: =F103+G103-H103 -> 989058379 | J103: 987066023 | M103: =J103+K103-L103 -> 987066023 | P103: Sueldos y salarios
A104: 51052700 | B104: Gast.op.adm,pr,auxtr | C104: 51 | D104: Otros gastos operativos, neto | E104: 3231470 | F104: 3434933 | I104: =F104+G104-H104 -> 3434933 | J104: 2386213 | M104: =J104+K104-L104 -> 2386213 | P104: Sueldos y salarios
A105: 51053000 | B105: Gast.op.adm,cesantía | C105: 51 | D105: Otros gastos operativos, neto | E105: 20383913 | F105: 39791054 | I105: =F105+G105-H105 -> 39791054 | J105: 43784158 | M105: =J105+K105-L105 -> 43784158 | P105: Prestaciones sociales
A106: 51053300 | B106: Gast.op.adm,int.cesa | C106: 51 | D106: Otros gastos operativos, neto | E106: 2446064 | F106: 8325974.5 | I106: =F106+G106-H106 -> 8325974.5 | J106: 5052023 | M106: =J106+K106-L106 -> 5052023 | P106: Prestaciones sociales
A107: 51053600 | B107: Gast.op.adm,prima se | C107: 51 | D107: Otros gastos operativos, neto | E107: 20383913 | F107: 37839499 | I107: =F107+G107-H107 -> 37839499 | J107: 44149011 | M107: =J107+K107-L107 -> 44149011 | P107: Prestaciones sociales
A108: 51053900 | B108: Gast.op.adm,vacacion | C108: 51 | D108: Otros gastos operativos, neto | E108: 28668851 | F108: 73802015 | I108: =F108+G108-H108 -> 73802015 | J108: 48536921 | M108: =J108+K108-L108 -> 48536921 | P108: Vacaciones
A109: 51054800 | B109: Gast.op.adm,pt,bonif | C109: 51 | D109: Otros gastos operativos, neto | E109: 0 | F109: 8094888 | I109: =F109+G109-H109 -> 8094888 | J109: 3362004 | M109: =J109+K109-L109 -> 3362004 | P109: Bonificaciones
A110: 51055100 | B110: Gast.op.adm,dotación | C110: 51 | D110: Otros gastos operativos, neto | E110: 1446458 | F110: 2446886.7 | I110: =F110+G110-H110 -> 2446886.7 | J110: 2235439 | M110: =J110+K110-L110 -> 2235439 | P110: Otros beneficios a empleados corto plazo
A111: 51055700 | B111: Gast.op.adm,pension. | C111: 51 | D111: Otros gastos operativos, neto | E111: 66840351 | F111: 101791207 | I111: =F111+G111-H111 -> 101791207 | J111: 138743798 | M111: =J111+K111-L111 -> 138743798 | P111: Planes de aportaciones definidos
A112: 51056000 | B112: Gast.op.adm,indemniz | C112: 51 | D112: Otros gastos operativos, neto | E112: 2897683 | F112: 18450196 | I112: =F112+G112-H112 -> 18450196 | J112: 0 | M112: =J112+K112-L112 -> 0 | P112: Beneficios por terminación
A113: 51056300 | B113: Gast.op.adm,capacit. | C113: 51 | D113: Otros gastos operativos, neto | E113: 7396700 | F113: 1720000 | I113: =F113+G113-H113 -> 1720000 | J113: 3628709 | M113: =J113+K113-L113 -> 3628709 | P113: Otros beneficios a empleados corto plazo
A114: 51056600 | B114: Gast.op.adm,deportiv | C114: 51 | D114: Otros gastos operativos, neto | E114: 3850000 | F114: 2422000 | I114: =F114+G114-H114 -> 2422000 | J114: 0 | M114: =J114+K114-L114 -> 0 | P114: Otros beneficios a empleados corto plazo
... A172: 52157099 | B172: Corr.imptos.IVA desc | C172: 51 | D172: Otros gastos operativos, neto | E172: 11794 | F172: 0 | I172: =F172+G172-H172 -> 0 | J172: 0 | M172: =J172+K172-L172 -> 0 | P172: Impuestos
A173: 53050500 | B173: N.op.,fin.,gast.banc | C173: 53 | D173: Financieros, neto | E173: 1216694 | F173: 1809343.3 | I173: =F173+G173-H173 -> 1809343.3 | J173: 20089597 | M173: =J173+K173-L173 -> 20089597
A174: 53051500 | B174: N.op.,fin.,comisione | C174: 53 | D174: Financieros, neto | E174: 7585235 | F174: 10303414 | I174: =F174+G174-H174 -> 10303414 | J174: 6087116 | M174: =J174+K174-L174 -> 6087116
A175: 53052000 | B175: No operacionales, financieros, intereses | C175: 53 | D175: Financieros, neto | E175: 703383347 | F175: 6.8653412e+08 | I175: =F175+G175-H175 -> 6.8653412e+08 | J175: 7.5032953e+08 | M175: =J175+K175-L175 -> 7.5032953e+08
A176: 53052001 | B176: No op.Intereses arrendamientos | C176: 53 | D176: Financieros, neto | E176: 47997131 | F176: 30771318 | I176: =F176+G176-H176 -> 30771318 | J176: 496428 | M176: =J176+K176-L176 -> 496428
A177: 53052500 | B177: N.op.,fin.,dif.en ca | C177: 54 | D177: Diferencia en cambio, neta | E177: 284876269 | F177: 0 | I177: =F177+G177-H177 -> 0 | J177: 1.3768484e+08 | M177: =J177+K177-L177 -> 1.3768484e+08
A178: 53151500 | B178: 'N.op.extrao.,ejerc. | C178: 52 | D178: Otros (ingresos) gastos operativos, netos | E178: 104055524 | F178: 1.3193791e+08 | I178: =F178+G178-H178 -> 1.3193791e+08 | J178: 52987967 | M178: =J178+K178-L178 -> 52987967
A179: 53152000 | B179: 'N.op.extrao,imptos. | C179: 52 | D179: Otros (ingresos) gastos operativos, netos | E179: 316165 | F179: 5007 | I179: =F179+G179-H179 -> 5007 | J179: 3040358.6 | M179: =J179+K179-L179 -> 3040358.6
A180: 53952000 | B180: 'N.op.div.,sanc./lit | C180: 52 | D180: Otros (ingresos) gastos operativos, netos | E180: 1706394 | F180: 0 | I180: =F180+G180-H180 -> 0 | J180: 358000 | M180: =J180+K180-L180 -> 358000
A181: 53952500 | B181: 'N.op.div.,donacione | C181: 52 | D181: Otros (ingresos) gastos operativos, netos | E181: 0 | F181: 168200 | I181: =F181+G181-H181 -> 168200 | J181: 201840 | M181: =J181+K181-L181 -> 201840
A182: 53959501 | B182: 'N.op.div.,otros,red | C182: 52 | D182: Otros (ingresos) gastos operativos, netos | E182: 108480 | F182: 116670.19 | I182: =F182+G182-H182 -> 116670.19 | J182: 223646.18 | M182: =J182+K182-L182 -> 223646.18
A183: 53959503 | B183: Pruebas y análisis de material | C183: 52 | D183: Otros (ingresos) gastos operativos, netos | E183: 0 | F183: 0 | I183: =F183+G183-H183 -> 0 | J183: 1675584 | M183: =J183+K183-L183 -> 1675584
A184: 54050500 | B184: Impto.renta/compleme | C184: 55 | D184: Gasto por impuesto sobre la renta | E184: 154142000 | F184: 72817000 | I184: =F184+G184-H184 -> 72817000 | J184: 25329000 | M184: =J184+K184-L184 -> 25329000
... A193: 74010106 | B193: CONSUMO DE MATERIAS PRIMAS | C193: 42 | D193: Costos de venta de bienes y servicios | E193: 5700736 | F193: 0 | I193: =F193+G193-H193 -> 0 | J193: 0 | M193: =J193+K193-L193 -> 0
A194: 80000000 | B194: Cierre de año | D194: Cuenta puente | E194: -2.5984006e+09 | F194: -2.4135593e+09 | I194: =F194+G194-H194 -> -2.4135593e+09 | J194: 4.833661e+08 | M194: =J194+K194-L194 -> 4.833661e+08
E195: =SUM(E4:E194) -> 5.2452087e-06 | F195: =SUM(F4:F194) -> 0 | G195: =SUM(G4:G194) -> 0 | H195: =SUM(H4:H194) -> 0 | I195: =SUM(I4:I194) -> 9.5367432e-06 | J195: =SUM(J4:J194) -> -2.6226044e-06 | K195: =SUM(K4:K194) -> 0 | L195: =SUM(L4:L194) -> 0 | M195: =SUM(M4:M194) -> -1.0251999e-05
H196: =G195-H195 -> 0 | L196: =K195-L195 -> 0
A197: --- | B197: --- | C197: --- | D197: --- | E197: --- | F197: --- | G197: --- | H197: --- | I197: --- | J197: --- | K197: --- | L197: --- | M197: --- | N197: --- | O197: --- | P197: ---

Sheet ESF_ERI_PYMES
A3: Etiquetas de fila | B3: Suma de Saldo 31 Dic 2021 | C3: Suma de Saldo 31 Dic 2020 | D3: Suma de Saldo 31 Dic 2019 | F3: 2021 | G3: 2020 | H3: 2019
A4: 10 | B4: 8.2262219e+08 | C4: 1.1077173e+09 | D4: 437577221 | F4: =ROUND(B4/1000,0) -> 822622 | G4: =ROUND(C4/1000,0) -> 1107717 | H4: =ROUND(D4/1000,0) -> 437577
A5: Efectivo | B5: 7.7044421e+08 | C5: 75718977 | D5: 437577221
A6: Equivalente al efectivo | B6: 52177973 | C6: 1.0319984e+09 | D6: 0
A7: 11 | B7: 1.7893585e+09 | C7: 1.9658829e+09 | D7: 9.492041e+08 | F7: =ROUND(B7/1000,0) -> 1789358 | G7: =ROUND(C7/1000,0) -> 1965883 | H7: =ROUND(D7/1000,0) -> 949204
A8: Cuentas comerciales por cobrar | B8: 1.7893585e+09 | C8: 1.9658829e+09 | D8: 9.492041e+08
A9: 12 | B9: 4.2569329e+08 | C9: 382364000 | D9: 457715142 | F9: =ROUND(B9/1000,0) -> 425693 | G9: =ROUND(C9/1000,0) -> 382364 | H9: =ROUND(D9/1000,0) -> 457715
A10: Otras cuentas por cobrar | B10: 4.2569329e+08 | C10: 382364000 | D10: 457715142
A11: 13 | B11: 2.9552282e+08 | C11: 3.6283618e+08 | D11: 121343848 | F11: =ROUND(B11/1000,0) -> 295523 | G11: =ROUND(C11/1000,0) -> 362836 | H11: =ROUND(D11/1000,0) -> 121344
A12: Activos por impuestos corrientes | B12: 2.9552282e+08 | C12: 3.6283618e+08 | D12: 121343848
A13: 14 | B13: 3.1182377e+09 | C13: 8.1702881e+08 | D13: 1362317110 | F13: =ROUND(B13/1000,0) -> 3118238 | G13: =ROUND(C13/1000,0) -> 817029 | H13: =ROUND(D13/1000,0) -> 1362317
A14: Inventarios | B14: 3.1182377e+09 | C14: 8.1702881e+08 | D14: 1362317110
A15: 15 | B15: 2.9901815e+10 | C15: 3.0348376e+10 | D15: 3.05448e+10 | F15: =ROUND(B15/1000,0) -> 29901815 | G15: =ROUND(C15/1000,0) -> 30348376 | H15: =ROUND(D15/1000,0) -> 30544800
A16: Propiedades, planta y equipo | B16: 2.9901815e+10 | C16: 3.0348376e+10 | D16: 3.05448e+10
A17: 16 | B17: 2.3283064e-10 | C17: 1207606.1 | D17: 8453242.7 | F17: =ROUND(B17/1000,0) -> 0 | G17: =ROUND(C17/1000,0) -> 1208 | H17: =ROUND(D17/1000,0) -> 8453
A18: Activos por derecho de uso | B18: 2.3283064e-10 | C18: 1207606.1 | D18: 8453242.7
A19: 17 | B19: 4.9580073e+08 | C19: 5.0830677e+08 | D19: 13784516 | F19: =ROUND(B19/1000,0) -> 495801 | G19: =ROUND(C19/1000,0) -> 508307 | H19: =ROUND(D19/1000,0) -> 13785
A20: Activos intangibles | B20: 4.9580073e+08 | C20: 5.0830677e+08 | D20: 13784516
A21: 21 | B21: -1.0919288e+10 | C21: -1.0952191e+10 | D21: -9.6701236e+09 | F21: =ROUND(B21/1000,0) -> -10919288 | G21: =ROUND(C21/1000,0) -> -10952191 | H21: =ROUND(D21/1000,0) -> -9670124
A22: Obligaciones financieras | B22: -1.0919288e+10 | C22: -1.0942651e+10 | D22: -9632348701
A23: Pasivos por arrendamientos | B23: -0.29 | C23: -9539650.3 | D23: -37774894
A24: 22 | B24: -2.2225932e+09 | C24: -1.3382983e+09 | D24: -2336144698 | F24: =ROUND(B24/1000,0) -> -2222593 | G24: =ROUND(C24/1000,0) -> -1338298 | H24: =ROUND(D24/1000,0) -> -2336145
A25: Cuentas comerciales por pagar y otras cuentas por pagar | B25: -2.2225932e+09 | C25: -1.3382983e+09 | D25: -2336144698
A26: 23 | B26: -1.3578225e+08 | C26: -5.1718673e+08 | D26: -219766879 | F26: =ROUND(B26/1000,0) -> -135782 | G26: =ROUND(C26/1000,0) -> -517187 | H26: =ROUND(D26/1000,0) -> -219767
A27: Cuentas por pagar a partes relacionadas | B27: -1.3578225e+08 | C27: -5.1718673e+08 | D27: -219766879
A28: 24 | B28: 0 | C28: 0 | D28: 0 | F28: =ROUND(B28/1000,0) -> 0 | G28: =ROUND(C28/1000,0) -> 0 | H28: =ROUND(D28/1000,0) -> 0
A29: Pasivos por impuestos corrientes | B29: 0 | C29: 0 | D29: 0
A30: 28 | B30: -1.3321322e+09 | C30: -9.301544e+08 | D30: -1172511485 | F30: =ROUND(B30/1000,0) -> -1332132 | G30: =ROUND(C30/1000,0) -> -930154 | H30: =ROUND(D30/1000,0) -> -1172511
A31: Anticipos recibidos | B31: -1.3321322e+09 | C31: -9.301544e+08 | D31: -1172511485
A32: 29 | B32: -595622024 | C32: -595622024 | D32: -595622024 | F32: =ROUND(B32/1000,0) -> -595622 | G32: =ROUND(C32/1000,0) -> -595622 | H32: =ROUND(D32/1000,0) -> -595622
A33: Pasivos por impuestos diferidos | B33: -595622024 | C33: -595622024 | D33: -595622024
A34: 31 | B34: -3.2481759e+10 | C34: -3.2481759e+10 | D34: -27116624669 | F34: =ROUND(B34/1000,0) -> -32481759 | G34: =ROUND(C34/1000,0) -> -32481759 | H34: =ROUND(D34/1000,0) -> -27116625
A35: Capital suscrito y pagado | B35: -3.2481759e+10 | C35: -3.2481759e+10 | D35: -27116624669
A36: 32 | B36: -181715 | C36: -181715 | D36: -1692516101 | F36: =ROUND(B36/1000,0) -> -182 | G36: =ROUND(C36/1000,0) -> -182 | H36: =ROUND(D36/1000,0) -> -1692516
A37: Capital suscrito y pagado | B37: -181715 | C37: -181715 | D37: -1692516101
A38: 37 | B38: 1.6160989e+10 | C38: 1.6644355e+10 | D38: 1.4230796e+10 | F38: =ROUND(B38/1000,0) -> 16160989 | G38: =ROUND(C38/1000,0) -> 16644355 | H38: =ROUND(D38/1000,0) -> 14230796
A39: Resultados acumulados | B39: 1.6160989e+10 | C39: 1.6644355e+10 | D39: 1.4230796e+10
A40: 38 | B40: -5.3226813e+09 | C40: -5.3226813e+09 | D40: -5.3226813e+09 | F40: =ROUND(B40/1000,0) -> -5322681 | G40: =ROUND(C40/1000,0) -> -5322681 | H40: =ROUND(D40/1000,0) -> -5322681
A41: Adopción por primera vez | B41: -5.3226813e+09 | C41: -5.3226813e+09 | D41: -5.3226813e+09
A42: 39 | B42: 0 | C42: 0 | D42: 0 | F42: =ROUND(B42/1000,0) -> 0 | G42: =ROUND(C42/1000,0) -> 0 | H42: =ROUND(D42/1000,0) -> 0
A43: Otros resultados integrales | B43: 0 | C43: 0 | D43: 0
A44: 41 | B44: -1.1311445e+10 | C44: -1.1087592e+10 | D44: -5424965514 | F44: =ROUND(B44/1000,0) -> -11311445 | G44: =ROUND(C44/1000,0) -> -11087592 | H44: =ROUND(D44/1000,0) -> -5424966
A45: Ingresos de actividades ordinarias | B45: -1.1311445e+10 | C45: -1.1087592e+10 | D45: -5424965514
A46: 42 | B46: 7.8188728e+09 | C46: 1.0371522e+10 | D46: 5045552231 | F46: =ROUND(B46/1000,0) -> 7818873 | G46: =ROUND(C46/1000,0) -> 10371522 | H46: =ROUND(D46/1000,0) -> 5045552
A47: Costos de venta de bienes y servicios | B47: 7.8188728e+09 | C47: 1.0371522e+10 | D47: 5045552231
A48: 51 | B48: 2.1430658e+09 | C48: 2.2497383e+09 | D48: 2.0321924e+09 | F48: =ROUND(B48/1000,0) -> 2143066 | G48: =ROUND(C48/1000,0) -> 2249738 | H48: =ROUND(D48/1000,0) -> 2032192
A49: Otros gastos operativos, neto | B49: 2.1430658e+09 | C49: 2.2497383e+09 | D49: 2.0321924e+09
A50: 52 | B50: -44951638 | C50: 1.1158759e+08 | D50: -89328484 | F50: =ROUND(B50/1000,0) -> -44952 | G50: =ROUND(C50/1000,0) -> 111588 | H50: =ROUND(D50/1000,0) -> -89328
A51: Otros (ingresos) gastos operativos, netos | B51: -44951638 | C51: 1.1158759e+08 | D51: -89328484
A52: 53 | B52: 7.6280018e+08 | C52: 7.2741344e+08 | D52: 7.6018241e+08 | F52: =ROUND(B52/1000,0) -> 762800 | G52: =ROUND(C52/1000,0) -> 727413 | H52: =ROUND(D52/1000,0) -> 760182
A53: Financieros, neto | B53: 7.6280018e+08 | C53: 7.2741344e+08 | D53: 7.6018241e+08
A54: 54 | B54: 1.229628e+08 | C54: -31927021 | D54: 120625555 | F54: =ROUND(B54/1000,0) -> 122963 | G54: =ROUND(C54/1000,0) -> -31927 | H54: =ROUND(D54/1000,0) -> 120626
A55: Diferencia en cambio, neta | B55: 1.229628e+08 | C55: -31927021 | D55: 120625555
A56: 55 | B56: 25329000 | C56: 72817000 | D56: 154142000 | F56: =ROUND(B56/1000,0) -> 25329 | G56: =ROUND(C56/1000,0) -> 72817 | H56: =ROUND(D56/1000,0) -> 154142
A57: Gasto por impuesto sobre la renta | B57: 25329000 | C57: 72817000 | D57: 154142000
A58: (en blanco) | B58: 4.833661e+08 | C58: -2.4135593e+09 | D58: -2.5984006e+09 | F58: =ROUND(B58/1000,0) -> 483366 | G58: =ROUND(C58/1000,0) -> -2413559 | H58: =ROUND(D58/1000,0) -> -2598401
A59: Cuenta puente | B59: 4.833661e+08 | C59: -2.4135593e+09 | D59: -2.5984006e+09
A60: Total general | B60: -7.7486038e-06 | C60: 2.8610229e-06 | D60: -1.9073486e-06 | F60: =SUM(F4:F59) -> 0 | G60: =SUM(G4:G59) -> 1 | H60: =SUM(H4:H59) -> -1

Sheet EST FIN
B1: EJEMPLO CORP | J1: EJEMPLO CORP | S1: EJEMPLO CORP
B3: ESTADO DE SITUACIÓN FINANCIERA | J3: ESTADO DE SITUACIÓN FINANCIERA | S3: ESTADO DE SITUACIÓN FINANCIERA
B4: AL 31 DE DICIEMBRE DE 2019 | J4: AL 31 DE DICIEMBRE DE 2020 | S4: AL 31 DE DICIEMBRE DE 2021
B5: (Cifras en miles de pesos colombianos - COP) | J5: (Cifras en miles de pesos colombianos - COP) | S5: (Cifras en miles de pesos colombianos - COP)
B7: ACTIVOS | J7: ACTIVOS | S7: ACTIVOS
B9: ACTIVOS CORRIENTES | J9: ACTIVOS CORRIENTES | S9: ACTIVOS CORRIENTES
B11: Efectivo y equivalentes al efectivo | G11: =ESF_ERI_PYMES!H4 -> 437577 | J11: Efectivo y equivalentes al efectivo | O11: =ESF_ERI_PYMES!G4 -> 1107717 | S11: Efectivo y equivalentes al efectivo | X11: =ESF_ERI_PYMES!F4 -> 822622
B12: Cuentas comerciales por cobrar y otras cuentas por cobrar | G12: =ESF_ERI_PYMES!H7 -> 949204 | J12: Cuentas comerciales por cobrar y otras cuentas por cobrar | O12: =ESF_ERI_PYMES!G7 -> 1965883 | S12: Cuentas comerciales por cobrar y otras cuentas por cobrar | X12: =ESF_ERI_PYMES!F7 -> 1789358
B13: Otras cuentas por cobrar | G13: =ESF_ERI_PYMES!H9 -> 457715 | J13: Otras cuentas por cobrar | O13: =ESF_ERI_PYMES!G9 -> 382364 | S13: Otras cuentas por cobrar | X13: =ESF_ERI_PYMES!F9 -> 425693
B14: Activos por impuestos corrientes | G14: =ESF_ERI_PYMES!H11 -> 121344 | J14: Activos por impuestos corrientes | O14: =ESF_ERI_PYMES!G11 -> 362836 | S14: Activos por impuestos corrientes | X14: =ESF_ERI_PYMES!F11 -> 295523
B15: Inventarios | G15: =ESF_ERI_PYMES!H13 -> 1362317 | J15: Inventarios | O15: =ESF_ERI_PYMES!G13 -> 817029 | S15: Inventarios | X15: =ESF_ERI_PYMES!F13 -> 3118238
B17: TOTAL ACTIVOS CORRIENTES | G17: =SUM(G11:G16) -> 3328157 | J17: TOTAL ACTIVOS CORRIENTES | O17: =SUM(O11:O16) -> 4635829 | S17: TOTAL ACTIVOS CORRIENTES | X17: =SUM(X11:X16) -> 6451434
B19: ACTIVOS NO CORRIENTES | J19: ACTIVOS NO CORRIENTES | S19: ACTIVOS NO CORRIENTES
B21: Propiedades, planta y equipo | G21: =ESF_ERI_PYMES!H15 -> 30544800 | J21: Propiedades, planta y equipo | O21: =ESF_ERI_PYMES!G15 -> 30348376 | S21: Propiedades, planta y equipo | X21: =ESF_ERI_PYMES!F15 -> 29901815
B22: Activos por derecho de uso | G22: =ESF_ERI_PYMES!H17 -> 8453 | J22: Activos por derecho de uso | O22: =ESF_ERI_PYMES!G17 -> 1208 | S22: Activos por derecho de uso | X22: =ESF_ERI_PYMES!F17 -> 0
B23: Activos intangibles | G23: =ESF_ERI_PYMES!H19 -> 13785 | J23: Activos intangibles | O23: =ESF_ERI_PYMES!G19 -> 508307 | S23: Activos intangibles | X23: =ESF_ERI_PYMES!F19 -> 495801
B25: TOTAL ACTIVOS NO CORRIENTES | G25: =SUM(G21:G24) -> 30567038 | J25: TOTAL ACTIVOS NO CORRIENTES | O25: =SUM(O21:O24) -> 30857891 | S25: TOTAL ACTIVOS NO CORRIENTES | X25: =SUM(X21:X24) -> 30397616
B27: TOTAL DE ACTIVOS | G27: =SUM(G17,G25) -> 33895195 | J27: TOTAL DE ACTIVOS | O27: =SUM(O17,O25) -> 35493720 | S27: TOTAL DE ACTIVOS | X27: =SUM(X17,X25) -> 36849050
B29: PASIVOS | J29: PASIVOS | S29: PASIVOS
B31: PASIVOS CORRIENTES | J31: PASIVOS CORRIENTES | S31: PASIVOS CORRIENTES
B33: Obligaciones financieras corrientes | G33: =-'HW PYMES'!N56 -> 53453 | J33: Obligaciones financieras corrientes | O33: =-'HW PYMES'!N58 -> 63755 | P33: =O33-G33 -> 10302 | S33: Obligaciones financieras corrientes | X33: =-'HW PYMES'!N60 -> 40392 | Y33: =X33-O33 -> -23363
B34: Pasivos por arrendamientos | G34: =-'HW PYMES'!N66 -> 28235 | J34: Pasivos por arrendamientos | O34: =-'HW PYMES'!N68 -> 9540 | P34: =O34-G34 -> -18695 | S34: Pasivos por arrendamientos | X34: =-'HW PYMES'!N70 -> 0 | Y34: =X34-O34 -> -9540
B35: Cuentas comerciales por pagar y otras cuentas por pagar | G35: =-'HW PYMES'!N76 -> 2336145 | J35: Cuentas comerciales por pagar y otras cuentas por pagar | O35: =-'HW PYMES'!N78+1 -> 1338299 | S35: Cuentas comerciales por pagar y otras cuentas por pagar | X35: =-'HW PYMES'!N80 -> 2222593
B36: Cuentas por pagar a partes relacionadas corrientes | G36: =-ESF_ERI_PYMES!H26 -> 219767 | J36: Cuentas por pagar a partes relacionadas corrientes | O36: =-ESF_ERI_PYMES!G26 -> 517187 | S36: Cuentas por pagar a partes relacionadas corrientes | X36: =-ESF_ERI_PYMES!F26 -> 135782
B37: Pasivos por impuestos corrientes | G37: =-ESF_ERI_PYMES!H28 -> 0 | J37: Pasivos por impuestos corrientes | O37: =-ESF_ERI_PYMES!G28 -> 0 | S37: Pasivos por impuestos corrientes | X37: =-ESF_ERI_PYMES!F28 -> 0
B38: Pasivos por contratos | G38: =-ESF_ERI_PYMES!H30 -> 1172511 | J38: Pasivos por contratos | O38: =-ESF_ERI_PYMES!G30 -> 930154 | S38: Pasivos por contratos | X38: =-ESF_ERI_PYMES!F30 -> 1332132
B40: TOTAL PASIVOS CORRIENTES | G40: =SUM(G33:G39) -> 3810111 | J40: TOTAL PASIVOS CORRIENTES | O40: =SUM(O33:O39) -> 2858935 | S40: TOTAL PASIVOS CORRIENTES | X40: =SUM(X33:X39) -> 3730899
B42: PASIVOS NO CORRIENTES | J42: PASIVOS NO CORRIENTES | S42: PASIVOS NO CORRIENTES
B44: Obligaciones financieras no corrientes | G44: =-'HW PYMES'!O56 -> 9578896 | J44: Obligaciones financieras no corrientes | O44: =-'HW PYMES'!O58 -> 10878896 | S44: Obligaciones financieras no corrientes | X44: =-'HW PYMES'!O60 -> 10878896
B45: Pasivos por arrendamientos | G45: =-'HW PYMES'!O66 -> 9540 | J45: Pasivos por arrendamientos | O45: =-'HW PYMES'!O68 -> 0 | P45: =O45-G45 -> -9540 | S45: Pasivos por arrendamientos | X45: =-'HW PYMES'!O70 -> 0 | Y45: =X45-O45 -> 0
B46: Cuentas comerciales por pagar y otras cuentas por pagar | G46: =-'HW PYMES'!O76 -> 0 | J46: Cuentas comerciales por pagar y otras cuentas por pagar | O46: =-'HW PYMES'!O78 -> 0 | S46: Cuentas comerciales por pagar y otras cuentas por pagar | X46: =-'HW PYMES'!O80 -> 0
B47: Pasivo por impuestos diferidos | G47: =-ESF_ERI_PYMES!H32 -> 595622 | J47: Pasivo por impuestos diferidos | O47: =-ESF_ERI_PYMES!G32 -> 595622 | S47: Pasivo por impuestos diferidos | X47: =-ESF_ERI_PYMES!F32 -> 595622
B49: TOTAL PASIVOS NO CORRIENTES | G49: =SUM(G44:G48) -> 10184058 | J49: TOTAL PASIVOS NO CORRIENTES | O49: =SUM(O44:O48) -> 11474518 | S49: TOTAL PASIVOS NO CORRIENTES | X49: =SUM(X44:X48) -> 11474518
B51: TOTAL DE PASIVOS | G51: =SUM(G40,G49) -> 13994169 | J51: TOTAL DE PASIVOS | O51: =SUM(O40,O49) -> 14333453 | S51: TOTAL DE PASIVOS | X51: =SUM(X40,X49) -> 15205417
B53: PATRIMONIO | J53: PATRIMONIO | S53: PATRIMONIO
B55: Capital suscrito y pagado | G55: =-ESF_ERI_PYMES!H34 -> 27116625 | J55: Capital suscrito y pagado | O55: =-ESF_ERI_PYMES!G34 -> 32481759 | S55: Capital suscrito y pagado | X55: =-ESF_ERI_PYMES!F34 -> 32481759
B56: Anticipo recibido por acciones a emitir | G56: =-ESF_ERI_PYMES!H36 -> 1692516 | J56: Anticipo recibido por acciones a emitir | O56: =-ESF_ERI_PYMES!G36 -> 182 | S56: Anticipo recibido por acciones a emitir | X56: =-ESF_ERI_PYMES!F36 -> 182
B57: Utilidades (Pérdidas) PCGA Anteriores | G57: =-ESF_ERI_PYMES!H38 -> -14230796 | J57: Utilidades (Pérdidas) PCGA Anteriores | O57: =-ESF_ERI_PYMES!G38 -> -16644355 | S57: Utilidades (Pérdidas) PCGA Anteriores | X57: =-ESF_ERI_PYMES!F38 -> -16160989
B58: Utilidad (Pérdida) en Conversión a NIIF | G58: =-ESF_ERI_PYMES!H40 -> 5322681 | J58: Utilidad (Pérdida) en Conversión a NIIF | O58: =-ESF_ERI_PYMES!G40 -> 5322681 | S58: Utilidad (Pérdida) en Conversión a NIIF | X58: =-ESF_ERI_PYMES!F40 -> 5322681
B60: PATRIMONIO TOTAL | G60: =SUM(G55:G59) -> 19901026 | J60: PATRIMONIO TOTAL | O60: =SUM(O55:O59) -> 21160267 | S60: PATRIMONIO TOTAL | X60: =SUM(X55:X59) -> 21643633
B62: TOTAL DE PASIVOS Y PATRIMONIO | G62: =SUM(G51,G60) -> 33895195 | J62: TOTAL DE PASIVOS Y PATRIMONIO | O62: =SUM(O51,O60) -> 35493720 | S62: TOTAL DE PASIVOS Y PATRIMONIO | X62: =SUM(X51,X60) -> 36849050
F64: Diferencia | G64: =G27-G62 -> 0 | N64: Diferencia | O64: =O27-O62 -> 0 | W64: Diferencia | X64: =X27-X62 -> 0
B66: EJEMPLO CORP | J66: EJEMPLO CORP | S66: EJEMPLO CORP
B68: ESTADO DE RESULTADOS | J68: ESTADO DE RESULTADOS | S68: ESTADO DE RESULTADOS
B69: POR EL PERIODO TERMINADO EL 31 DE DICIEMBRE DE 2019 | J69: POR EL PERIODO TERMINADO EL 31 DE DICIEMBRE DE 2020 | S69: POR EL PERIODO TERMINADO EL 31 DE DICIEMBRE DE 2021
B70: (Cifras en miles de pesos colombianos - COP) | J70: (Cifras en miles de pesos colombianos - COP) | S70: (Cifras en miles de pesos colombianos - COP)
B72: Ingresos de actividades ordinarias | G72: =-ESF_ERI_PYMES!H44 -> 5424966 | J72: Ingresos de actividades ordinarias | O72: =-ESF_ERI_PYMES!G44 -> 11087592 | S72: Ingresos de actividades ordinarias | X72: =-ESF_ERI_PYMES!F44 -> 11311445
B73: Costos de venta de bienes y servicios | G73: =-ESF_ERI_PYMES!H46 -> -5045552 | J73: Costos de venta de bienes y servicios | O73: =-ESF_ERI_PYMES!G46 -> -10371522 | S73: Costos de venta de bienes y servicios | X73: =-ESF_ERI_PYMES!F46 -> -7818873
B75: Utilidad bruta | G75: =SUM(G72:G73) -> 379414 | J75: Utilidad bruta | O75: =SUM(O72:O73) -> 716070 | S75: Utilidad bruta | X75: =SUM(X72:X73) -> 3492572
B77: Gastos de administración | G77: =-ESF_ERI_PYMES!H48 -> -2032192 | J77: Gastos de administración | O77: =-ESF_ERI_PYMES!G48 -> -2249738 | S77: Gastos de administración | X77: =-ESF_ERI_PYMES!F48 -> -2143066
B78: Otros ingresos | G78: =ROUND(-SUM('HW PYMES'!E100:E102)/1000,0) -> 195515 | J78: Otros ingresos | O78: =ROUND(-SUM('HW PYMES'!I100:I102)/1000,0) -> 20640 | S78: Otros ingresos | X78: =ROUND(-SUM('HW PYMES'!M100:M102)/1000,0) -> 103439
B79: Otros gastos | G79: =ROUND(-SUM('HW PYMES'!E178:E183)/1000,0) -> -106187 | J79: Otros gastos | O79: =ROUND(-SUM('HW PYMES'!I178:I183)/1000,0) -> -132228 | S79: Otros gastos | X79: =ROUND(-SUM('HW PYMES'!M178:M183)/1000,0)+1 -> -58486
B80: Otros ingresos / (gastos) | G80: =SUM(G78:G79) -> 89328 | J80: Otros ingresos / (gastos) | O80: =SUM(O78:O79) -> -111588 | S80: Otros ingresos / (gastos) | X80: =SUM(X78:X79) -> 44953
B82: Utilidad o (pérdida) operacional | G82: =SUM(G75,G77,G80) -> -1563450 | J82: Utilidad o (pérdida) operacional | O82: =SUM(O75,O77,O80) -> -1645256 | S82: Utilidad o (pérdida) operacional | X82: =SUM(X75,X77,X80) -> 1394459
B84: Ingresos financieros | G84: =-ROUND(SUM('HW PYMES'!E97)/1000,0) -> 0 | J84: Ingresos financieros | O84: =-ROUND(SUM('HW PYMES'!I97)/1000,0) -> 2005 | S84: Ingresos financieros | X84: =-ROUND(SUM('HW PYMES'!M97)/1000,0) -> 14202
B85: Costos financieros | G85: =-ROUND(SUM('HW PYMES'!E173:E176)/1000,0) -> -760182 | J85: Costos financieros | O85: =-ROUND(SUM('HW PYMES'!I173:I176)/1000,0) -> -729418 | S85: Costos financieros | X85: =-ROUND(SUM('HW PYMES'!M173:M176)/1000,0) -> -777003
B86: Ingresos / (costos) financieros | G86: =SUM(G84:G85) -> -760182 | J86: Ingresos / (costos) financieros | O86: =SUM(O84:O85) -> -727413 | S86: Ingresos / (costos) financieros | X86: =SUM(X84:X85) -> -762801
B87: Diferencia en cambio, neta | G87: =-ESF_ERI_PYMES!H54-1 -> -120627 | J87: Diferencia en cambio, neta | O87: =-ESF_ERI_PYMES!G54 -> 31927 | S87: Diferencia en cambio, neta | X87: =-ESF_ERI_PYMES!F54 -> -122963
B89: Utilidad o (pérdida) antes de impuesto sobre la renta | G89: =SUM(G82,G86:G87) -> -2444259 | J89: Utilidad o (pérdida) antes de impuesto sobre la renta | O89: =SUM(O82,O86:O87) -> -2340742 | S89: Utilidad o (pérdida) antes de impuesto sobre la renta | X89: =SUM(X82,X86:X87) -> 508695
B91: Gasto por impuesto sobre la renta | G91: =-ESF_ERI_PYMES!H56 -> -154142 | J91: Gasto por impuesto sobre la renta | O91: =-ESF_ERI_PYMES!G56 -> -72817 | S91: Gasto por impuesto sobre la renta | X91: =-ESF_ERI_PYMES!F56 -> -25329
B93: Pérdida neta del año | G93: =G89+G91 -> -2598401 | J93: Pérdida neta del año | O93: =O89+O91 -> -2413559 | S93: Utilidad neta del año | X93: =X89+X91 -> 483366
N95: Diferencia | O95: =O57-G57-O93 -> 0 | W95: Diferencia | X95: =X57-O57-X93 -> 0
J97: EJEMPLO CORP
J98: ESTADO DE CAMBIOS EN EL PATRIMONIO
J99: (Cifras en miles de pesos colombianos - COP)
K101: Capital suscrito y pagado | L101: Anticipo recibido por acciones a emitir | M101: Resultados acumulados | N101: Total
J103: Saldo al 31 de diciembre de 2019 | K103: =G55 -> 27116625 | L103: =G56 -> 1692516 | M103: =SUM(G57:G58) -> -8908115 | N103: =SUM(K103:M103) -> 19901026 | O103: =N103-G60 -> 0
J104: - Traslado a capital | K104: =-L104 -> 1692334 | L104: =L107-L103 -> -1692334 | N104: =SUM(K104:M104) -> 0
J105: - Capitalización | K105: =K107-K104-K103 -> 3672800 | N105: =SUM(K105:M105) -> 3672800
J106: - Resultados del período | M106: =M107-M103 -> -2413559 | N106: =SUM(K106:M106) -> -2413559 | O106: =M106-O93 -> 0
J107: Saldo al 31 de diciembre de 2020 | K107: =O55 -> 32481759 | L107: =O56 -> 182 | M107: =SUM(O57:O58) -> -11321674 | N107: =SUM(K107:M107) -> 21160267 | O107: =N107-O60 -> 0
J108: - Traslado a capital | N108: =SUM(K108:M108) -> 0
J109: - Capitalización | N109: =SUM(K109:M109) -> 0
J110: - Resultados del período | M110: =M111-M107 -> 483366 | N110: =SUM(K110:M110) -> 483366 | O110: =M110-X93 -> 0
J111: Saldo al 31 de diciembre de 2021 | K111: =X55 -> 32481759 | L111: =X56 -> 182 | M111: =SUM(X57:X58) -> -10838308 | N111: =SUM(K111:M111) -> 21643633 | O111: =N111-X60 -> 0
K113: =K103+K104+K106-K107+K105 -> 0 | L113: =L103+L104+L106-L107+L105 -> 0 | M113: =M103+M104+M106-M107+M105 -> 0 | N113: =N103+N104+N106-N107+N105 -> 0
K114: =K107+K108+K110-K111+K109 -> 0 | L114: =L107+L108+L110-L111+L109 -> 0 | M114: =M107+M108+M110-M111+M109 -> 0 | N114: =N107+N108+N110-N111+N109 -> 0
J116: EJEMPLO CORP | S116: EJEMPLO CORP
J118: ESTADO DE FLUJO DE EFECTIVO | S118: ESTADO DE FLUJO DE EFECTIVO
J119: AL 31 DE DICIEMBRE DE 2020 | S119: AL 31 DE DICIEMBRE DE 2021
J120: (Cifras en miles de pesos colombianos - COP) | S120: (Cifras en miles de pesos colombianos - COP)
I123: Flujos de efectivo procedentes de (utilizados en) actividades de operación | R123: Flujos de efectivo procedentes de (utilizados en) actividades de operación
J124: Pérdida neta del año | O124: =O93 -> -2413559 | S124: Utilidad neta del año | X124: =X93 -> 483366
I125: Ajustes para conciliar la ganancia (pérdida) | R125: Ajustes para conciliar la ganancia (pérdida)
J126: Ajustes por gasto por impuestos a las ganancias | O126: 0 | S126: Ajustes por gasto por impuestos a las ganancias | X126: 0
J127: Ajustes por costos financieros | O127: =P33+30771 -> 41073 | S127: Ajustes por costos financieros | X127: =('Pas Finan'!F64/1000) -> 39989.009
J128: Ajustes por gastos de depreciación y amortización | O128: =-SUM(PPEQ!J16,PPEQ!N16,PPEQ!Q16) -> 1165162 | S128: Ajustes por gastos de depreciación y amortización | X128: =-SUM(PPEQ!J19,PPEQ!N19,PPEQ!Q19) -> 1242322
J129: Ajustes por deterioro de valor (reversiones de pérdidas por deterioro de valor) reconocidas en el resultado del periodo | O129: 0 | S129: Ajustes por deterioro de valor (reversiones de pérdidas por deterioro de valor) reconocidas en el resultado del periodo | X129: 0
J130: Ajustes por provisiones | O130: 0 | S130: Ajustes por provisiones | X130: 0
J131: Ajustes por pérdidas (ganancias) de moneda extranjera no realizadas | O131: 0 | S131: Ajustes por pérdidas (ganancias) de moneda extranjera no realizadas | X131: 0
J132: Ajustes por pagos basados en acciones | O132: 0 | S132: Ajustes por pagos basados en acciones | X132: 0
J133: Ajustes por pérdidas (ganancias) del valor razonable | O133: 0 | S133: Ajustes por pérdidas (ganancias) del valor razonable | X133: 0
J134: Ajustes por ganancias no distribuidas de asociadas | O134: 0 | S134: Ajustes por ganancias no distribuidas de asociadas | X134: 0
J135: Otros ajustes por partidas distintas al efectivo | O135: 0 | S135: Otros ajustes por partidas distintas al efectivo | X135: 0
J136: Ajustes por pérdidas (ganancias) por la disposición de activos no corrientes | O136: 0 | S136: Ajustes por pérdidas (ganancias) por la disposición de activos no corrientes | X136: -2733
J137: Otros ajustes para los que los efectos sobre el efectivo son flujos de efectivo de inversión o financiación | O137: 0 | S137: Otros ajustes para los que los efectos sobre el efectivo son flujos de efectivo de inversión o financiación | X137: 0
J138: Otros ajustes para conciliar la ganancia (pérdida) | O138: 0 | S138: Otros ajustes para conciliar la ganancia (pérdida) | X138: 0
I139: Ajustes en el capital de trabajo | R139: Ajustes en el capital de trabajo
J140: Disminución (incremento) de cuentas por cobrar de origen comercial | O140: =-(O12-G12) -> -1016679 | S140: Disminución (incremento) de cuentas por cobrar de origen comercial | X140: =-(X12-O12) -> 176525
J141: Disminuciones (incrementos) en otras cuentas por cobrar derivadas de las actividades de operación | O141: =-(O13-G13)-1 -> 75350 | S141: Disminuciones (incrementos) en otras cuentas por cobrar derivadas de las actividades de operación | X141: =-(X13-O13) -> -43329
...

Sheet EFE
A1: EJEMPLO CORP | L1: EJEMPLO CORP
A3: ESTADO DE FLUJO DE EFECTIVO | L3: ESTADO DE SITUACIÓN FINANCIERA
A4: AL 31 DE DICIEMBRE DE 2021 | Q4: 2021 | R4: 2020 | S4: Variación
A5: (Cifras en miles de pesos colombianos - COP) | L5: (Cifras en miles de pesos colombianos - COP)
A7: Flujos de efectivo procedentes de (utilizados en) actividades de operación | L7: ACTIVOS
B8: Utilidad neta del año | I8: =-S54 -> 483366
A9: Ajustes para conciliar la ganancia (pérdida) | L9: ACTIVOS CORRIENTES
B10: Ajustes por gasto por impuestos a las ganancias
B11: Ajustes por costos financieros | I11: =-W38 -> 39989.009 | L11: Efectivo y equivalentes al efectivo | Q11: ='EST FIN'!X11 -> 822622 | R11: ='EST FIN'!O11 -> 1107717 | S11: =Q11-R11 -> -285095
B12: Ajustes por gastos de depreciación y amortización | I12: =-W22-Z22-AC22+W30 -> 1242322.2 | L12: Cuentas comerciales por cobrar y otras cuentas por cobrar | Q12: ='EST FIN'!X12 -> 1789358 | R12: ='EST FIN'!O12 -> 1965883 | S12: =Q12-R12 -> -176525
B13: Ajustes por deterioro de valor (reversiones de pérdidas por deterioro de valor) reconocidas en el resultado del periodo | L13: Otras cuentas por cobrar | Q13: ='EST FIN'!X13 -> 425693 | R13: ='EST FIN'!O13 -> 382364 | S13: =Q13-R13 -> 43329
B14: Ajustes por provisiones | L14: Activos por impuestos corrientes | Q14: ='EST FIN'!X14 -> 295523 | R14: ='EST FIN'!O14 -> 362836 | S14: =Q14-R14 -> -67313
B15: Ajustes por pérdidas (ganancias) de moneda extranjera no realizadas | L15: Inventarios | Q15: ='EST FIN'!X15 -> 3118238 | R15: ='EST FIN'!O15 -> 817029 | S15: =Q15-R15 -> 2301209
B16: Ajustes por pagos basados en acciones
B17: Ajustes por pérdidas (ganancias) del valor razonable | L17: TOTAL ACTIVOS CORRIENTES | Q17: =SUM(Q11:Q15) -> 6451434 | R17: =SUM(R11:R15) -> 4635829
B18: Ajustes por ganancias no distribuidas de asociadas
B19: Otros ajustes por partidas distintas al efectivo | L19: ACTIVOS NO CORRIENTES
B20: Ajustes por pérdidas (ganancias) por la disposición de activos no corrientes | I20: =W31 -> -2733 | V20: Propiedades, planta y equipo | Y20: Activos por derecho de uso | AB20: Activos intangibles
B21: Otros ajustes para los que los efectos sobre el efectivo son flujos de efectivo de inversión o financiación | L21: Propiedades, planta y equipo | Q21: ='EST FIN'!X21 -> 29901815 | R21: ='EST FIN'!O21 -> 30348376 | S21: =Q21-R21 -> -446561 | V21: Saldo inicial | W21: =R21 -> 30348376 | Y21: Saldo inicial | Z21: =R22 -> 1208 | AB21: Saldo inicial | AC21: =R23 -> 508307
B22: Otros ajustes para conciliar la ganancia (pérdida) | L22: Activos por derecho de uso | Q22: ='EST FIN'!X22 -> 0 | R22: ='EST FIN'!O22 -> 1208 | S22: =Q22-R22 -> -1208 | V22: Depreciación | W22: =-'P, Pl y Eq 2021'!AG344/1000 -> -1206171.7 | Y22: Depreciación | Z22: =-(Arrendam!I65+Arrendam!I66)/1000 -> -1207.6061 | AB22: Amortización | AC22: =-'Int y Dif'!T66/1000 -> -33609.89
A23: Ajustes en el capital de trabajo | L23: Activos intangibles | Q23: ='EST FIN'!X23 -> 495801 | R23: ='EST FIN'!O23 -> 508307 | S23: =Q23-R23 -> -12506 | V23: Compras | W23: =+'P, Pl y Eq 2021'!AH344/1000 -> 759611.23 | Y23: Compras | Z23: 0 | AB23: Compras | AC23: =SUM('Int y Dif'!D60:D63)/1000 -> 21103.846
B24: Disminución (incremento) de cuentas por cobrar de origen comercial | I24: =-S12 -> 176525 | V24: Saldo final | W24: =Q21 -> 29901815 | Y24: Saldo final | Z24: =Q22 -> 0 | AB24: Saldo final | AC24: =Q23 -> 495801
B25: Disminuciones (incrementos) en otras cuentas por cobrar derivadas de las actividades de operación | I25: =-S13 -> -43329 | L25: TOTAL ACTIVOS NO CORRIENTES | Q25: =SUM(Q21:Q23) -> 30397616 | R25: =SUM(R21:R23) -> 30857891 | W25: =SUM(W21:W23)-W24 -> 0.49272 | Z25: =SUM(Z21:Z23)-Z24 -> 0.39389612 | AC25: =SUM(AC21:AC23)-AC24 -> -0.0438
B26: Disminuciones (incrementos) en los activos y pasivos por impuestos corrientes | I26: =-S14 -> 67313
B27: Disminuciones (incrementos) en los inventarios | I27: =-S15 -> -2301209 | L27: TOTAL DE ACTIVOS | Q27: =Q17+Q25 -> 36849050 | R27: =R17+R25 -> 35493720 | V27: Venta de propiedades, planta y equipo
B28: Incremento (disminución) de cuentas por pagar de origen comercial | I28: =-S35 -> 884294 | V28: Valor venta | W28: 21392
B29: Incrementos (disminuciones) en cuentas por pagar a partes relacionadas | I29: =-S36 -> -381405 | L29: PASIVOS | V29: Costo | W29: -19992
B30: Incrementos (disminuciones) en los pasivos por contratos | I30: =-S37 -> 401978 | V30: Depreciación | W30: 1333
A31: Total ajustes para conciliar la ganancia (pérdida) | I31: =SUM(I10:I30) -> 83745.238 | L31: PASIVOS CORRIENTES | V31: Utilidad | W31: -2733
A32: Flujos de efectivo netos procedentes (utilizados en) operaciones | I32: =SUM(I8,I31) -> 567111.24
B33: Dividendos pagados | L33: Obligaciones financieras corrientes | Q33: =-'EST FIN'!X33 -> -40392 | R33: =-'EST FIN'!O33 -> -63755 | S33: =Q33-R33 -> 23363 | V33: Obligaciones financieras | Y33: Pasivos por arrendamientos
B34: Dividendos recibidos | L34: Pasivos por arrendamientos | Q34: =-'EST FIN'!X34 -> 0 | R34: =-'EST FIN'!O34 -> -9540 | S34: =Q34-R34 -> 9540 | V34: Saldo inicial | W34: =R33 -> -63755 | Y34: Saldo inicial | Z34: =R34 -> -9540
B35: Intereses pagados | I35: =-W37-Z37 -> 710960.43 | L35: Cuentas comerciales por pagar y otras cuentas por pagar | Q35: =-'EST FIN'!X35 -> -2222593 | R35: =-'EST FIN'!O35 -> -1338299 | S35: =Q35-R35 -> -884294 | V35: Capital | W35: 0 | Y35: Capital | Z35: =Arrendam!C65/1000 -> 9539.6503
B36: Intereses recibidos | I36: =-'EST FIN'!X84 -> -14202 | L36: Cuentas por pagar a partes relacionadas corrientes | Q36: =-'EST FIN'!X36 -> -135782 | R36: =-'EST FIN'!O36 -> -517187 | S36: =Q36-R36 -> 381405 | V36: Intereses $ | W36: 773816 | Y36: Intereses $ | Z36: =Arrendam!E65/1000 -> 496.4277
B37: Impuestos a las ganancias reembolsados (pagados) | L37: Pasivos por contratos | Q37: =-'EST FIN'!X38 -> -1332132 | R37: =-'EST FIN'!O38 -> -930154 | S37: =Q37-R37 -> -401978 | V37: Resultado | W37: -710464 | Y37: Resultado | Z37: =-Z36 -> -496.4277
B38: Otras entradas (salidas) de efectivo | V38: Intereses No$ | W38: =-'Pas Finan'!F64/1000 -> -39989.009 | Y38: Intereses No$ | Z38: 0
A39: Flujos de efectivo netos procedentes de (utilizados en) actividades de operación | I39: =SUM(I32:I38) -> 1263869.7 | L39: TOTAL PASIVOS CORRIENTES | Q39: =SUM(Q33:Q37) -> -3730899 | R39: =SUM(R33:R37) -> -2858935 | V39: Saldo final | W39: =Q33 -> -40392 | Y39: Saldo final | Z39: =Q34 -> 0
A40: Flujos de efectivo procedentes de (utilizados en) actividades de inversión | W40: =SUM(W34:W38)-W39 -> -0.00855 | Z40: =SUM(Z34:Z38)-Z39 -> -0.34970417
B41: Flujos de efectivo procedentes de la pérdida de control de subsidiarias u otros negocios | L41: PASIVOS NO CORRIENTES
B42: Flujos de efectivo utilizados para obtener el control de subsidiarias u otros negocios
B43: Otros cobros por la venta de patrimonio o instrumentos de deuda de otras entidades | L43: Obligaciones financieras no corrientes | Q43: =-'EST FIN'!X44 -> -10878896 | R43: =-'EST FIN'!O44 -> -10878896 | S43: =Q43-R43 -> 0
B44: Otros pagos para adquirir patrimonio o instrumentos de deuda de otras entidades | L44: Pasivo por impuestos diferidos | Q44: =-'EST FIN'!X47 -> -595622 | R44: =-'EST FIN'!O47 -> -595622 | S44: =Q44-R44 -> 0
B45: Otros cobros por la venta de participaciones en negocios conjuntos
B46: Otros pagos para adquirir participaciones en negocios conjuntos | L46: TOTAL PASIVOS NO CORRIENTES | Q46: =SUM(Q43:Q44) -> -11474518 | R46: =SUM(R43:R44) -> -11474518
B47: Importes procedentes de la venta de propiedades, planta y equipo | I47: =W28 -> 21392
B48: Compras de propiedades, planta y equipo | I48: =-S21-S22+W22+Z22-W31-W30-W28 -> -779602.34 | L48: TOTAL DE PASIVOS | Q48: =SUM(Q46,Q39) -> -15205417 | R48: =SUM(R46,R39) -> -14333453
B49: Importes procedentes de ventas de activos intangibles
B50: Compras de activos intangibles | I50: =-S23+AC22 -> -21103.89 | L50: PATRIMONIO
B51: Recursos por ventas de otros activos a largo plazo
B52: Compras de otros activos a largo plazo | L52: Capital suscrito y pagado | Q52: =-'EST FIN'!X55 -> -32481759 | R52: =-'EST FIN'!O55 -> -32481759 | S52: =Q52-R52 -> 0
B53: Importes procedentes de subvenciones del gobierno | L53: Anticipo recibido por acciones a emitir | Q53: =-'EST FIN'!X56 -> -182 | R53: =-'EST FIN'!O56 -> -182 | S53: =Q53-R53 -> 0
B54: Anticipos de efectivo y préstamos concedidos a terceros | L54: Utilidades (Pérdidas) PCGA Anteriores | Q54: =-'EST FIN'!X57 -> 16160989 | R54: =-'EST FIN'!O57 -> 16644355 | S54: =Q54-R54 -> -483366
B55: Cobros procedentes del reembolso de anticipos y préstamos concedidos a terceros | L55: Utilidad (Pérdida) en Conversión a NIIF | Q55: =-'EST FIN'!X58 -> -5322681 | R55: =-'EST FIN'!O58 -> -5322681 | S55: =Q55-R55 -> 0
B56: Pagos en efectivo por contratos de futuros, contratos a término, contratos de opciones y contratos de permuta financiera
B57: Cobros en efectivo por contratos de futuros, contratos a término, contratos de opciones y contratos de permuta financiera | L57: PATRIMONIO TOTAL | Q57: =SUM(Q52:Q55) -> -21643633 | R57: =SUM(R52:R55) -> -21160267
B58: Dividendos recibidos
B59: Intereses pagados | L59: TOTAL DE PASIVOS Y PATRIMONIO | Q59: =SUM(Q57,Q48) -> -36849050 | R59: =SUM(R57,R48) -> -35493720
B60: Intereses recibidos | I60: =-I36 -> 14202
B61: Impuestos a las ganancias reembolsados (pagados) | Q61: =Q27+Q59 -> 0 | R61: =R27+R59 -> 0 | S61: =SUM(S5:S60) -> 0
B62: Otras entradas (salidas) de efectivo
A63: Flujos de efectivo netos procedentes de (utilizados en) actividades de inversión | I63: =SUM(I41:I62) -> -765112.23
A64: Flujos de efectivo procedentes de (utilizados en) actividades de financiación
B65: Recursos por cambios en las participaciones en la propiedad en subsidiarias que no dan lugar a la pérdida de control
B66: Pagos por cambios en las participaciones en la propiedad en subsidiarias que no dan lugar a la pérdida de control
B67: Importes procedentes de la emisión de acciones
B68: Importes procedentes de la emisión de otros instrumentos de patrimonio
B69: Pagos por adquirir o rescatar las acciones de la entidad
B70: Pagos por otras participaciones en el patrimonio
B71: Importes procedentes de préstamos
B72: Reembolsos de préstamos
B73: Pagos de pasivos por arrendamiento | I73: =-S34 -> -9540
B74: Importes procedentes de subvenciones del gobierno
B75: Dividendos pagados
B76: Intereses pagados | I76: =-W36-Z36 -> -774312.43
B77: Impuestos a las ganancias reembolsados (pagados)
B78: Otras entradas (salidas) de efectivo
A79: Flujos de efectivo netos procedentes de (utilizados en) actividades de financiación | I79: =SUM(I65:I78) -> -783852.43
A81: Incremento (disminución) neto de efectivo y equivalentes al efectivo, antes del efecto de los cambios en la tasa de cambio | I81: =SUM(I39,I63,I79) -> -285094.99
B82: Efectos de la variación en la tasa de cambio sobre el efectivo y equivalentes al efectivo | I82: 0
A83: Incremento (disminución) neto de efectivo y equivalentes al efectivo | I83: =SUM(I81:I82) -> -285094.99
A84: Efectivo y equivalentes al efectivo al principio del periodo | I84: =R11 -> 1107717
A85: Efectivo y equivalentes al efectivo al final del periodo | I85: =Q11 -> 822622
I86: =I85-I84 -> -285095
H87: Diferencia | I87: =I83-I86 -> 0.00855

Sheet Efect y Equiv
C1: NIIF Pymes | XFC1: Caja | XFD1: COP
A2: CUENTA | B2: DESCRIPCIÓN | C2: SALDO 31-DIC-2020 | D2: Validación | E2: Observaciones | F2: Validación 2 | XFC2: Cuenta ahorros | XFD2: USD
A3: 11051000 | B3: Caja menores | C3: 9496910.4 | D3: =SUMIF($A$10:$F$11,A3,$F$10:$F$11)-C3 -> 0 | E3: Confirmación Gerencia | F3: =C3-'HW PYMES'!I5 -> 0 | XFC3: Cuenta corriente | XFD3: EUR
A4: 11100502 | B4: BANCO BILBAO VIZ. ARGENTARIA- BBVA (COP) | C4: 66222067 | D4: =SUMIF($A$10:$F$11,A4,$F$10:$F$11)-C4 -> 0 | E4: Confirmación Gerencia | F4: =C4-'HW PYMES'!I6 -> 0 | XFD4: VEF
C5: =SUM(C3:C4) -> 75718977
B6: Diferencia | C6: =C5-F13 -> 0
A8: Cuenta | B8: Descripción cuenta | C8: Clase de Disponible | D8: Moneda | E8: Entidad Financiera | F8: Saldo NIIF | G8: Saldo Auxiliar | H8: ¿La Empresa lo puede convertir en menos de tres meses en efectivo? | J8: (a) ¿Este efectivo tiene destinación específica? | L8: Si (a) es "SI", cuál es la destinación? | M8: (b) ¿La Empresa lo tiene que utilizar para cancelar pasivos específicos? | O8: Si (b) es "SI", indicar: Plazo en meses de la restricción | P8: Si (b) es "SI", indicar: cuenta contable y saldo del pasivo relacionado | R8: (c) ¿El efectivo restringido se debe reclasificar como un Activo no corriente? | S8: Si (c) es "SI", indicar: Cuenta contable para reclasificación | T8: Si (c) es "SI", indicar: Saldo de reclasificación | U8: Diferencia por ajustar "Errores"
H9: SI | I9: NO | J9: SI | K9: NO | M9: SI | N9: NO | P9: Cuenta | Q9: Saldo pasivo
A10: 11051000 | B10: Caja menores | C10: Caja | D10: COP | F10: 9496910.4 | G10: 9496910.4 | H10: X | K10: X | N10: X | R10: =IF(O10="","",IF(O10>12,"SI","NO")) | U10: =G10-F10 -> 0
A11: 11100502 | B11: BANCO BILBAO VIZ. ARGENTARIA- BBVA (COP) | C11: Cuenta corriente | D11: COP | E11: BBVA | F11: 66222067 | G11: 66222067 | H11: X | K11: X | N11: X | R11: =IF(O11="","",IF(O11>12,"SI","NO")) | U11: =G11-F11 -> 0
F13: =SUM(F10:F12) -> 75718977 | G13: =SUM(G10:G12) -> 75718977
C16: NIIF PLENAS
A17: CUENTA | B17: DESCRIPCIÓN | C17: SALDO 31-DIC-2021 | D17: Validación | E17: Observaciones | F17: Validación 2
A18: 11051000 | B18: Caja menores | C18: 629979.18 | D18: =SUMIF($A$30:$G$36,A18,$G$30:$G$36)-C18 -> 2.2118911e-09 | E18: Confirmación Gerencia | F18: =C18-'HW PYMES'!M5 -> -1.8626451e-09
A19: 11100502 | B19: BANCO BILBAO VIZ. ARGENTARIA- BBVA (COP) | C19: 7.6375577e+08 | D19: =SUMIF($A$30:$G$36,A19,$G$30:$G$36)-C19 -> 0 | E19: Confirmación Gerencia | F19: =C19-'HW PYMES'!M6 -> 0
A20: 11200500 | B20: Cta.ahorro, bancos | C20: 1398097.1 | D20: =SUMIF($A$30:$G$36,A20,$G$30:$G$36)-C20 -> 0 | E20: Confirmación Gerencia | F20: =C20-'HW PYMES'!M7 -> -4.1909516e-09
A21: 11200501 | B21: Ctas. de ahorro, AV VILLAS | C21: 4357.74 | D21: =SUMIF($A$30:$G$36,A21,$G$30:$G$36)-C21 -> 0 | E21: Confirmación Gerencia | F21: =C21-'HW PYMES'!M8 -> 0
A22: 11200502 | B22: Ctas. de ahorro, AV VILLAS 2 | C22: 474695.38 | D22: =SUMIF($A$30:$G$36,A22,$G$30:$G$36)-C22 -> 0 | E22: Confirmación Gerencia | F22: =C22-'HW PYMES'!M9 -> 0
A23: 11200503 | B23: Ctas. de ahorro, AV VILLAS 3 | C23: 2197898.9 | D23: =SUMIF($A$30:$G$36,A23,$G$30:$G$36)-C23 -> 0 | E23: Confirmación Gerencia | F23: =C23-'HW PYMES'!M10 -> 0
A24: 11200504 | B24: Ctas. de ahorro, AV VILLAS 4 | C24: 1983409.3 | D24: =SUMIF($A$30:$G$36,A24,$G$30:$G$36)-C24 -> 0 | E24: Confirmación Gerencia | F24: =C24-'HW PYMES'!M11 -> 0
C25: =SUM(C18:C24) -> 7.7044421e+08
B26: Diferencia | C26: =C25-F38 -> 0
A28: Cuenta | B28: Descripción cuenta | C28: Clase de Disponible | D28: Moneda | E28: Entidad Financiera | F28: Saldo NIIF | G28: Saldo Auxiliar | H28: ¿La Empresa lo puede convertir en menos de tres meses en efectivo? | J28: (a) ¿Este efectivo tiene destinación específica? | L28: Si (a) es "SI", cuál es la destinación? | M28: (b) ¿La Empresa lo tiene que utilizar para cancelar pasivos específicos? | O28: Si (b) es "SI", indicar: Plazo en meses de la restricción | P28: Si (b) es "SI", indicar: cuenta contable y saldo del pasivo relacionado | R28: (c) ¿El efectivo restringido se debe reclasificar como un Activo no corriente? | S28: Si (c) es "SI", indicar: Cuenta contable para reclasificación | T28: Si (c) es "SI", indicar: Saldo de reclasificación | U28: Diferencia por ajustar "Errores"
H29: SI | I29: NO | J29: SI | K29: NO | M29: SI | N29: NO | P29: Cuenta | Q29: Saldo pasivo
A30: 11051000 | B30: Caja menores | C30: Caja | D30: COP | F30: 629979.18 | G30: 629979.18 | H30: X | K30: X | N30: X | R30: =IF(O30="","",IF(O30>12,"SI","NO")) | U30: =G30-F30 -> 2.2118911e-09
A31: 11100502 | B31: BANCO BILBAO VIZ. ARGENTARIA- BBVA (COP) | C31: Cuenta corriente | D31: COP | E31: BBVA | F31: 7.6375577e+08 | G31: 7.6375577e+08 | H31: X | K31: X | N31: X | R31: =IF(O31="","",IF(O31>12,"SI","NO")) | U31: =G31-F31 -> 0
A32: 11200500 | B32: Cta.ahorro, bancos | C32: Cuenta ahorros | D32: COP | E32: BANCOLOMBIA | F32: 1398097.1 | G32: 1398097.1 | H32: X | K32: X | N32: X | R32: =IF(O32="","",IF(O32>12,"SI","NO")) | U32: =G32-F32 -> 0
A33: 11200501 | B33: Ctas. de ahorro, AV VILLAS | C33: Cuenta ahorros | D33: COP | E33: AV VILLAS | F33: 4357.74 | G33: 4357.74 | H33: X | K33: X | N33: X | R33: =IF(O33="","",IF(O33>12,"SI","NO")) | U33: =G33-F33 -> 0
A34: 11200502 | B34: Ctas. de ahorro, AV VILLAS 2 | C34: Cuenta ahorros | D34: COP | E34: AV VILLAS | F34: 474695.38 | G34: 474695.38 | H34: X | K34: X | N34: X | R34: =IF(O34="","",IF(O34>12,"SI","NO")) | U34: =G34-F34 -> 0
A35: 11200503 | B35: Ctas. de ahorro, AV VILLAS 3 | C35: Cuenta ahorros | D35: COP | E35: AV VILLAS | F35: 2197898.9 | G35: 2197898.9 | H35: X | K35: X | N35: X | R35: =IF(O35="","",IF(O35>12,"SI","NO")) | U35: =G35-F35 -> 0
A36: 11200504 | B36: Ctas. de ahorro, AV VILLAS 4 | C36: Cuenta ahorros | D36: COP | E36: AV VILLAS | F36: 1983409.3 | G36: 1983409.3 | H36: X | K36: X | N36: X | R36: =IF(O36="","",IF(O36>12,"SI","NO")) | U36: =G36-F36 -> 0
F38: =SUM(F30:F37) -> 7.7044421e+08 | G38: =SUM(G30:G37) -> 7.7044421e+08

Sheet Act Fin
C1: NIIF Pymes | XFA1: Calcular flujos futuros a valor presente | XFB1: Método del costo | XFC1: Asegurar flujo de efectivo | XFD1: Acciones
A2: CUENTA | B2: DESCRIPCIÓN | C2: SALDO 31-DIC-2020 | D2: Validación | E2: Validación 2 | XFA2: Determinar valor del mercado (bolsa) | XFB2: Método del costo amortizado | XFC2: Mantener hasta el vencimiento | XFD2: CDT's
A3: 13801500 | B3: OTRS INVS.FIN - COST | C3: 1.0319984e+09 | D3: =SUMIF($A$10:$G$11,A3,$G$10:$G$11)-C3 -> 0 | E3: =C3-'HW PYMES'!I18 -> 0 | XFA3: Reclasificar y mantener al costo | XFB3: Método de participación | XFC3: Mantener para la venta | XFD3: Fiducias
C4: =SUM(C3:C3) -> 1.0319984e+09 | XFA4: Reclasificar y mantener al valor razonable | XFB4: Valor razonable | XFC4: Mantener por control
B5: Diferencia | C5: =C4-G12 -> 0 | XFC5: Mantener influencia significativa
A8: Cuenta | B8: Descripción cuenta | C8: Entidad emisora | D8: Clase de inversión | E8: Número de documento | F8: Intención de la Gerencia | G8: Saldo NIIF | H8: Saldo Extracto | I8: Fecha inicial (Título) | J8: Fecha de vencimiento o estimada de venta | K8: Plazo acordado (días) | L8: Presentación en EF | M8: Medición bajo NIIF | N8: Acción a ejecutar | O8: Diferencia por ajustar "Errores" | P8: Observaciones de la Gerencia
A10: 13801500 | B10: OTRS INVS.FIN - COST | C10: BBVA | D10: Fiducias | F10: Asegurar flujo de efectivo | G10: 1.0319984e+09 | H10: =406169.906214*2540.804609 -> 1.0319984e+09 | I10: 43812 | L10: Equivalente a efectivo | M10: Valor razonable | N10: Reclasificar y mantener al valor razonable | O10: =H10-G10 -> -0.004371047
G12: =SUM(G10:G11) -> 1.0319984e+09
XFA13: Calcular flujos futuros a valor presente
C14: NIIF PLENAS | XFA14: Determinar valor del mercado (bolsa) | XFB14: Método del costo | XFC14: Asegurar flujo de efectivo | XFD14: Acciones
A15: CUENTA | B15: DESCRIPCIÓN | C15: SALDO 31-DIC-2021 | D15: Validación | E15: Validación 2 | XFA15: Determinar valor intrínseco | XFB15: Método del costo amortizado | XFC15: Mantener hasta el vencimiento | XFD15: CDT's
A16: 13801500 | B16: Deudores varios, fondo de inversión | C16: 52177973 | D16: =SUMIF($A$23:$G$24,A16,$G$23:$G$24)-C16 -> 0 | E16: =C16-'HW PYMES'!M18 -> 0 | XFA16: Reclasificar y mantener al costo | XFB16: Método de participación | XFC16: Mantener para la venta | XFD16: Fiducias
C17: =SUM(C16:C16) -> 52177973 | XFA17: Reclasificar y mantener al valor razonable | XFB17: Valor razonable | XFC17: Mantener por control
B18: Diferencia | C18: =C17-G25 -> 0 | XFC18: Mantener influencia significativa
A21: Cuenta | B21: Descripción cuenta | C21: Entidad emisora | D21: Clase de inversión | E21: Número de documento | F21: Intención de la Gerencia | G21: Saldo NIIF | H21: Saldo Extracto | I21: Fecha inicial (Título) | J21: Fecha de vencimiento o estimada de venta | K21: Plazo acordado (días) | L21: Presentación en EF | M21: Medición bajo NIIF | N21: Acción a ejecutar | O21: Diferencia por ajustar "Errores" | P21: Observaciones de la Gerencia
A23: 13801500 | B23: Deudores varios, fondo de inversión | C23: BBVA | D23: Fiducias | F23: Asegurar flujo de efectivo | G23: 52177973 | H23: 52177973 | I23: 43812 | L23: Equivalente a efectivo | M23: Valor razonable | N23: Reclasificar y mantener al valor razonable | O23: =H23-G23 -> 0
G25: =SUM(G23:G24) -> 52177973

Sheet CXC y Otras
C1: NIIF Pymes | XFD1: Facturación venta bienes
A2: CUENTA | B2: DESCRIPCIÓN | C2: SALDO 31-DIC-2020 | D2: Validación | E2: Validación 2 | XFD2: Facturación prestación servicios
A3: 13050500 | B3: Deud.,client. nacion | C3: 1.9658829e+09 | D3: =SUMIF($A$10:$G$24,A3,$G$10:$G$24)-C3 -> 0 | E3: =C3-'HW PYMES'!I12 -> 0 | XFD3: Contrato de construcción
C4: =SUM(C3:C3) -> 1.9658829e+09 | XFD4: Préstamo a socios
B5: Diferencia | C5: =C4-G25 -> 0 | XFD5: Préstamo a terceros
N6: Días para cálculo de deterioro | XFD6: Otras cuentas por cobrar
L7: 44196 | N7: 30 | XFD7: Efectivo restringido
A8: Cuenta | B8: Descripción cuenta | C8: Nombre tercero | D8: NIT tercero | E8: Documento o factura | F8: Concepto cuenta por cobrar | G8: Saldo NIIF | H8: Saldo Auxiliar | I8: Fecha inicial (Documento o factura) | J8: Fecha de vencimiento | K8: Plazo acordado (días) | L8: Días en mora | M8: Medición bajo NIIF | N8: Deterioro de valor NIIF | O8: Diferencia por ajustar "Errores" | P8: Observaciones de la Gerencia | Q8: CHECK | XFD8: Retención de garantías
A10: 13050500 | B10: Deud.,client. Nacion | C10: AR | F10: Retención de garantías | G10: 87456162 | H10: 87456162 | I10: 43757 | J10: =I10+365 -> 44122 | K10: =IF(J10-I10<0,"Error",J10-I10) -> 365 | L10: =IF($L$7-J10<0,0,$L$7-J10) -> 74 | M10: =IF(L10="","",IF(K10>365,"Medir al costo amortizado","Dejar al valor nominal")) -> Dejar al valor nominal | N10: =IF(L10>$N$7,"Indicio de deterioro de valor","No presenta deterioro de valor") -> Indicio de deterioro de valor | O10: =H10-G10 -> 0 | P10: RETE GARANTÍAS (No hay indicio de deterioro) | Q10: (A)
A11: 13050500 | B11: Deud.,client. Nacion | C11: CC 1268 | F11: Otras cuentas por cobrar | G11: 59561.47 | H11: 59561.47 | I11: 44174 | J11: =I11+365 -> 44539 | K11: =IF(J11-I11<0,"Error",J11-I11) -> 365 | L11: =IF($L$7-J11<0,0,$L$7-J11) -> 0 | M11: =IF(L11="","",IF(K11>365,"Medir al costo amortizado","Dejar al valor nominal")) -> Dejar al valor nominal | N11: =IF(L11>$N$7,"Indicio de deterioro de valor","No presenta deterioro de valor") -> No presenta deterioro de valor | O11: =H11-G11 -> 0 | P11: SALDO FC 267 PENDIENTE CONFIRMAR RTE ICA MA
A12: 13050500 | B12: Deud.,client. Nacion | C12: CEPS | F12: Contrato de construcción | G12: 89390313 | H12: 89390313 | I12: 44182 | J12: =I12+90 -> 44272 | K12: =IF(J12-I12<0,"Error",J12-I12) -> 90 | L12: =IF($L$7-J12<0,0,$L$7-J12) -> 0 | M12: =IF(L12="","",IF(K12>365,"Medir al costo amortizado","Dejar al valor nominal")) -> Dejar al valor nominal | N12: =IF(L12>$N$7,"Indicio de deterioro de valor","No presenta deterioro de valor") -> No presenta deterioro de valor | O12: =H12-G12 -> 0 | P12: ACTA N3 OBRA 094-2019
A13: 13050500 | B13: Deud.,client. Nacion | C13: CEPS | F13: Retención de garantías | G13: 2.0686497e+08 | H13: 2.0686497e+08 | I13: 44080 | J13: =I13+365 -> 44445 | K13: =IF(J13-I13<0,"Error",J13-I13) -> 365 | L13: =IF($L$7-J13<0,0,$L$7-J13) -> 0 | M13: =IF(L13="","",IF(K13>365,"Medir al costo amortizado","Dejar al valor nominal")) -> Dejar al valor nominal | N13: =IF(L13>$N$7,"Indicio de deterioro de valor","No presenta deterioro de valor") -> No presenta deterioro de valor | O13: =H13-G13 -> 0 | P13: RETE GARANTÍAS | Q13: (A)
A14: 13050500 | B14: Deud.,client. Nacion | C14: CM1 | F14: Contrato de construcción | G14: 7.7605876e+08 | H14: 7.7605876e+08 | I14: 44135 | J14: =I14+90 -> 44225 | K14: =IF(J14-I14<0,"Error",J14-I14) -> 90 | L14: =IF($L$7-J14<0,0,$L$7-J14) -> 0 | M14: =IF(L14="","",IF(K14>365,"Medir al costo amortizado","Dejar al valor nominal")) -> Dejar al valor nominal | N14: =IF(L14>$N$7,"Indicio de deterioro de valor","No presenta deterioro de valor") -> No presenta deterioro de valor | O14: =H14-G14 -> 0 | P14: ACTA DE OBRA # 12 (20 DE OCT) / ACTA DE OBRA # 13 (20 DE NOV)
A15: 13050500 | B15: Deud.,client. Nacion | C15: CM1 | F15: Retención de garantías | G15: 1.8340446e+08 | H15: 1.8340446e+08 | I15: 43869 | J15: =I15+365 -> 44234 | K15: =IF(J15-I15<0,"Error",J15-I15) -> 365 | L15: =IF($L$7-J15<0,0,$L$7-J15) -> 0 | M15: =IF(L15="","",IF(K15>365,"Medir al costo amortizado","Dejar al valor nominal")) -> Dejar al valor nominal | N15: =IF(L15>$N$7,"Indicio de deterioro de valor","No presenta deterioro de valor") -> No presenta deterioro de valor | O15: =H15-G15 -> 0 | P15: RETE GARANTÍAS | Q15: (A)
A16: 13050500 | B16: Deud.,client. Nacion | C16: CORM | F16: Retención de garantías | G16: 2.5570615e+08 | H16: 2.5570615e+08 | I16: 43586 | J16: =I16+365 -> 43951 | K16: =IF(J16-I16<0,"Error",J16-I16) -> 365 | L16: =IF($L$7-J16<0,0,$L$7-J16) -> 245 | M16: =IF(L16="","",IF(K16>365,"Medir al costo amortizado","Dejar al valor nominal")) -> Dejar al valor nominal | N16: =IF(L16>$N$7,"Indicio de deterioro de valor","No presenta deterioro de valor") -> Indicio de deterioro de valor | O16: =H16-G16 -> 0 | P16: RETE GARANTÍAS (No hay indicio de deterioro) | Q16: (A)
A17: 13050500 | B17: Deud.,client. Nacion | C17: CR40 | F17: Retención de garantías | G17: 74708180 | H17: 74708180 | I17: 43778 | J17: =I17+365 -> 44143 | K17: =IF(J17-I17<0,"Error",J17-I17) -> 365 | L17: =IF($L$7-J17<0,0,$L$7-J17) -> 53 | M17: =IF(L17="","",IF(K17>365,"Medir al costo amortizado","Dejar al valor nominal")) -> Dejar al valor nominal | N17: =IF(L17>$N$7,"Indicio de deterioro de valor","No presenta deterioro de valor") -> Indicio de deterioro de valor | O17: =H17-G17 -> 0 | P17: RETE GARANTÍAS (No hay indicio de deterioro) | Q17: (A)
A18: 13050500 | B18: Deud.,client. Nacion | C18: CS | F18: Contrato de construcción | G18: 24647608 | H18: 24647608 | I18: 44091 | J18: =I18+90 -> 44181 | K18: =IF(J18-I18<0,"Error",J18-I18) -> 90 | L18: =IF($L$7-J18<0,0,$L$7-J18) -> 15 | M18: =IF(L18="","",IF(K18>365,"Medir al costo amortizado","Dejar al valor nominal")) -> Dejar al valor nominal | N18: =IF(L18>$N$7,"Indicio de deterioro de valor","No presenta deterioro de valor") -> No presenta deterioro de valor | O18: =H18-G18 -> 0 | P18: SUMINISTRO DE PRE
A19: 13050500 | B19: Deud.,client. Nacion | C19: CS | F19: Retención de garantías | G19: 12233603 | H19: 12233603 | I19: 44196 | J19: =I19+365 -> 44561 | K19: =IF(J19-I19<0,"Error",J19-I19) -> 365 | L19: =IF($L$7-J19<0,0,$L$7-J19) -> 0 | M19: =IF(L19="","",IF(K19>365,"Medir al costo amortizado","Dejar al valor nominal")) -> Dejar al valor nominal | N19: =IF(L19>$N$7,"Indicio de deterioro de valor","No presenta deterioro de valor") -> No presenta deterioro de valor | O19: =H19-G19 -> 0 | P19: RETE GARANTÍAS | Q19: (A)
A20: 13050500 | B20: Deud.,client. Nacion | C20: IMA | F20: Retención de garantías | G20: 40621552 | H20: 40621552 | I20: 44196 | J20: =I20+365 -> 44561 | K20: =IF(J20-I20<0,"Error",J20-I20) -> 365 | L20: =IF($L$7-J20<0,0,$L$7-J20) -> 0 | M20: =IF(L20="","",IF(K20>365,"Medir al costo amortizado","Dejar al valor nominal")) -> Dejar al valor nominal | N20: =IF(L20>$N$7,"Indicio de deterioro de valor","No presenta deterioro de valor") -> No presenta deterioro de valor | O20: =H20-G20 -> 0 | P20: RETE GARANTÍAS | Q20: (A)
A21: 13050500 | B21: Deud.,client. Nacion | C21: JC | F21: Retención de garantías | G21: 52053651 | H21: 52053651 | I21: 44013 | J21: =I21+365 -> 44378 | K21: =IF(J21-I21<0,"Error",J21-I21) -> 365 | L21: =IF($L$7-J21<0,0,$L$7-J21) -> 0 | M21: =IF(L21="","",IF(K21>365,"Medir al costo amortizado","Dejar al valor nominal")) -> Dejar al valor nominal | N21: =IF(L21>$N$7,"Indicio de deterioro de valor","No presenta deterioro de valor") -> No presenta deterioro de valor | O21: =H21-G21 -> 0 | P21: RETE GARANTÍAS | Q21: (A)
A22: 13050500 | B22: Deud.,client. Nacion | C22: LLCPC | F22: Contrato de construcción | G22: 1.3925861e+08 | H22: 1.3925861e+08 | I22: 44174 | J22: =I22+90 -> 44264 | K22: =IF(J22-I22<0,"Error",J22-I22) -> 90 | L22: =IF($L$7-J22<0,0,$L$7-J22) -> 0 | M22: =IF(L22="","",IF(K22>365,"Medir al costo amortizado","Dejar al valor nominal")) -> Dejar al valor nominal | N22: =IF(L22>$N$7,"Indicio de deterioro de valor","No presenta deterioro de valor") -> No presenta deterioro de valor | O22: =H22-G22 -> 0 | P22: PANELES HORIZONTALES
A23: 13050500 | B23: Deud.,client. Nacion | C23: LLCPC | F23: Retención de garantías | G23: 23419306 | H23: 23419306 | I23: 44162 | J23: =I23+365 -> 44527 | K23: =IF(J23-I23<0,"Error",J23-I23) -> 365 | L23: =IF($L$7-J23<0,0,$L$7-J23) -> 0 | M23: =IF(L23="","",IF(K23>365,"Medir al costo amortizado","Dejar al valor nominal")) -> Dejar al valor nominal | N23: =IF(L23>$N$7,"Indicio de deterioro de valor","No presenta deterioro de valor") -> No presenta deterioro de valor | O23: =H23-G23 -> 0 | P23: RETE GARANTÍAS | Q23: (A)
G25: =SUM(G10:G24) -> 1.9658829e+09
A27: (A) Por efectos de contratación, el pago de la retegarantía se dará a la terminación del contrato o finalización del proyecto.
C37: NIIF PLENAS | XFD37: Facturación venta bienes
A38: CUENTA | B38: DESCRIPCIÓN | C38: SALDO 31-DIC-2021 | D38: Validación | E38: Validación 2 | XFD38: Facturación prestación servicios
A39: 13050500 | B39: Deud.,client. nacion | C39: 1.7893585e+09 | D39: =SUMIF($A$46:$H$65,A39,$H$46:$H$65)-C39 -> -0.49999976 | E39: =C39-'HW PYMES'!M12 -> 0 | XFD39: Contrato de construcción
C40: =SUM(C39:C39) -> 1.7893585e+09 | XFD40: Préstamo a socios
B41: Diferencia | C41: =C40-G66 -> 0.49999976 | XFD41: Préstamo a terceros
N42: Días para cálculo de deterioro | XFD42: Otras cuentas por cobrar
L43: 44196 | N43: 30 | XFD43: Efectivo restringido
A44: Cuenta | B44: Descripción cuenta | C44: Nombre tercero | D44: NIT tercero | E44: Documento o factura | F44: Concepto cuenta por cobrar | G44: Saldo NIIF | H44: Saldo Auxiliar | I44: Fecha inicial (Documento o factura) | J44: Fecha de vencimiento | K44: Plazo acordado (días) | L44: Días en mora | M44: Medición bajo NIIF | N44: Deterioro de valor NIIF | O44: Diferencia por ajustar "Errores" | P44: Observaciones de la Gerencia | Q44: CHECK | XFD44: Retención de garantías
A46: 13050500 | B46: Deud.,client. nacion | C46: AGB | F46: Contrato de construcción | G46: 2404087.5 | H46: 2404087.5 | I46: 44172 | J46: 44179 | K46: =IF(J46-I46<0,"Error",J46-I46) -> 7 | L46: =IF($L$43-J46<0,0,$L$43-J46) -> 17 | M46: =IF(L46="","",IF(K46>365,"Medir al costo amortizado","Dejar al valor nominal")) -> Dejar al valor nominal | N46: =IF(L46>$N$7,"Indicio de deterioro de valor","No presenta deterioro de valor") -> No presenta deterioro de valor | O46: =H46-G46 -> 0
A47: 13050500 | B47: Deud.,client. nacion | C47: AGB | F47: Retención de garantías | G47: 23708948 | H47: 23708948 | I47: 44172 | J47: 44202 | K47: =IF(J47-I47<0,"Error",J47-I47) -> 30 | L47: =IF($L$43-J47<0,0,$L$43-J47) -> 0 | M47: =IF(L47="","",IF(K47>365,"Medir al costo amortizado","Dejar al valor nominal")) -> Dejar al valor nominal | N47: =IF(L47>$N$7,"Indicio de deterioro de valor","No presenta deterioro de valor") -> No presenta deterioro de valor | O47: =H47-G47 -> 0 | P47: RETE GARANTÍAS (No hay indicio de deterioro) | Q47: (A)
A48: 13050500 | B48: Deud.,client. nacion | C48: AR | F48: Retención de garantías | G48: 25680562 | H48: 25680562 | I48: 44088 | J48: 44196 | K48: =IF(J48-I48<0,"Error",J48-I48) -> 108 | L48: =IF($L$43-J48<0,0,$L$43-J48) -> 0 | M48: =IF(L48="","",IF(K48>365,"Medir al costo amortizado","Dejar al valor nominal")) -> Dejar al valor nominal | N48: =IF(L48>$N$7,"Indicio de deterioro de valor","No presenta deterioro de valor") -> No presenta deterioro de valor | O48: =H48-G48 -> 0 | P48: RETE GARANTÍAS (No hay indicio de deterioro) | Q48: (A)
A49: 13050500 | B49: Deud.,client. nacion | C49: CCS | F49: Contrato de construcción | G49: 10583293 | H49: 10583293 | I49: 44131 | J49: 44131 | K49: =IF(J49-I49<0,"Error",J49-I49) -> 0 | L49: =IF($L$43-J49<0,0,$L$43-J49) -> 65 | M49: =IF(L49="","",IF(K49>365,"Medir al costo amortizado","Dejar al valor nominal")) -> Dejar al valor nominal | N49: =IF(L49>$N$7,"Indicio de deterioro de valor","No presenta deterioro de valor") -> Indicio de deterioro de valor | O49: =H49-G49 -> 0 | P49: Facturas pagadas en febrero de 2021
A50: 13050500 | B50: Deud.,client. nacion | C50: CCU | F50: Contrato de construcción | G50: 134575.44 | H50: 134575.44 | I50: 44196 | J50: 44218 | K50: =IF(J50-I50<0,"Error",J50-I50) -> 22 | L50: =IF($L$43-J50<0,0,$L$43-J50) -> 0 | M50: =IF(L50="","",IF(K50>365,"Medir al costo amortizado","Dejar al valor nominal")) -> Dejar al valor nominal | N50: =IF(L50>$N$7,"Indicio de deterioro de valor","No presenta deterioro de valor") -> No presenta deterioro de valor | O50: =H50-G50 -> 0
A51: 13050500 | B51: Deud.,client. nacion | C51: CCA | F51: Contrato de construcción | G51: 8494369 | H51: 8494369 | I51: 44179 | J51: 44209 | K51: =IF(J51-I51<0,"Error",J51-I51) -> 30 | L51: =IF($L$43-J51<0,0,$L$43-J51) -> 0 | M51: =IF(L51="","",IF(K51>365,"Medir al costo amortizado","Dejar al valor nominal")) -> Dejar al valor nominal | N51: =IF(L51>$N$7,"Indicio de deterioro de valor","No presenta deterioro de valor") -> No presenta deterioro de valor | O51: =H51-G51 -> 0
A52: 13050500 | B52: Deud.,client. nacion | C52: CEPS | F52: Contrato de construcción | G52: 14406921 | H52: 14406921 | I52: 44174 | J52: 44204 | K52: =IF(J52-I52<0,"Error",J52-I52) -> 30 | L52: =IF($L$43-J52<0,0,$L$43-J52) -> 0 | M52: =IF(L52="","",IF(K52>365,"Medir al costo amortizado","Dejar al valor nominal")) -> Dejar al valor nominal | N52: =IF(L52>$N$7,"Indicio de deterioro de valor","No presenta deterioro de valor") -> No presenta deterioro de valor | O52: =H52-G52 -> 0
A53: 13050500 | B53: Deud.,client. nacion | C53: CEPS | F53: Retención de garantías | G53: 3.2381818e+08 | H53: 3.2381818e+08 | I53: 43714 | J53: 44196 | K53: =IF(J53-I53<0,"Error",J53-I53) -> 482 | L53: =IF($L$43-J53<0,0,$L$43-J53) -> 0 | M53: =IF(L53="","",IF(K53>365,"Medir al costo amortizado","Dejar al valor nominal")) -> Medir al costo amortizado | N53: =IF(L53>$N$7,"Indicio de deterioro de valor","No presenta deterioro de valor") -> No presenta deterioro de valor | O53: =H53-G53 -> 0 | P53: RETE GARANTÍAS (No hay indicio de deterioro) | Q53: (A)
A54: 13050500 | B54: Deud.,client. nacion | C54: CM1 | F54: Contrato de construcción | G54: 7.9316989e+08 | H54: 7.9316989e+08 | I54: 44180 | J54: 44190 | K54: =IF(J54-I54<0,"Error",J54-I54) -> 10 | L54: =IF($L$43-J54<0,0,$L$43-J54) -> 6 | M54: =IF(L54="","",IF(K54>365,"Medir al costo amortizado","Dejar al valor nominal")) -> Dejar al valor nominal | N54: =IF(L54>$N$7,"Indicio de deterioro de valor","No presenta deterioro de valor") -> No presenta deterioro de valor | O54: =H54-G54 -> 0
A55: 13050500 | B55: Deud.,client. nacion | C55: CM1 | F55: Retención de garantías | G55: 4.5053137e+08 | H55: 4.5053137e+08 | I55: 43504 | J55: 44196 | K55: =IF(J55-I55<0,"Error",J55-I55) -> 692 | L55: =IF($L$43-J55<0,0,$L$43-J55) -> 0 | M55: =IF(L55="","",IF(K55>365,"Medir al costo amortizado","Dejar al valor nominal")) -> Medir al costo amortizado | N55: =IF(L55>$N$7,"Indicio de deterioro de valor","No presenta deterioro de valor") -> No presenta deterioro de valor | O55: =H55-G55 -> 0 | P55: RETE GARANTÍAS (No hay indicio de deterioro) | Q55: (A)
A56: 13050500 | B56: Deud.,client. nacion | C56: COJAM | F56: Contrato de construcción | G56: 26381102 | H56: 26381102 | I56: 44176 | J56: 44191 | K56: =IF(J56-I56<0,"Error",J56-I56) -> 15 | L56: =IF($L$43-J56<0,0,$L$43-J56) -> 5 | M56: =IF(L56="","",IF(K56>365,"Medir al costo amortizado","Dejar al valor nominal")) -> Dejar al valor nominal | N56: =IF(L56>$N$7,"Indicio de deterioro de valor","No presenta deterioro de valor") -> No presenta deterioro de valor | O56: =H56-G56 -> 0
A57: 13050500 | B57: Deud.,client. nacion | C57: COJAM | F57: Retención de garantías | G57: 24095069 | H57: 24095069 | I57: 44075 | J57: 44196 | K57: =IF(J57-I57<0,"Error",J57-I57) -> 121 | L57: =IF($L$43-J57<0,0,$L$43-J57) -> 0 | M57: =IF(L57="","",IF(K57>365,"Medir al costo amortizado","Dejar al valor nominal")) -> Dejar al valor nominal | N57: =IF(L57>$N$7,"Indicio de deterioro de valor","No presenta deterioro de valor") -> No presenta deterioro de valor | O57: =H57-G57 -> 0 | P57: RETE GARANTÍAS (No hay indicio de deterioro) | Q57: (A)
A58: 13050500 | B58: Deud.,client. nacion | C58: CRZ | F58: Contrato de construcción | G58: 247836.46 | H58: 247836.46 | I58: 44181 | J58: 44211 | K58: =IF(J58-I58<0,"Error",J58-I58) -> 30 | L58: =IF($L$43-J58<0,0,$L$43-J58) -> 0 | M58: =IF(L58="","",IF(K58>365,"Medir al costo amortizado","Dejar al valor nominal")) -> Dejar al valor nominal | N58: =IF(L58>$N$7,"Indicio de deterioro de valor","No presenta deterioro de valor") -> No presenta deterioro de valor | O58: =H58-G58 -> 0
A59: 13050500 | B59: Deud.,client. nacion | C59: CR40 | F59: Retención de garantías | G59: 17941109 | H59: 17941109 | I59: 43595 | J59: 44196 | K59: =IF(J59-I59<0,"Error",J59-I59) -> 601 | L59: =IF($L$43-J59<0,0,$L$43-J59) -> 0 | M59: =IF(L59="","",IF(K59>365,"Medir al costo amortizado","Dejar al valor nominal")) -> Medir al costo amortizado | N59: =IF(L59>$N$7,"Indicio de deterioro de valor","No presenta deterioro de valor") -> No presenta deterioro de valor | O59: =H59-G59 -> 0 | P59: RETE GARANTÍAS (No hay indicio de deterioro) | Q59: (A)
A60: 13050500 | B60: Deud.,client. nacion | C60: CCLPT | F60: Contrato de construcción | G60: 3761256.9 | H60: 3761256.9 | I60: 43854 | J60: 43914 | K60: =IF(J60-I60<0,"Error",J60-I60) -> 60 | L60: =IF($L$43-J60<0,0,$L$43-J60) -> 282 | M60: =IF(L60="","",IF(K60>365,"Medir al costo amortizado","Dejar al valor nominal")) -> Dejar al valor nominal | N60: =IF(L60>$N$7,"Indicio de deterioro de valor","No presenta deterioro de valor") -> Indicio de deterioro de valor | O60: =H60-G60 -> 0 | P60: Demoras proceso documental - Cliente reconoce deuda y pago (No hay indicio de deterioro)
A61: 13050500 | B61: Deud.,client. nacion | C61: IIC | F61: Contrato de construcción | G61: 3543999.9 | H61: 3543999.9 | I61: 44139 | J61: 44169 | K61: =IF(J61-I61<0,"Error",J61-I61) -> 30 | L61: =IF($L$43-J61<0,0,$L$43-J61) -> 27 | M61: =IF(L61="","",IF(K61>365,"Medir al costo amortizado","Dejar al valor nominal")) -> Dejar al valor nominal | N61: =IF(L61>$N$7,"Indicio de deterioro de valor","No presenta deterioro de valor") -> No presenta deterioro de valor | O61: =H61-G61 -> 0
A62: 13050500 | B62: Deud.,client. nacion | C62: LLCPC | F62: Contrato de construcción | G62: 30792099 | H62: 30792099 | I62: 44152 | J62: 44182 | K62: =IF(J62-I62<0,"Error",J62-I62) -> 30 | L62: =IF($L$43-J62<0,0,$L$43-J62) -> 14 | M62: =IF(L62="","",IF(K62>365,"Medir al costo amortizado","Dejar al valor nominal")) -> Dejar al valor nominal | N62: =IF(L62>$N$7,"Indicio de deterioro de valor","No presenta deterioro de valor") -> No presenta deterioro de valor | O62: =H62-G62 -> 0
A63: 13050500 | B63: Deud.,client. nacion | C63: LLCPC | F63: Retención de garantías | G63: 23419306 | H63: 23419306 | I63: 43796 | J63: 44196 | K63: =IF(J63-I63<0,"Error",J63-I63) -> 400 | L63: =IF($L$43-J63<0,0,$L$43-J63) -> 0 | M63: =IF(L63="","",IF(K63>365,"Medir al costo amortizado","Dejar al valor nominal")) -> Medir al costo amortizado | N63: =IF(L63>$N$7,"Indicio de deterioro de valor","No presenta deterioro de valor") -> No presenta deterioro de valor | O63: =H63-G63 -> 0 | P63: RETE GARANTÍAS (No hay indicio de deterioro) | Q63: (A)
A64: 13050500 | B64: Deud.,client. nacion | C64: MCSS | F64: Contrato de construcción | G64: 6244515.5 | H64: 6244515.5 | I64: 44085 | J64: 44115 | K64: =IF(J64-I64<0,"Error",J64-I64) -> 30 | L64: =IF($L$43-J64<0,0,$L$43-J64) -> 81 | M64: =IF(L64="","",IF(K64>365,"Medir al costo amortizado","Dejar al valor nominal")) -> Dejar al valor nominal | N64: =IF(L64>$N$7,"Indicio de deterioro de valor","No presenta deterioro de valor") -> Indicio de deterioro de valor | O64: =H64-G64 -> 0 | P64: Facturas pagadas en enero de 2021
G66: =SUM(G46:G65) -> 1.7893585e+09
A68: (A) Por efectos de contratación, el pago de la retegarantía se dará a la terminación del contrato o finalización del proyecto.

Sheet Ant y Avan
C1: NIIF Pymes | XFD1: Para compra de inventario
A2: CUENTA | B2: DESCRIPCIÓN | C2: SALDO 31-DIC-2021 | D2: Validación | E2: Validación 2 | F2: Observaciones | XFD2: Para compra de activos fijos
A3: 13300500 | B3: Antic./avan. a prov. | C3: 29798151 | D3: =SUMIF($A$8:$H$16,A3,$H$8:$H$16)-C3 -> 0 | E3: =C3-'HW PYMES'!M13 -> 0 | F3: Confirmación Gerencia | XFD3: Para compra de intangibles
A4: 13301500 | B4: Antic./avan. a trab. | C4: 1226278 | D4: =SUMIF($A$8:$H$16,A4,$H$8:$H$16)-C4 -> 0 | E4: =C4-'HW PYMES'!M14 -> 0 | F4: Confirmación Gerencia | XFD4: Constituye una cuenta por cobrar
C5: =SUM(C3:C4) -> 31024429 | XFD5: Servicio pagado por anticipado
B6: Diferencia | C6: =C5-H17 -> 0 | XFD6: Otros conceptos
XFD7: Costo o gasto - Resultados
A8: Cuenta | B8: Descripción cuenta | C8: Nombre tercero | D8: NIT tercero | E8: Documento o factura | F8: Fecha inicial (Documento o factura) | G8: Concepto del anticipo (a) | H8: Saldo NIIF | I8: Saldo Auxiliar | J8: Si (a) es un servicio, indicar el % de avance | K8: Inventario | L8: Activos fijos | M8: Intangibles | N8: Cuenta por cobrar | O8: Otros conceptos "Seguir análisis" | P8: Gasto pagado por anticipado | Q8: Resultados "Gasto" | R8: Diferencia por ajustar "Errores" | S8: Observaciones de la Gerencia | T8: Revisión Contable | XFD8: Ganancias acumuladas
A10: 13300500 | B10: Antic./avan. a prov. | C10: SEGUROS ABC | E10: 0L-RCG11-9795481 | F10: 44546 | G10: Servicio pagado por anticipado | H10: 7650000 | I10: 7650000 | K10: =IF(G10="Para compra de inventario",I10,0) -> 0 | L10: =IF(G10="Para compra de activos fijos",I10,0) -> 0 | M10: =IF(G10="Para compra de intangibles",I10,0) -> 0 | N10: =IF(G10="Constituye una cuenta por cobrar",I10,0) -> 0 | O10: =IF(G10="Otros conceptos",I10,0) -> 0 | P10: =IF(G10="Servicio pagado por anticipado",I10-(I10*J10),0) -> 7650000 | Q10: =IF(OR(G10="Ganancias acumuladas",I10*J10>0),I10-SUM(K10:P10),0) -> 0 | R10: =I10-H10 -> 0 | S10: SALDO ANTICIPO POLIZA RESPONSABILIDAD CIVIL | T10: EVALUAR MATERIALIDAD - GPXANT
A11: 13300500 | B11: Antic./avan. a prov. | C11: SEGUROS ABC | E11: 0M-CPL12-2828771 | F11: 44546 | G11: Servicio pagado por anticipado | H11: 11097377 | I11: 11097377 | K11: =IF(G11="Para compra de inventario",I11,0) -> 0 | L11: =IF(G11="Para compra de activos fijos",I11,0) -> 0 | M11: =IF(G11="Para compra de intangibles",I11,0) -> 0 | N11: =IF(G11="Constituye una cuenta por cobrar",I11,0) -> 0 | O11: =IF(G11="Otros conceptos",I11,0) -> 0 | P11: =IF(G11="Servicio pagado por anticipado",I11-(I11*J11),0) -> 11097377 | Q11: =IF(OR(G11="Ganancias acumuladas",I11*J11>0),I11-SUM(K11:P11),0) -> 0 | R11: =I11-H11 -> 0 | S11: SALDO ANTICIPO POLIZA EQUIPO Y MAQUINARIA | T11: EVALUAR MATERIALIDAD - GPXANT
A12: 13300500 | B12: Antic./avan. a prov. | C12: SEGUROS ABC | E12: 0Z-MPL11-4113471 | F12: 44546 | G12: Servicio pagado por anticipado | H12: 11050774 | I12: 11050774 | K12: =IF(G12="Para compra de inventario",I12,0) -> 0 | L12: =IF(G12="Para compra de activos fijos",I12,0) -> 0 | M12: =IF(G12="Para compra de intangibles",I12,0) -> 0 | N12: =IF(G12="Constituye una cuenta por cobrar",I12,0) -> 0 | O12: =IF(G12="Otros conceptos",I12,0) -> 0 | P12: =IF(G12="Servicio pagado por anticipado",I12-(I12*J12),0) -> 11050774 | Q12: =IF(OR(G12="Ganancias acumuladas",I12*J12>0),I12-SUM(K12:P12),0) -> 0 | R12: =I12-H12 -> 0 | S12: SALDO ANTICIPO POLIZA TODO RIESGO DAÑO MATERIAL | T12: EVALUAR MATERIALIDAD - GPXANT
A14: 13301500 | B14: Antic./avan. a trab. | C14: EMPLEADO | E14: 6400001262 | F14: 44527 | G14: Constituye una cuenta por cobrar | H14: 750000 | I14: 750000 | K14: =IF(G14="Para compra de inventario",I14,0) -> 0 | L14: =IF(G14="Para compra de activos fijos",I14,0) -> 0 | M14: =IF(G14="Para compra de intangibles",I14,0) -> 0 | N14: =IF(G14="Constituye una cuenta por cobrar",I14,0) -> 750000 | O14: =IF(G14="Otros conceptos",I14,0) -> 0 | P14: =IF(G14="Servicio pagado por anticipado",I14-(I14*J14),0) -> 0 | Q14: =IF(OR(G14="Ganancias acumuladas",I14*J14>0),I14-SUM(K14:P14),0) -> 0 | R14: =I14-H14 -> 0 | S14: PAGO VIATICOS | T14: ANTICIPOS LEGALIZADOS EN ENE-22
A15: 13301500 | B15: Antic./avan. a trab. | C15: EMPLEADO | E15: 6400001521 | F15: 44561 | G15: Constituye una cuenta por cobrar | H15: 476278 | I15: 476278 | K15: =IF(G15="Para compra de inventario",I15,0) -> 0 | L15: =IF(G15="Para compra de activos fijos",I15,0) -> 0 | M15: =IF(G15="Para compra de intangibles",I15,0) -> 0 | N15: =IF(G15="Constituye una cuenta por cobrar",I15,0) -> 476278 | O15: =IF(G15="Otros conceptos",I15,0) -> 0 | P15: =IF(G15="Servicio pagado por anticipado",I15-(I15*J15),0) -> 0 | Q15: =IF(OR(G15="Ganancias acumuladas",I15*J15>0),I15-SUM(K15:P15),0) -> 0 | R15: =I15-H15 -> 0 | S15: ANTICIPO TRABAJADORES | T15: ANTICIPOS LEGALIZADOS EN ENE-22
H17: =SUM(H10:H16) -> 31024429 | K17: =SUM(K10:K16) -> 0 | L17: =SUM(L10:L16) -> 0 | M17: =SUM(M10:M16) -> 0 | N17: =SUM(N10:N16) -> 1226278 | O17: =SUM(O10:O16) -> 0 | P17: =SUM(P10:P16) -> 29798151 | Q17: =SUM(Q10:Q16) -> 0
A20: 13809500 | B20: Deud. varios, otros | H20: 1250000 | S20: PAGO DEPOSITO ARRIENDO APTO
H21: 24206060 | S21: IVAS A FAVOR DE COMPRAS A ZONA FRANCA
H22: 3397804.4 | S22: OTRAS CUENTAS POR COBRAR
H23: =SUM(H20:H22) -> 28853864

Sheet Act Imp Cts
C1: NIIF Pymes | XFD1: Anticipo o saldo a favor en renta y CREE
A2: CUENTA | B2: DESCRIPCIÓN | C2: SALDO 31-DIC-2020 | D2: Validación | E2: Validación 2 | F2: Observación | XFD2: Anticipo o saldo a favor del impuesto a las ventas
A3: 13550501 | B3: Antic.impto.renta | C3: 3.6283618e+08 | D3: =SUMIF($A$11:$D$16,A3,$D$11:$D$16)-C3 -> 72817000 | E3: =C3-'HW PYMES'!I15 -> 0 | F3: Compensado contra la cuenta por pagar | XFD3: Anticipo o saldo a favor en industria y comercio
A4: 13551800 | B4: Impto. de industria y comercio retenido | C4: 0 | D4: =SUMIF($A$11:$D$16,A4,$D$11:$D$16)-C4 -> 0 | E4: =C4-'HW PYMES'!I16 -> 0 | XFD4: Anticipo o saldo a favor en otros impuestos
A5: 13552000 | B5: Sobr.liquid.priv.d.i | C5: 382364000 | D5: =SUMIF($A$11:$D$16,A5,$D$11:$D$16)-C5 -> 0 | E5: =C5-'HW PYMES'!I17 -> 0 | XFD5: Partida a compensar con cuentas por pagar
C6: =SUM(C3:C5) -> 7.4520018e+08
B7: Diferencia | C7: =C6-D17 -> -72817000
A9: Cuenta | B9: Descripción cuenta | C9: Clase de Impuesto | D9: Saldo NIIF | E9: Saldo Declaración | F9: Año de aplicación del anticipo, saldo a favor o retención | G9: Diferencia por ajustar "Errores" | H9: Observaciones
A11: 13550501 | B11: Antic.impto.renta | C11: Anticipo o saldo a favor en renta y CREE | D11: 121343848 | E11: 121343848 | F11: 2020 | G11: =E11-D11 -> 0 | H11: SALDO A FAVOR DECLARACIÓN DE RENTA 2018
A12: 13550501 | B12: Antic.impto.renta | C12: Anticipo o saldo a favor en renta y CREE | D12: 2.2883545e+08 | E12: 2.2883545e+08 | F12: 2020 | G12: =E12-D12 -> 0 | H12: RETENCIONES EN LA FUENTE 2019 - CRUCE RENTA 2019
A13: 13550501 | B13: Antic.impto.renta | C13: Anticipo o saldo a favor en renta y CREE | D13: =E13 -> 85473874 | E13: =D31 -> 85473874 | F13: 2020 | G13: =E13-D13 -> 0 | H13: AUTORETENCIÓN RENTA 2019
A14: 13551800 | B14: Impto. de industria y comercio retenido | C14: Anticipo o saldo a favor en industria y comercio | D14: 0 | E14: 0 | F14: 2020 | G14: =E14-D14 -> 0
A15: 13552000 | B15: Sobr.liquid.priv.d.i | C15: Anticipo o saldo a favor del impuesto a las ventas | D15: 382364000 | E15: 382364000 | F15: 2020 | G15: =E15-D15 -> 0 | H15: SALDO A FAVOR DECLARACIÓN DE IVA - COMPENSACIÓN BIMESTRAL 2020
D17: =SUM(D11:D16) -> 8.1801718e+08
D19: AUTORETENCIÓN CREE
D20: 4549928 | E20: ENERO
D21: 4471904 | E21: MARZO
D22: 7878489 | E22: ABRIL
D23: 10608087 | E23: MAYO
D24: 6207287 | E24: JUNIO
D25: 6262102 | E25: JULIO
D26: 13761690 | E26: AGOSTO
D27: 9721231 | E27: SEPTIEMBRE
D28: 5741873 | E28: OCTUBRE
D29: 9947015 | E29: NOVIEMBRE
D30: 6324268 | E30: DICIEMBRE
D31: =SUM(D20:D30) -> 85473874
C33: NIIF PLENAS | XFD33: Anticipo o saldo a favor en renta y CREE
A34: CUENTA | B34: DESCRIPCIÓN | C34: SALDO 31-DIC-2021 | D34: Validación | E34: Validación 2 | F34: Observación | XFD34: Anticipo o saldo a favor del impuesto a las ventas
A35: 13550501 | B35: Antic.impto.renta | C35: 2.9552282e+08 | D35: =SUMIF($A$43:$E$48,A35,$E$43:$E$48)-C35 -> 0 | E35: =C35-'HW PYMES'!M15 -> 0 | XFD35: Anticipo o saldo a favor en industria y comercio
A36: 13551800 | B36: Impto. de industria y comercio retenido | C36: 0 | D36: =SUMIF($A$43:$E$48,A36,$E$43:$E$48)-C36 -> 0 | E36: =C36-'HW PYMES'!M16 -> 0 | XFD36: Anticipo o saldo a favor en otros impuestos
A37: 13552000 | B37: Sobr.liquid.priv.d.i | C37: 365815000 | D37: =SUMIF($A$43:$E$48,A37,$E$43:$E$48)-C37 -> 0 | E37: =C37-'HW PYMES'!M17 -> 0 | XFD37: Partida a compensar con cuentas por pagar
C38: =SUM(C35:C37) -> 6.6133782e+08
B39: Diferencia | C39: =C38-D49 -> 0
A41: Cuenta | B41: Descripción cuenta | C41: Clase de Impuesto | D41: Saldo NIIF | E41: Saldo Declaración | F41: Año de aplicación del anticipo, saldo a favor o retención | G41: Diferencia por ajustar "Errores" | H41: Observaciones
A43: 13550501 | B43: Antic.impto.renta | C43: Anticipo o saldo a favor en renta y CREE | D43: -25329000 | E43: -25329000 | F43: 2021 | G43: =E43-D43 -> 0 | H43: SALDO POR PAGAR RENTA 2020 (Vía Renta Presuntiva)
A44: 13550501 | B44: Antic.impto.renta | C44: Anticipo o saldo a favor en renta y CREE | D44: 2.2930135e+08 | E44: 2.2930135e+08 | F44: 2021 | G44: =E44-D44 -> 0 | H44: RETENCIONES EN LA FUENTE 2020
A45: 13550501 | B45: Antic.impto.renta | C45: Anticipo o saldo a favor en renta y CREE | D45: =E45 -> 91550468 | E45: =D64 -> 91550468 | F45: 2021 | G45: =E45-D45 -> 0 | H45: AUTORETENCIÓN RENTA 2020
A46: 13551800 | B46: Impto. de industria y comercio retenido | C46: Anticipo o saldo a favor en industria y comercio | D46: 0 | E46: 0 | F46: 2021 | G46: =E46-D46 -> 0
A47: 13552000 | B47: Sobr.liquid.priv.d.i | C47: Anticipo o saldo a favor del impuesto a las ventas | D47: =9500000+356315000 -> 365815000 | E47: =9500000+356315000 -> 365815000 | F47: 2021 | G47: =E47-D47 -> 0 | H47: CIERRE IVA BIM 5 2020 SALDO A FAVOR A SOLICITAR CIERRE IVA BIM 6 2020
D49: =SUM(D43:D48) -> 6.6133782e+08
D51: AUTORETENCIÓN CREE
D52: 4830289 | E52: ENERO
D53: 5442726 | E53: FEBRERO
D54: 201646 | E54: MARZO
D55: 4956411 | E55: ABRIL
D56: 6739224 | E56: MAYO
D57: 4864951 | E57: JUNIO
D58: 14506305 | E58: JULIO
D59: 7312099 | E59: AGOSTO
D60: 11150022 | E60: SEPTIEMBRE
D61: 13208090 | E61: OCTUBRE
D62: 8385119 | E62: NOVIEMBRE
D63: 9953586 | E63: DICIEMBRE
D64: =SUM(D52:D63) -> 91550468

Sheet Pas Imp Cts
C1: NIIF Pymes | XFD1: Cuenta por pagar en renta y CREE
A2: CUENTA | B2: DESCRIPCIÓN | C2: SALDO 31-DIC-2020 | D2: Validación | E2: Validación 2 | F2: Observación | XFD2: Cuenta por pagar en industria y comercio
A3: 24040500 | B3: Imptos,grav.vig.fisc | C3: 0 | D3: =SUMIF($A$12:$E$16,A3,$D$12:$D$16)-C3 -> 72817000 | E3: =C3-'HW PYMES'!I73 -> 0 | F3: Compensado contra el saldo a favor | XFD3: Cuenta por pagar del impuesto a las ventas
A4: 24080100 | B4: Impto.s.l.ventas p.p | C4: 0 | D4: =SUMIF($A$12:$E$16,A4,$D$12:$D$16)-C4 -> 0 | E4: =C4-'HW PYMES'!I74 -> 0
A5: 24120500 | B5: Impto. de industria y comercio, vigencia fiscal co | C5: 0 | D5: =SUMIF($A$12:$E$16,A5,$D$12:$D$16)-C5 -> 0 | E5: =C5-'HW PYMES'!I75 -> 0
A6: 26059500 | B6: OTRAS PROVISIONES | C6: 11136922 | D6: =SUMIF($A$12:$E$16,A6,$D$12:$D$16)-C6 -> 0 | E6: =C6+'HW PYMES'!I79 -> 0
C7: =SUM(C3:C6) -> 11136922
B8: Diferencia | C8: =C7-D17 -> -72817000
A10: Cuenta | B10: Descripción cuenta | C10: Clase de Impuesto | D10: Saldo NIIF | E10: Saldo Declaración | F10: Año de aplicación del pago | G10: Diferencia por ajustar "Errores" | H10: Observaciones
A12: 24040500 | B12: Imptos,grav.vig.fisc | C12: Cuenta por pagar en renta y CREE | D12: 72817000 | E12: 72817000 | F12: 2020 | G12: =E12-D12 -> 0 | H12: SALDO POR PAGAR RENTA 2019 (Vía Renta Presuntiva)
A13: 24080100 | B13: Impto.s.l.ventas p.p | C13: Cuenta por pagar del impuesto a las ventas | D13: 0 | E13: 0 | F13: 2020 | G13: =E13-D13 -> 0
A14: 24120500 | B14: Impto. de industria y comercio, vigencia fiscal co | C14: Cuenta por pagar en industria y comercio | D14: 0 | E14: 0 | F14: 2020 | G14: =E14-D14 -> 0
A15: 26059500 | B15: OTRAS PROVISIONES | C15: Cuenta por pagar en industria y comercio | D15: =19000+11117922 -> 11136922 | E15: =14293000-14274000+11117922 -> 11136922 | F15: 2020 | G15: =E15-D15 -> 0 | H15: SALDO POR PAGAR DE ICA 2019 (Bogotá y otros municipios)
D17: =SUM(D12:D16) -> 83953922
C19: NIIF PLENAS | XFD19: Cuenta por pagar en renta y CREE
A20: CUENTA | B20: DESCRIPCIÓN | C20: SALDO 31-DIC-2021 | D20: Validación | E20: Validación 2 | F20: Observación | XFD20: Cuenta por pagar en industria y comercio
A21: 24040500 | B21: Imptos,grav.vig.fisc | C21: 0 | D21: =SUMIF($A$30:$E$34,A21,$E$30:$E$34)-C21 -> 0 | E21: =-C21-'HW PYMES'!M73 -> 0 | XFD21: Cuenta por pagar del impuesto a las ventas
A22: 24080100 | B22: Impto.s.l.ventas p.p | C22: 0.97 | D22: =SUMIF($A$30:$E$34,A22,$E$30:$E$34)-C22 -> -0.97 | E22: =-C22-'HW PYMES'!M74 -> -1.94
A23: 24120500 | B23: Impto. de industria y comercio, vigencia fiscal co | C23: 0 | D23: =SUMIF($A$30:$E$34,A23,$E$30:$E$34)-C23 -> 0 | E23: =-C23-'HW PYMES'!M75 -> 0
A24: 26059500 | B24: Pasiv.est,otr. gast/ | C24: 2732344.8 | D24: =SUMIF($A$30:$E$34,A24,$E$30:$E$34)-C24 -> 0 | E24: =-C24-'HW PYMES'!M79 -> 0
C25: =SUM(C21:C24) -> 2732345.8
B26: Diferencia | C26: =C25-D35 -> 0.97
A28: Cuenta | B28: Descripción cuenta | C28: Clase de Impuesto | D28: Saldo NIIF | E28: Saldo Declaración | F28: Año de aplicación del pago | G28: Diferencia por ajustar "Errores" | H28: Observaciones
A30: 24040500 | B30: Imptos,grav.vig.fisc | C30: Cuenta por pagar en renta y CREE | D30: 0 | E30: 0 | F30: 2021 | G30: =E30-D30 -> 0
A31: 24080100 | B31: Impto.s.l.ventas p.p | C31: Cuenta por pagar del impuesto a las ventas | D31: 0 | E31: 0 | F31: 2021 | G31: =E31-D31 -> 0
A32: 24120500 | B32: Impto. de industria y comercio, vigencia fiscal co | C32: Cuenta por pagar en industria y comercio | D32: 0 | E32: 0 | F32: 2021 | G32: =E32-D32 -> 0
A33: 26059500 | B33: Pasiv.est,otr. gast/ | C33: Cuenta por pagar en industria y comercio | D33: 2732344.8 | E33: 2732344.8 | F33: 2021 | G33: =E33-D33 -> 0 | H33: SALDO POR PAGAR DE ICA 2020 (Bogotá y otros municipios)
D35: =SUM(D30:D34) -> 2732344.8

Sheet Inv MP & PS
A1: _DICIEMBRE_2020
A2: INVENTARIO MATERIA PRIMA | F2: INVENTARIO DE SERVICIOS
B4: MATERIAL | C4: CANT | D4: VALOR TOTAL | F4: OBRA | G4: NOMBRE | H4: VALOR INVENT
A5: R1 | B5: R1 | C5: 111349 | D5: 39877021 | F5: OA1 | G5: OA1 | H5: 16451173
A6: R2 | B6: R2 | C6: 6090 | D6: 33488098 | F6: OA2 | G6: OA2 | H6: 255433892
A7: R3 | B7: R3 | C7: 8350 | D7: 28740700 | F7: OA3 | G7: OA3 | H7: 215611451
A8: R4 | B8: R4 | C8: 23534 | D8: 52877853 | F8: OA4 | G8: OA4 | H8: 13165975
A9: R5 | B9: R5 | C9: 6949.72 | D9: 15979935 | F9: OA5 | G9: OA5 | H9: 16362871
A10: R6 | B10: R6 | C10: 2500 | D10: 6750000 | F10: OA6 | G10: OA6 | H10: 2486627.9
A11: R7 | B11: R7 | C11: 79852 | D11: 6646160.6 | F11: OA7 | G11: OA7 | H11: 1293756
A12: R8 | B12: R8 | C12: 83525 | D12: 5625934.8 | F12: OA8 | G12: OA8 | H12: 940852.6
A13: R9 | B13: R9 | C13: 1000 | D13: 5271133.3 | F13: OA9 | G13: OA9 | H13: 2700591
A14: R10 | B14: R10 | C14: 350 | D14: 945000 | F14: OA10 | G14: OA10 | H14: 1881233.5
E15: Validación | F15: OA11 | G15: OA11 | H15: 836103.78
A16: TOTAL MATERIA PRIMA | D16: =SUM(D5:D15) -> 1.9620183e+08 | E16: =D16-'HW PYMES'!I24 -> 0 | F16: OA12 | G16: OA12 | H16: 1045129.8
F17: OA13 | G17: OA13 | H17: 17326121
A18: INVENTARIO MATERIAL AUXILIAR | F18: OA14 | G18: OA14 | H18: 3700000
F19: OA15 | G19: OA15 | H19: 1140340
A20: COD | B20: MATERIAL | C20: CANT | D20: VALOR TOTAL
A21: X1 | B21: X1 | C21: 23548.501 | D21: =70937622.62-486766.07 -> 70450857
E23: Validación
A24: TOTAL MATERIA AUXILIAR | D24: =SUM(D21) -> 70450857 | E24: =D24-'HW PYMES'!I25 -> 0
E25: Validación | I25: Validación
A26: TOTAL INVENTARIO | D26: =+D24+D16+H26 -> 8.1702881e+08 | E26: =D26-SUM('HW PYMES'!I20:I27) -> 0 | G26: TOTAL SERVICIOS | H26: =SUM(H5:H24) -> 5.5037612e+08 | I26: =H26-'HW PYMES'!I23 -> 0
A28: _DICIEMBRE_2021
A29: INVENTARIO MATERIA PRIMA | F29: INVENTARIO DE SERVICIOS
A31: COD | B31: MATERIAL | C31: CANT | D31: VALOR TOTAL | F31: OBRA | G31: NOMBRE | H31: VALOR INVENT
A32: R1 | B32: R1 | C32: 6090 | D32: 39379405 | F32: OA1 | G32: OA1 | H32: 33388029
A33: R2 | B33: R2 | C33: 72799.73 | D33: 25219091 | F33: OA2 | G33: OA2 | H33: 6.5672088e+08
A34: R3 | B34: R3 | C34: 9424.44 | D34: 23650158 | F34: OA3 | G34: OA3 | H34: 1.8556892e+08
A35: R4 | B35: R4 | C35: 197983 | D35: 16140300 | F35: OA4 | G35: OA4 | H35: 7.1014533e+08
A36: R5 | B36: R5 | C36: 3442 | D36: 14132257 | F36: OA5 | G36: OA5 | H36: 3813160
A37: R6 | B37: R6 | C37: 130454.14 | D37: 12599552 | F37: OA6 | G37: OA6 | H37: 1.5216004e+08
A38: R7 | B38: R7 | C38: 91 | D38: 8841137.4 | F38: OA7 | G38: OA7 | H38: 14809720
A39: R8 | B39: R8 | C39: 230 | D39: 4715000 | F39: OA8 | G39: OA8 | H39: 26262388
A40: R9 | B40: R9 | C40: 550 | D40: 4070000 | F40: OA9 | G40: OA9 | H40: 18818140
A41: R10 | B41: R10 | C41: 64 | D41: 3520000 | F41: OA10 | G41: OA10 | H41: 13350143
A42: R11 | B42: R11 | C42: 935 | D42: 3459500 | F42: OA11 | G42: OA11 | H42: 22308104
A43: R12 | B43: R12 | C43: 897.77 | D43: 2455570.3 | F43: OA12 | G43: OA12 | H43: 48831530
... A45: R14 | B45: R14 | C45: 387 | D45: 909450 | F45: OA14 | G45: OA14 | H45: 99980692
E46: Validación | F46: OA15 | G46: OA15 | H46: 9355716.7
A47: TOTAL MATERIA PRIMA | D47: =SUM(D32:D46) -> 1.6018789e+08 | E47: =D47-'HW PYMES'!M20-'HW PYMES'!M21-'HW PYMES'!M24-'HW PYMES'!M26 -> 0 | F47: OA16 | G47: OA16 | H47: 28569449
F48: OA17 | G48: OA17 | H48: 28293566
A49: INVENTARIO MATERIAL AUXILIAR | F49: OA18 | G49: OA18 | H49: 84119047
F50: OA19 | G50: OA19 | H50: 853310
A51: COD | B51: MATERIAL | C51: CANT | D51: VALOR TOTAL | F51: OA20 | G51: OA20 | H51: 10250000
A52: X1 | B52: X1 | C52: 27043.268 | D52: 1.5496084e+08 | F52: OA21 | G52: OA21 | H52: 24550000
F53: OA22 | G53: OA22 | H53: 300400000
E54: Validación | F54: OA23 | G54: OA23 | H54: 95630364
A55: TOTAL MATERIA AUXILIAR | D55: =SUM(D52) -> 1.5496084e+08 | E55: =D55-'HW PYMES'!M25-'HW PYMES'!M27 -> 0 | I55: Validación
G56: TOTAL SERVICIOS | H56: =SUM(H32:H54) -> 2.5856815e+09 | I56: =H56-'HW PYMES'!M23 -> 0.11000061
A58: INVENTARIO PRODUCTOS
A60: COD | B60: MATERIAL | C60: CANT | D60: VALOR TOTAL
A61: IPT1 | B61: IPT1 | C61: 84 | D61: 47726960
A62: IPT2 | B62: IPT2 | C62: 133 | D62: 36508000
A63: IPT3 | B63: IPT3 | C63: 99 | D63: 27575098
A64: IPT4 | B64: IPT4 | C64: 12 | D64: 19544413
A65: IPT5 | B65: IPT5 | C65: 24 | D65: 17257665
A66: IPT6 | B66: IPT6 | C66: 22 | D66: 15393972
A67: IPT7 | B67: IPT7 | C67: 27 | D67: 11160688
A68: IPT8 | B68: IPT8 | C68: 11 | D68: 8485637.9
A69: IPT9 | B69: IPT9 | C69: 52 | D69: 8136096
A70: IPT10 | B70: IPT10 | C70: 14 | D70: 8127516.2
A71: IPT11 | B71: IPT11 | C71: 23 | D71: 5465283
A72: IPT12 | B72: IPT12 | C72: 10 | D72: 3913861
... A75: IPT15 | B75: IPT15 | C75: 6 | D75: 1667084.1
E76: Validación
A77: TOTAL INVENTARIO PRODUCTOS | D77: =SUM(D61:D76) -> 2.1740745e+08 | E77: =D77-'HW PYMES'!M28 -> 0
A79: TOTAL INVENTARIO | D79: =+D55+D47+H56+D77 -> 3.1182377e+09 | E79: =D79-SUM('HW PYMES'!M20:M28) -> 0.11000013

Sheet P, Pl y Eq 2020
C1: NIIF Pymes | XFD1: Terrenos
A2: CUENTA | B2: DESCRIPCIÓN | C2: SALDO 31-DIC-2020 | D2: Validación | E2: Validación 2 | XFD2: Edificios
A3: 15040000 | B3: Prop.,pl/equ.,terren | C3: 1694129760 | D3: =SUMIF($A$28:$N$299,A3,$N$28:$N$299)-C3 -> 0 | E3: =C3-'HW PYMES'!I29 -> 0 | XFD3: Construcciones en curso
A4: 19100400 | B4: Revaluación de Prop.,pl/equ.,terren | C4: 5956220240 | D4: =AE30-C3-C4 -> 0 | E4: =C4-'HW PYMES'!I30 -> 0 | XFD4: Maquinaria
A5: 15080000 | B5: CONSTRUCCIONES EN CURSO | C5: 0 | D5: =SUMIF($A$28:$N$299,A5,$N$28:$N$299)-C5 -> 0 | E5: =C5-'HW PYMES'!I31 -> 0 | XFD5: Equipo de oficina
A6: 15080500 | B6: Constr.curso,constr/ | C6: 0 | D6: =SUMIF($A$28:$N$299,A6,$N$28:$N$299)-C6 -> 0 | E6: =C6-'HW PYMES'!I32 -> 0 | XFD6: Equipos informáticos
A7: 15160000 | B7: Constr./edificacione | C7: 7.6787767e+08 | D7: =SUMIF($A$28:$N$299,A7,$N$28:$N$299)-C7 -> 0 | E7: =C7-'HW PYMES'!I33 -> 0 | XFD7: Vehículos
A8: 15161000 | B8: Constr./edific.prod. | C8: 7757906220 | D8: =SUMIF($A$28:$N$299,A8,$N$28:$N$299)-C8 -> 0 | E8: =C8-'HW PYMES'!I34 -> 0 | XFD8: Otras - Telecomunicaciones
A9: 15162000 | B9: Constr./instalacione | C9: 719412180 | D9: =SUMIF($A$28:$N$299,A9,$N$28:$N$299)-C9 -> 0 | E9: =C9-'HW PYMES'!I35 -> 0 | XFD9: Otras - Mejoras a propiedades arrendadas
A10: 15200000 | B10: Maqu/equ. adquirida | C10: 1.4284795e+10 | D10: =SUMIF($A$28:$N$299,A10,$N$28:$N$299)-C10 -> 0.010015488 | E10: =C10-'HW PYMES'!I36 -> 0
A11: 15210000 | B11: HERRAMIENTAS-COSTO | C11: 0 | D11: =SUMIF($A$28:$N$299,A11,$N$28:$N$299)-C11 -> 0 | E11: =C11-'HW PYMES'!I37 -> 0
A12: 15240000 | B12: Equipo de oficina | C12: 48053988 | D12: =SUMIF($A$28:$N$299,A12,$N$28:$N$299)-C12 -> 0 | E12: =C12-'HW PYMES'!I38 -> 0
A13: 15280000 | B13: Equ.comp./com. | C13: 1.3664464e+08 | D13: =SUMIF($A$28:$N$299,A13,$N$28:$N$299)-C13 -> 0 | E13: =C13-'HW PYMES'!I39 -> 0
A14: 15400000 | B14: Flota/equ.de transpo | C14: 2.4689034e+09 | D14: =SUMIF($A$28:$N$299,A14,$N$28:$N$299)-C14 -> 0 | E14: =C14-'HW PYMES'!I40 -> 0
A15: 15920500 | B15: Depreciación acumulada, construcciones y edificaci | C15: -52613840 | D15: =SUMIF($P$28:$AB$299,A15,$AB$28:$AB$299)+C15 -> -0.28 | E15: =C15-'HW PYMES'!I41 -> 0
A16: 15920600 | B16: Depreciación acumulada, construcciones produccion | C16: -531560241 | D16: =SUMIF($P$28:$AB$299,A16,$AB$28:$AB$299)+C16 -> 0 | E16: =C16-'HW PYMES'!I42 -> 0
A17: 15920700 | B17: Depreciación acumulada, instalaciones | C17: -49293057 | D17: =SUMIF($P$28:$AB$299,A17,$AB$28:$AB$299)+C17 -> -0.010000005 | E17: =C17-'HW PYMES'!I43 -> 0
A18: 15921000 | B18: Depr.acum,maqu./equ. | C18: -1.8023224e+09 | D18: =SUMIF($P$28:$AB$299,A18,$AB$28:$AB$299)+C18 -> 3.8499999 | E18: =C18-'HW PYMES'!I44 -> 0
A19: 15921100 | B19: DEPR HERRAMIENT-COST | C19: 0 | D19: =SUMIF($P$28:$AB$299,A19,$AB$28:$AB$299)+C19 -> 0 | E19: =C19-'HW PYMES'!I45 -> 0
A20: 15921500 | B20: Depr.acum,equ.d.ofic | C20: -15132967 | D20: =SUMIF($P$28:$AB$299,A20,$AB$28:$AB$299)+C20 -> 1.17 | E20: =C20-'HW PYMES'!I46 -> 0
A21: 15922000 | B21: Depr.acum,comp/com. | C21: -45928342 | D21: =SUMIF($P$28:$AB$299,A21,$AB$28:$AB$299)+C21 -> -0.67 | E21: =C21-'HW PYMES'!I47 -> 0
A22: 15923500 | B22: Depr.acum,fl/equ.tra | C22: -9.8871686e+08 | D22: =SUMIF($P$28:$AB$299,A22,$AB$28:$AB$299)+C22 -> 0.12 | E22: =C22-'HW PYMES'!I48 -> 0 | K22: 50 UVT 2014 | L22: =50*M22 -> 1374250 | M22: 27485
C23: =SUM(C3:C22) -> 3.0348376e+10 | K23: 50 UVT 2015 | L23: =50*M23 -> 1413950 | M23: 28279
B24: Diferencia | C24: =C23-C4-M300+AB300 -> 4.1700134 | K24: 50 UVT 2016 | L24: =50*M24 -> 1487650 | M24: 29753
K25: 50 UVT 2017 | L25: =50*M25 -> 1592950 | M25: 31859
K26: 50 UVT 2018 | L26: =50*M26 -> 1657800 | M26: 33156 | W26: Medición
K27: 50 UVT 2019 | L27: =50*M27 -> 1713500 | M27: 34270 | W27: 44196
A28: Cuenta | B28: Descripción cuenta | C28: Descripción activo | D28: Cantidad | E28: Clase de activo NIIF | F28: Marca o Proveedor | G28: Comprobante | H28: Modelo | I28: Serial | J28: Fecha adquisición | K28: Activo material? | L28: Costo Unitario | M28: Costo NIIF Pymes | N28: Costo Auxiliar | O28: Costo material | P28: Cuenta | Q28: Descripción cuenta | R28: DAcum NIIF | S28: DAcum COL Auxiliar | T28: Saldo DAcum activo material | U28: Saldo Neto Material | V28: Política de depreciación (Años) | W28: Vida útil depreciada (Meses) | X28: Vida útil remanente (Meses) | Y28: Depreciación mensual | Z28: Depreciación acumula | AA28: Saldo Costo NIIF (1) | AB28: Saldo DAcum NIIF (1) | AC28: Saldo Neto NIIF (1) | AD28: Comentarios de la Gerencia | AE28: Valor Razonable | AF28: Diferencia | AG28: Check Deprec
A30: 15040000 | B30: Prop.,pl/equ.,terren | C30: TERRENO | D30: 1 | E30: Terrenos | J30: 43069 | K30: =IF(L30>($M$24*50),"SI","NO") -> SI | L30: =M30/D30 -> 1694129760 | M30: 1694129760 | N30: 1694129760 | O30: =IF(K30="SI",N30,0) -> 1694129760 | T30: =IF(O30>0,S30,0) -> 0 | U30: =IF(O30>0,N30-S30,0) -> 1694129760 | V30: N/A | W30: =IF(ISERROR(IF(ROUND(($W$27-J30)/30,0)>(V30*12),(V30*12),(ROUND(($W$27-J30)/30,0)))),0,"FALSO") -> 0 | X30: =IF(ISERROR((V30*12)-W30),0,"FALSO") -> 0 | Y30: =IF(ISERROR(N30/(V30*12)),0,"FALSO") -> 0 | Z30: =IF(U30>0,W30*Y30,0) -> 0 | AA30: =ROUND(IF(U30>0,N30,0),0) -> 1694129760 | AB30: =ROUND(IF(U30>0,Z30,0),0) -> 0 | AC30: =AA30-AB30 -> 1694129760 | AE30: 7650350000 | AF30: =AE30-AC30 -> 5956220240
A32: 15160000 | B32: Constr./edificacione | C32: EDIFICACIONES | D32: 1 | E32: Edificios | J32: 43069 | K32: =IF(L32>($M$24*50),"SI","NO") -> SI | L32: =M32/D32 -> 7.6787767e+08 | M32: 7.6787767e+08 | N32: 7.6787767e+08 | O32: =IF(K32="SI",N32,0) -> 7.6787767e+08 | P32: 15920500 | Q32: Depreciación acumulada, construcciones y edificaci | R32: 18485944 | S32: 18485944 | T32: =IF(O32>0,S32,0) -> 18485944 | U32: =IF(O32>0,N32-S32,0) -> 7.4939172e+08 | V32: 45 | W32: =IF(ROUND(($W$27-J32)/30,0)>(V32*12),(V32*12),(ROUND(($W$27-J32)/30,0)))-1 -> 37 | X32: =(V32*12)-W32 -> 503 | Y32: =N32/(V32*12) -> 1421995.7 | Z32: =IF(U32>0,W32*Y32,0) -> 52613840 | AA32: =ROUND(IF(U32>0,N32,0),0) -> 767877669 | AB32: =ROUND(IF(U32>0,Z32,0),0) -> 52613840 | AC32: =AA32-AB32 -> 715263829
A33: 15161000 | B33: Constr./edific.prod. | C33: EDIFICACIONES | D33: 1 | E33: Edificios | J33: 43069 | K33: =IF(L33>($M$24*50),"SI","NO") -> SI | L33: =M33/D33 -> 7712107742 | M33: 7712107742 | N33: 7712107742 | O33: =IF(K33="SI",N33,0) -> 7712107742 | P33: 15920600 | Q33: Depreciación acumulada, construcciones produccion | R33: 185661853 | S33: 185661853 | T33: =IF(O33>0,S33,0) -> 185661853 | U33: =IF(O33>0,N33-S33,0) -> 7526445889 | V33: 45 | W33: =IF(ROUND(($W$27-J33)/30,0)>(V33*12),(V33*12),(ROUND(($W$27-J33)/30,0)))-1 -> 37 | X33: =(V33*12)-W33 -> 503 | Y33: =N33/(V33*12) -> 14281681 | Z33: =IF(U33>0,W33*Y33,0) -> 5.284222e+08 | AA33: =ROUND(IF(U33>0,N33,0),0) -> 7712107742 | AB33: =ROUND(IF(U33>0,Z33,0),0) -> 528422197 | AC33: =AA33-AB33 -> 7183685545
A34: 15161000 | B34: Constr./edific.prod. | C34: EDIFICACIONES | D34: 1 | E34: Edificios | J34: 43069 | K34: =IF(L34>($M$24*50),"SI","NO") -> SI | L34: =M34/D34 -> 45798478 | M34: 45798478 | N34: 45798478 | O34: =IF(K34="SI",N34,0) -> 45798478 | P34: 15920600 | Q34: Depreciación acumulada, construcciones produccion | R34: 1102556 | S34: 1102556 | T34: =IF(O34>0,S34,0) -> 1102556 | U34: =IF(O34>0,N34-S34,0) -> 44695922 | V34: 45 | W34: =IF(ROUND(($W$27-J34)/30,0)>(V34*12),(V34*12),(ROUND(($W$27-J34)/30,0)))-1 -> 37 | X34: =(V34*12)-W34 -> 503 | Y34: =N34/(V34*12) -> 84811.996 | Z34: =IF(U34>0,W34*Y34,0) -> 3138043.9 | AA34: =ROUND(IF(U34>0,N34,0),0) -> 45798478 | AB34: =ROUND(IF(U34>0,Z34,0),0) -> 3138044 | AC34: =AA34-AB34 -> 42660434
A35: 15162000 | B35: Constr./instalacione | C35: EDIFICACIONES | D35: 1 | E35: Edificios | J35: 43069 | K35: =IF(L35>($M$24*50),"SI","NO") -> SI | L35: =M35/D35 -> 211430939 | M35: 211430939 | N35: 211430939 | O35: =IF(K35="SI",N35,0) -> 211430939 | P35: 15920700 | Q35: Depreciación acumulada, instalaciones | R35: 5090004 | S35: 5090004 | T35: =IF(O35>0,S35,0) -> 5090004 | U35: =IF(O35>0,N35-S35,0) -> 206340935 | V35: 45 | W35: =IF(ROUND(($W$27-J35)/30,0)>(V35*12),(V35*12),(ROUND(($W$27-J35)/30,0)))-1 -> 37 | X35: =(V35*12)-W35 -> 503 | Y35: =N35/(V35*12) -> 391538.78 | Z35: =IF(U35>0,W35*Y35,0) -> 14486935 | AA35: =ROUND(IF(U35>0,N35,0),0) -> 211430939 | AB35: =ROUND(IF(U35>0,Z35,0),0) -> 14486935 | AC35: =AA35-AB35 -> 196944004
A36: 15162000 | B36: Constr./instalacione | C36: EDIFICACIONES | D36: 1 | E36: Edificios | J36: 43069 | K36: =IF(L36>($M$24*50),"SI","NO") -> SI | L36: =M36/D36 -> 7192000 | M36: 7192000 | N36: 7192000 | O36: =IF(K36="SI",N36,0) -> 7192000 | P36: 15920700 | Q36: Depreciación acumulada, instalaciones | R36: 173141 | S36: 173141 | T36: =IF(O36>0,S36,0) -> 173141 | U36: =IF(O36>0,N36-S36,0) -> 7018859 | V36: 45 | W36: =IF(ROUND(($W$27-J36)/30,0)>(V36*12),(V36*12),(ROUND(($W$27-J36)/30,0)))-1 -> 37 | X36: =(V36*12)-W36 -> 503 | Y36: =N36/(V36*12) -> 13318.519 | Z36: =IF(U36>0,W36*Y36,0) -> 492785.19 | AA36: =ROUND(IF(U36>0,N36,0),0) -> 7192000 | AB36: =ROUND(IF(U36>0,Z36,0),0) -> 492785 | AC36: =AA36-AB36 -> 6699215
A37: 15162000 | B37: Constr./instalacione | C37: EDIFICACIONES | D37: 1 | E37: Edificios | J37: 43069 | K37: =IF(L37>($M$24*50),"SI","NO") -> SI | L37: =M37/D37 -> 12400000 | M37: 12400000 | N37: 12400000 | O37: =IF(K37="SI",N37,0) -> 12400000 | P37: 15920700 | Q37: Depreciación acumulada, instalaciones | R37: 298519 | S37: 298519 | T37: =IF(O37>0,S37,0) -> 298519 | U37: =IF(O37>0,N37-S37,0) -> 12101481 | V37: 45 | W37: =IF(ROUND(($W$27-J37)/30,0)>(V37*12),(V37*12),(ROUND(($W$27-J37)/30,0)))-1 -> 37 | X37: =(V37*12)-W37 -> 503 | Y37: =N37/(V37*12) -> 22962.963 | Z37: =IF(U37>0,W37*Y37,0) -> 849629.63 | AA37: =ROUND(IF(U37>0,N37,0),0) -> 12400000 | AB37: =ROUND(IF(U37>0,Z37,0),0) -> 849630 | AC37: =AA37-AB37 -> 11550370
A38: 15162000 | B38: Constr./instalacione | C38: EDIFICACIONES | D38: 1 | E38: Edificios | J38: 43069 | K38: =IF(L38>($M$24*50),"SI","NO") -> SI | L38: =M38/D38 -> 82215000 | M38: 82215000 | N38: 82215000 | O38: =IF(K38="SI",N38,0) -> 82215000 | P38: 15920700 | Q38: Depreciación acumulada, instalaciones | R38: 1979250 | S38: 1979250 | T38: =IF(O38>0,S38,0) -> 1979250 | U38: =IF(O38>0,N38-S38,0) -> 80235750 | V38: 45 | W38: =IF(ROUND(($W$27-J38)/30,0)>(V38*12),(V38*12),(ROUND(($W$27-J38)/30,0)))-1 -> 37 | X38: =(V38*12)-W38 -> 503 | Y38: =N38/(V38*12) -> 152250 | Z38: =IF(U38>0,W38*Y38,0) -> 5633250 | AA38: =ROUND(IF(U38>0,N38,0),0) -> 82215000 | AB38: =ROUND(IF(U38>0,Z38,0),0) -> 5633250 | AC38: =AA38-AB38 -> 76581750
A39: 15162000 | B39: Constr./instalacione | C39: EDIFICACIONES | D39: 1 | E39: Edificios | J39: 43069 | K39: =IF(L39>($M$24*50),"SI","NO") -> SI | L39: =M39/D39 -> 406174241 | M39: 406174241 | N39: 406174241 | O39: =IF(K39="SI",N39,0) -> 406174241 | P39: 15920700 | Q39: Depreciación acumulada, instalaciones | R39: 9778269 | S39: 9778269 | T39: =IF(O39>0,S39,0) -> 9778269 | U39: =IF(O39>0,N39-S39,0) -> 396395972 | V39: 45 | W39: =IF(ROUND(($W$27-J39)/30,0)>(V39*12),(V39*12),(ROUND(($W$27-J39)/30,0)))-1 -> 37 | X39: =(V39*12)-W39 -> 503 | Y39: =N39/(V39*12) -> 752174.52 | Z39: =IF(U39>0,W39*Y39,0) -> 27830457 | AA39: =ROUND(IF(U39>0,N39,0),0) -> 406174241 | AB39: =ROUND(IF(U39>0,Z39,0),0) -> 27830457 | AC39: =AA39-AB39 -> 378343784
A41: 15200000 | B41: Maqu/equ. adquirida | C41: MAQUINARIA | D41: 1 | E41: Maquinaria | J41: 43069 | K41: =IF(L41>($M$24*50),"SI","NO") -> SI | L41: =M41/D41 -> 2.4250949e+08 | M41: 2.4250949e+08 | N41: 2.4250949e+08 | O41: =IF(K41="SI",N41,0) -> 2.4250949e+08 | P41: 15921000 | Q41: Depr.acum,maqu./equ. | R41: 13135931 | S41: 13135931 | T41: =IF(O41>0,S41,0) -> 13135931 | U41: =IF(O41>0,N41-S41,0) -> 2.2937356e+08 | V41: 20 | W41: =IF(ROUND(($W$27-J41)/30,0)>(V41*12),(V41*12),(ROUND(($W$27-J41)/30,0)))-1 -> 37 | X41: =(V41*12)-W41 -> 203 | Y41: =N41/(V41*12) -> 1010456.2 | Z41: =IF(U41>0,W41*Y41,0) -> 37386880 | AA41: =ROUND(IF(U41>0,N41,0),0) -> 242509493 | AB41: =ROUND(IF(U41>0,Z41,0),0) -> 37386880 | AC41: =AA41-AB41 -> 205122613
A42: 15200000 | B42: Maqu/equ. adquirida | C42: MAQUINARIA | D42: 1 | E42: Maquinaria | J42: 43069 | K42: =IF(L42>($M$24*50),"SI","NO") -> SI | L42: =M42/D42 -> 3.9569568e+08 | M42: 3.9569568e+08 | N42: 3.9569568e+08 | O42: =IF(K42="SI",N42,0) -> 3.9569568e+08 | P42: 15921000 | Q42: Depr.acum,maqu./equ. | R42: 21433516 | S42: 21433516 | T42: =IF(O42>0,S42,0) -> 21433516 | U42: =IF(O42>0,N42-S42,0) -> 3.7426216e+08 | V42: 20 | W42: =IF(ROUND(($W$27-J42)/30,0)>(V42*12),(V42*12),(ROUND(($W$27-J42)/30,0)))-1 -> 37 | X42: =(V42*12)-W42 -> 203 | Y42: =N42/(V42*12) -> 1648732 | Z42: =IF(U42>0,W42*Y42,0) -> 61003084 | AA42: =ROUND(IF(U42>0,N42,0),0) -> 395695678 | AB42: =ROUND(IF(U42>0,Z42,0),0) -> 61003084 | AC42: =AA42-AB42 -> 334692594
A43: 15200000 | B43: Maqu/equ. adquirida | C43: MAQUINARIA | D43: 1 | E43: Maquinaria | J43: 43069 | K43: =IF(L43>($M$24*50),"SI","NO") -> SI | L43: =M43/D43 -> 2232008171 | M43: 2232008171 | N43: 2232008171 | O43: =IF(K43="SI",N43,0) -> 2232008171 | P43: 15921000 | Q43: Depr.acum,maqu./equ. | R43: 120900443 | S43: 120900443 | T43: =IF(O43>0,S43,0) -> 120900443 | U43: =IF(O43>0,N43-S43,0) -> 2111107728 | V43: 20 | W43: =IF(ROUND(($W$27-J43)/30,0)>(V43*12),(V43*12),(ROUND(($W$27-J43)/30,0)))-1 -> 37 | X43: =(V43*12)-W43 -> 203 | Y43: =N43/(V43*12) -> 9300034 | Z43: =IF(U43>0,W43*Y43,0) -> 3.4410126e+08 | AA43: =ROUND(IF(U43>0,N43,0),0) -> 2232008171 | AB43: =ROUND(IF(U43>0,Z43,0),0) -> 344101260 | AC43: =AA43-AB43 -> 1887906911
A44: 15200000 | B44: Maqu/equ. adquirida | C44: MAQUINARIA | D44: 1 | E44: Maquinaria | J44: 43069 | K44: =IF(L44>($M$24*50),"SI","NO") -> SI | L44: =M44/D44 -> 36533859 | M44: 36533859 | N44: 36533859 | O44: =IF(K44="SI",N44,0) -> 36533859 | P44: 15921000 | Q44: Depr.acum,maqu./equ. | R44: 1978917 | S44: 1978917 | T44: =IF(O44>0,S44,0) -> 1978917 | U44: =IF(O44>0,N44-S44,0) -> 34554942 | V44: 20 | W44: =IF(ROUND(($W$27-J44)/30,0)>(V44*12),(V44*12),(ROUND(($W$27-J44)/30,0)))-1 -> 37 | X44: =(V44*12)-W44 -> 203 | Y44: =N44/(V44*12) -> 152224.41 | Z44: =IF(U44>0,W44*Y44,0) -> 5632303.3 | AA44: =ROUND(IF(U44>0,N44,0),0) -> 36533859 | AB44: =ROUND(IF(U44>0,Z44,0),0) -> 5632303 | AC44: =AA44-AB44 -> 30901556
... A90: 15200000 | B90: Maqu/equ. adquirida | C90: MAQUINARIA | D90: 1 | E90: Maquinaria | J90: 43069 | K90: =IF(L90>($M$24*50),"SI","NO") -> SI | L90: =M90/D90 -> 4500800 | M90: 4500800 | N90: 4500800 | O90: =IF(K90="SI",N90,0) -> 4500800 | P90: 15921000 | Q90: Depr.acum,maqu./equ. | R90: 487587 | S90: 487587 | T90: =IF(O90>0,S90,0) -> 487587 | U90: =IF(O90>0,N90-S90,0) -> 4013213 | V90: 10 | W90: =IF(ROUND(($W$27-J90)/30,0)>(V90*12),(V90*12),(ROUND(($W$27-J90)/30,0)))-1 -> 37 | X90: =(V90*12)-W90 -> 83 | Y90: =N90/(V90*12) -> 37506.667 | Z90: =IF(U90>0,W90*Y90,0) -> 1387746.7 | AA90: =ROUND(IF(U90>0,N90,0),0) -> 4500800 | AB90: =ROUND(IF(U90>0,Z90,0),0) -> 1387747 | AC90: =AA90-AB90 -> 3113053
A91: 15200000 | B91: Maqu/equ. adquirida | C91: MAQUINARIA | D91: 1 | E91: Maquinaria | J91: 43069 | K91: =IF(L91>($M$23*50),"SI","NO") -> NO | L91: =M91/D91 -> 0 | M91: =655498863.2*0 -> 0 | N91: =655498863.2*0 -> 0 | O91: =IF(K91="SI",N91,0) -> 0 | P91: 15921000 | Q91: Depr.acum,maqu./equ. | R91: =16387472*0 -> 0 | S91: =16387472*0 -> 0 | T91: =IF(O91>0,S91,0) -> 0 | U91: =IF(O91>0,N91-S91,0) -> 0 | V91: 20 | W91: =IF(ROUND(($W$27-J91)/30,0)>(V91*12),(V91*12),(ROUND(($W$27-J91)/30,0)))-1 -> 37 | X91: =(V91*12)-W91 -> 203 | Y91: =N91/(V91*12) -> 0 | Z91: =IF(U91>0,W91*Y91,0) -> 0 | AA91: =ROUND(IF(U91>0,N91,0),0) -> 0 | AB91: =ROUND(IF(U91>0,Z91,0),0) -> 0 | AC91: =AA91-AB91 -> 0 | AD91: Venta de Activo Fijo bajo NIIF Jun-19
A92: 15200000 | B92: Maqu/equ. adquirida | C92: MAQUINARIA | D92: 1 | E92: Maquinaria | J92: 43069 | K92: =IF(L92>($M$24*50),"SI","NO") -> SI | L92: =M92/D92 -> 2.9336191e+08 | M92: 2.9336191e+08 | N92: 2.9336191e+08 | O92: =IF(K92="SI",N92,0) -> 2.9336191e+08 | P92: 15921000 | Q92: Depr.acum,maqu./equ. | R92: 15890437 | S92: 15890437 | T92: =IF(O92>0,S92,0) -> 15890437 | U92: =IF(O92>0,N92-S92,0) -> 2.7747147e+08 | V92: 20 | W92: =IF(ROUND(($W$27-J92)/30,0)>(V92*12),(V92*12),(ROUND(($W$27-J92)/30,0)))-1 -> 37 | X92: =(V92*12)-W92 -> 203 | Y92: =N92/(V92*12) -> 1222341.3 | Z92: =IF(U92>0,W92*Y92,0) -> 45226627 | AA92: =ROUND(IF(U92>0,N92,0),0) -> 293361905 | AB92: =ROUND(IF(U92>0,Z92,0),0) -> 45226627 | AC92: =AA92-AB92 -> 248135278
A93: 15200000 | B93: Maqu/equ. adquirida | C93: MAQUINARIA | D93: 1 | E93: Maquinaria | J93: 43069 | K93: =IF(L93>($M$24*50),"SI","NO") -> SI | L93: =M93/D93 -> 86592899 | M93: 86592899 | N93: 86592899 | O93: =IF(K93="SI",N93,0) -> 86592899 | P93: 15921000 | Q93: Depr.acum,maqu./equ. | R93: 4690449 | S93: 4690449 | T93: =IF(O93>0,S93,0) -> 4690449 | U93: =IF(O93>0,N93-S93,0) -> 81902450 | V93: 20 | W93: =IF(ROUND(($W$27-J93)/30,0)>(V93*12),(V93*12),(ROUND(($W$27-J93)/30,0)))-1 -> 37 | X93: =(V93*12)-W93 -> 203 | Y93: =N93/(V93*12) -> 360803.74 | Z93: =IF(U93>0,W93*Y93,0) -> 13349739 | AA93: =ROUND(IF(U93>0,N93,0),0) -> 86592899 | AB93: =ROUND(IF(U93>0,Z93,0),0) -> 13349739 | AC93: =AA93-AB93 -> 73243160
A94: 15200000 | B94: Maqu/equ. adquirida | C94: MAQUINARIA | D94: 1 | E94: Maquinaria | J94: 43159 | K94: =IF(L94>($M$25*50),"SI","NO") -> SI | L94: =M94/D94 -> 5703631 | M94: 5703631 | N94: 5703631 | O94: =IF(K94="SI",N94,0) -> 5703631 | P94: 15921000 | Q94: Depr.acum,maqu./equ. | R94: 237651 | S94: 237651 | T94: =IF(O94>0,S94,0) -> 237651 | U94: =IF(O94>0,N94-S94,0) -> 5465980 | V94: 20 | W94: =IF(ROUND(($W$27-J94)/30,0)>(V94*12),(V94*12),(ROUND(($W$27-J94)/30,0)))-1 -> 34 | X94: =(V94*12)-W94 -> 206 | Y94: =N94/(V94*12) -> 23765.129 | Z94: =IF(U94>0,W94*Y94,0) -> 808014.39 | AA94: =ROUND(IF(U94>0,N94,0),0) -> 5703631 | AB94: =ROUND(IF(U94>0,Z94,0),0) -> 808014 | AC94: =AA94-AB94 -> 4895617
A95: 15200000 | B95: Maqu/equ. adquirida | C95: MAQUINARIA | D95: 1 | E95: Maquinaria | J95: 43190 | K95: =IF(L95>($M$25*50),"SI","NO") -> SI | L95: =M95/D95 -> 13254594 | M95: 13254594 | N95: 13254594 | O95: =IF(K95="SI",N95,0) -> 13254594 | P95: 15921000 | Q95: Depr.acum,maqu./equ. | R95: 497047 | S95: 497047 | T95: =IF(O95>0,S95,0) -> 497047 | U95: =IF(O95>0,N95-S95,0) -> 12757547 | V95: 20 | W95: =IF(ROUND(($W$27-J95)/30,0)>(V95*12),(V95*12),(ROUND(($W$27-J95)/30,0)))-1 -> 33 | X95: =(V95*12)-W95 -> 207 | Y95: =N95/(V95*12) -> 55227.475 | Z95: =IF(U95>0,W95*Y95,0) -> 1822506.7 | AA95: =ROUND(IF(U95>0,N95,0),0) -> 13254594 | AB95: =ROUND(IF(U95>0,Z95,0),0) -> 1822507 | AC95: =AA95-AB95 -> 11432087
A96: 15200000 | B96: Maqu/equ. adquirida | C96: MAQUINARIA | D96: 1 | E96: Maquinaria | J96: 43344 | K96: =IF(L96>($M$25*50),"SI","NO") -> SI | L96: =M96/D96 -> 14780964 | M96: 14780964 | N96: 14780964 | O96: =IF(K96="SI",N96,0) -> 14780964 | P96: 15921000 | Q96: Depr.acum,maqu./equ. | R96: 246349 | S96: 246349 | T96: =IF(O96>0,S96,0) -> 246349 | U96: =IF(O96>0,N96-S96,0) -> 14534615 | V96: 20 | W96: =IF(ROUND(($W$27-J96)/30,0)>(V96*12),(V96*12),(ROUND(($W$27-J96)/30,0))) -> 28 | X96: =(V96*12)-W96 -> 212 | Y96: =N96/(V96*12) -> 61587.35 | Z96: =IF(U96>0,W96*Y96,0) -> 1724445.8 | AA96: =ROUND(IF(U96>0,N96,0),0) -> 14780964 | AB96: =ROUND(IF(U96>0,Z96,0),0) -> 1724446 | AC96: =AA96-AB96 -> 13056518
A97: 15200000 | B97: Maqu/equ. adquirida | C97: MAQUINARIA | D97: 1 | E97: Maquinaria | J97: 43497 | K97: =IF(L97>($M$26*50),"SI","NO") -> SI | L97: =M97/D97 -> 10500000 | M97: 10500000 | N97: 10500000 | O97: =IF(K97="SI",N97,0) -> 10500000 | P97: 15921000 | Q97: Depr.acum,maqu./equ. | R97: 0 | S97: 0 | T97: =IF(O97>0,S97,0) -> 0 | U97: =IF(O97>0,N97-S97,0) -> 10500000 | V97: 15 | W97: =IF(ROUND(($W$27-J97)/30,0)>(V97*12),(V97*12),(ROUND(($W$27-J97)/30,0))) -> 23 | X97: =(V97*12)-W97 -> 157 | Y97: =N97/(V97*12) -> 58333.333 | Z97: =IF(U97>0,W97*Y97,0) -> 1341666.7 | AA97: =ROUND(IF(U97>0,N97,0),0) -> 10500000 | AB97: =ROUND(IF(U97>0,Z97,0),0) -> 1341667 | AC97: =AA97-AB97 -> 9158333
A98: 15200000 | B98: Maqu/equ. adquirida | C98: MAQUINARIA | D98: 1 | E98: Maquinaria | J98: 43497 | K98: =IF(L98>($M$26*50),"SI","NO") -> SI | L98: =M98/D98 -> 5500000 | M98: 5500000 | N98: 5500000 | O98: =IF(K98="SI",N98,0) -> 5500000 | P98: 15921000 | Q98: Depr.acum,maqu./equ. | R98: 0 | S98: 0 | T98: =IF(O98>0,S98,0) -> 0 | U98: =IF(O98>0,N98-S98,0) -> 5500000 | V98: 15 | W98: =IF(ROUND(($W$27-J98)/30,0)>(V98*12),(V98*12),(ROUND(($W$27-J98)/30,0))) -> 23 | X98: =(V98*12)-W98 -> 157 | Y98: =N98/(V98*12) -> 30555.556 | Z98: =IF(U98>0,W98*Y98,0) -> 702777.78 | AA98: =ROUND(IF(U98>0,N98,0),0) -> 5500000 | AB98: =ROUND(IF(U98>0,Z98,0),0) -> 702778 | AC98: =AA98-AB98 -> 4797222
A99: 15200000 | B99: Maqu/equ. adquirida | C99: MAQUINARIA | D99: 1 | E99: Maquinaria | J99: 43555 | K99: =IF(L99>($M$26*50),"SI","NO") -> SI | L99: =M99/D99 -> 11316244 | M99: 11316244 | N99: 11316244 | O99: =IF(K99="SI",N99,0) -> 11316244 | P99: 15921000 | Q99: Depr.acum,maqu./equ. | R99: 0 | S99: 0 | T99: =IF(O99>0,S99,0) -> 0 | U99: =IF(O99>0,N99-S99,0) -> 11316244 | V99: 25 | W99: =IF(ROUND(($W$27-J99)/30,0)>(V99*12),(V99*12),(ROUND(($W$27-J99)/30,0))) -> 21 | X99: =(V99*12)-W99 -> 279 | Y99: =N99/(V99*12) -> 37720.813 | Z99: =IF(U99>0,W99*Y99,0) -> 792137.08 | AA99: =ROUND(IF(U99>0,N99,0),0) -> 11316244 | AB99: =ROUND(IF(U99>0,Z99,0),0) -> 792137 | AC99: =AA99-AB99 -> 10524107
A100: 15200000 | B100: Maqu/equ. adquirida | C100: MAQUINARIA | D100: 1 | E100: Maquinaria | J100: 43555 | K100: =IF(L100>($M$26*50),"SI","NO") -> SI | L100: =M100/D100 -> 5812531.2 | M100: 5812531.2 | N100: 5812531.2 | O100: =IF(K100="SI",N100,0) -> 5812531.2 | P100: 15921000 | Q100: Depr.acum,maqu./equ. | R100: 0 | S100: 0 | T100: =IF(O100>0,S100,0) -> 0 | U100: =IF(O100>0,N100-S100,0) -> 5812531.2 | V100: 25 | W100: =IF(ROUND(($W$27-J100)/30,0)>(V100*12),(V100*12),(ROUND(($W$27-J100)/30,0))) -> 21 | X100: =(V100*12)-W100 -> 279 | Y100: =N100/(V100*12) -> 19375.104 | Z100: =IF(U100>0,W100*Y100,0) -> 406877.18 | AA100: =ROUND(IF(U100>0,N100,0),0) -> 5812531 | AB100: =ROUND(IF(U100>0,Z100,0),0) -> 406877 | AC100: =AA100-AB100 -> 5405654
A101: 15200000 | B101: Maqu/equ. adquirida | C101: MAQUINARIA | D101: 1 | E101: Maquinaria | J101: 43555 | K101: =IF(L101>($M$26*50),"SI","NO") -> SI | L101: =M101/D101 -> 9901713.5 | M101: 9901713.5 | N101: 9901713.5 | O101: =IF(K101="SI",N101,0) -> 9901713.5 | P101: 15921000 | Q101: Depr.acum,maqu./equ. | R101: 0 | S101: 0 | T101: =IF(O101>0,S101,0) -> 0 | U101: =IF(O101>0,N101-S101,0) -> 9901713.5 | V101: 25 | W101: =IF(ROUND(($W$27-J101)/30,0)>(V101*12),(V101*12),(ROUND(($W$27-J101)/30,0))) -> 21 | X101: =(V101*12)-W101 -> 279 | Y101: =N101/(V101*12) -> 33005.712 | Z101: =IF(U101>0,W101*Y101,0) -> 693119.95 | AA101: =ROUND(IF(U101>0,N101,0),0) -> 9901714 | AB101: =ROUND(IF(U101>0,Z101,0),0) -> 693120 | AC101: =AA101-AB101 -> 9208594
A102: 15200000 | B102: Maqu/equ. adquirida | C102: MAQUINARIA | D102: 1 | E102: Maquinaria | J102: 43555 | K102: =IF(L102>($M$26*50),"SI","NO") -> SI | L102: =M102/D102 -> 5085964.8 | M102: 5085964.8 | N102: 5085964.8 | O102: =IF(K102="SI",N102,0) -> 5085964.8 | P102: 15921000 | Q102: Depr.acum,maqu./equ. | R102: 0 | S102: 0 | T102: =IF(O102>0,S102,0) -> 0 | U102: =IF(O102>0,N102-S102,0) -> 5085964.8 | V102: 25 | W102: =IF(ROUND(($W$27-J102)/30,0)>(V102*12),(V102*12),(ROUND(($W$27-J102)/30,0))) -> 21 | X102: =(V102*12)-W102 -> 279 | Y102: =N102/(V102*12) -> 16953.216 | Z102: =IF(U102>0,W102*Y102,0) -> 356017.54 | AA102: =ROUND(IF(U102>0,N102,0),0) -> 5085965 | AB102: =ROUND(IF(U102>0,Z102,0),0) -> 356018 | AC102: =AA102-AB102 -> 4729947
A103: 15200000 | B103: Maqu/equ. adquirida | C103: MAQUINARIA | D103: 1 | E103: Maquinaria | J103: 43555 | K103: =IF(L103>($M$26*50),"SI","NO") -> SI | L103: =M103/D103 -> 9901713.5 | M103: 9901713.5 | N103: 9901713.5 | O103: =IF(K103="SI",N103,0) -> 9901713.5 | P103: 15921000 | Q103: Depr.acum,maqu./equ. | R103: 0 | S103: 0 | T103: =IF(O103>0,S103,0) -> 0 | U103: =IF(O103>0,N103-S103,0) -> 9901713.5 | V103: 25 | W103: =IF(ROUND(($W$27-J103)/30,0)>(V103*12),(V103*12),(ROUND(($W$27-J103)/30,0))) -> 21 | X103: =(V103*12)-W103 -> 279 | Y103: =N103/(V103*12) -> 33005.712 | Z103: =IF(U103>0,W103*Y103,0) -> 693119.95 | AA103: =ROUND(IF(U103>0,N103,0),0) -> 9901714 | AB103: =ROUND(IF(U103>0,Z103,0),0) -> 693120 | AC103: =AA103-AB103 -> 9208594
A104: 15200000 | B104: Maqu/equ. adquirida | C104: MAQUINARIA | D104: 1 | E104: Maquinaria | J104: 43555 | K104: =IF(L104>($M$26*50),"SI","NO") -> SI | L104: =M104/D104 -> 5085964.8 | M104: 5085964.8 | N104: 5085964.8 | O104: =IF(K104="SI",N104,0) -> 5085964.8 | P104: 15921000 | Q104: Depr.acum,maqu./equ. | R104: 0 | S104: 0 | T104: =IF(O104>0,S104,0) -> 0 | U104: =IF(O104>0,N104-S104,0) -> 5085964.8 | V104: 25 | W104: =IF(ROUND(($W$27-J104)/30,0)>(V104*12),(V104*12),(ROUND(($W$27-J104)/30,0))) -> 21 | X104: =(V104*12)-W104 -> 279 | Y104: =N104/(V104*12) -> 16953.216 | Z104: =IF(U104>0,W104*Y104,0) -> 356017.54 | AA104: =ROUND(IF(U104>0,N104,0),0) -> 5085965 | AB104: =ROUND(IF(U104>0,Z104,0),0) -> 356018 | AC104: =AA104-AB104 -> 4729947
A105: 15200000 | B105: Maqu/equ. adquirida | C105: MAQUINARIA | D105: 1 | E105: Maquinaria | J105: 43555 | K105: =IF(L105>($M$26*50),"SI","NO") -> SI | L105: =M105/D105 -> 9901713.5 | M105: 9901713.5 | N105: 9901713.5 | O105: =IF(K105="SI",N105,0) -> 9901713.5 | P105: 15921000 | Q105: Depr.acum,maqu./equ. | R105: 0 | S105: 0 | T105: =IF(O105>0,S105,0) -> 0 | U105: =IF(O105>0,N105-S105,0) -> 9901713.5 | V105: 25 | W105: =IF(ROUND(($W$27-J105)/30,0)>(V105*12),(V105*12),(ROUND(($W$27-J105)/30,0))) -> 21 | X105: =(V105*12)-W105 -> 279 | Y105: =N105/(V105*12) -> 33005.712 | Z105: =IF(U105>0,W105*Y105,0) -> 693119.95 | AA105: =ROUND(IF(U105>0,N105,0),0) -> 9901714 | AB105: =ROUND(IF(U105>0,Z105,0),0) -> 693120 | AC105: =AA105-AB105 -> 9208594
A106: 15200000 | B106: Maqu/equ. adquirida | C106: MAQUINARIA | D106: 1 | E106: Maquinaria | J106: 43555 | K106: =IF(L106>($M$26*50),"SI","NO") -> SI | L106: =M106/D106 -> 5085964.8 | M106: 5085964.8 | N106: 5085964.8 | O106: =IF(K106="SI",N106,0) -> 5085964.8 | P106: 15921000 | Q106: Depr.acum,maqu./equ. | R106: 0 | S106: 0 | T106: =IF(O106>0,S106,0) -> 0 | U106: =IF(O106>0,N106-S106,0) -> 5085964.8 | V106: 25 | W106: =IF(ROUND(($W$27-J106)/30,0)>(V106*12),(V106*12),(ROUND(($W$27-J106)/30,0))) -> 21 | X106: =(V106*12)-W106 -> 279 | Y106: =N106/(V106*12) -> 16953.216 | Z106: =IF(U106>0,W106*Y106,0) -> 356017.54 | AA106: =ROUND(IF(U106>0,N106,0),0) -> 5085965 | AB106: =ROUND(IF(U106>0,Z106,0),0) -> 356018 | AC106: =AA106-AB106 -> 4729947
A107: 15200000 | B107: Maqu/equ. adquirida | C107: MAQUINARIA | D107: 1 | E107: Maquinaria | J107: 43555 | K107: =IF(L107>($M$26*50),"SI","NO") -> SI | L107: =M107/D107 -> 9901713.5 | M107: 9901713.5 | N107: 9901713.5 | O107: =IF(K107="SI",N107,0) -> 9901713.5 | P107: 15921000 | Q107: Depr.acum,maqu./equ. | R107: 0 | S107: 0 | T107: =IF(O107>0,S107,0) -> 0 | U107: =IF(O107>0,N107-S107,0) -> 9901713.5 | V107: 25 | W107: =IF(ROUND(($W$27-J107)/30,0)>(V107*12),(V107*12),(ROUND(($W$27-J107)/30,0))) -> 21 | X107: =(V107*12)-W107 -> 279 | Y107: =N107/(V107*12) -> 33005.712 | Z107: =IF(U107>0,W107*Y107,0) -> 693119.95 | AA107: =ROUND(IF(U107>0,N107,0),0) -> 9901714 | AB107: =ROUND(IF(U107>0,Z107,0),0) -> 693120 | AC107: =AA107-AB107 -> 9208594
A108: 15200000 | B108: Maqu/equ. adquirida | C108: MAQUINARIA | D108: 1 | E108: Maquinaria | J108: 43555 | K108: =IF(L108>($M$26*50),"SI","NO") -> SI | L108: =M108/D108 -> 5085964.8 | M108: 5085964.8 | N108: 5085964.8 | O108: =IF(K108="SI",N108,0) -> 5085964.8 | P108: 15921000 | Q108: Depr.acum,maqu./equ. | R108: 0 | S108: 0 | T108: =IF(O108>0,S108,0) -> 0 | U108: =IF(O108>0,N108-S108,0) -> 5085964.8 | V108: 25 | W108: =IF(ROUND(($W$27-J108)/30,0)>(V108*12),(V108*12),(ROUND(($W$27-J108)/30,0))) -> 21 | X108: =(V108*12)-W108 -> 279 | Y108: =N108/(V108*12) -> 16953.216 | Z108: =IF(U108>0,W108*Y108,0) -> 356017.54 | AA108: =ROUND(IF(U108>0,N108,0),0) -> 5085965 | AB108: =ROUND(IF(U108>0,Z108,0),0) -> 356018 | AC108: =AA108-AB108 -> 4729947
... A135: 15200000 | B135: Maqu/equ. adquirida | C135: MAQUINARIA | D135: 1 | E135: Maquinaria | J135: 43617 | K135: =IF(L135>($M$26*50),"SI","NO") -> SI | L135: =M135/D135 -> 4095356.5 | M135: 4095356.5 | N135: 4095356.5 | O135: =IF(K135="SI",N135,0) -> 4095356.5 | P135: 15921000 | Q135: Depr.acum,maqu./equ. | R135: 0 | S135: 0 | T135: =IF(O135>0,S135,0) -> 0 | U135: =IF(O135>0,N135-S135,0) -> 4095356.5 | V135: 25 | W135: =IF(ROUND(($W$27-J135)/30,0)>(V135*12),(V135*12),(ROUND(($W$27-J135)/30,0))) -> 19 | X135: =(V135*12)-W135 -> 281 | Y135: =N135/(V135*12) -> 13651.188 | Z135: =IF(U135>0,W135*Y135,0) -> 259372.58 | AA135: =ROUND(IF(U135>0,N135,0),0) -> 4095357 | AB135: =ROUND(IF(U135>0,Z135,0),0) -> 259373 | AC135: =AA135-AB135 -> 3835984
A136: 15200000 | B136: Maqu/equ. adquirida | C136: MAQUINARIA | D136: 1 | E136: Maquinaria | J136: 43617 | K136: =IF(L136>($M$26*50),"SI","NO") -> SI | L136: =M136/D136 -> 2600959.1 | M136: =1235840.3+1365118.84 -> 2600959.1 | N136: =1235840.3+1365118.84 -> 2600959.1 | O136: =IF(K136="SI",N136,0) -> 2600959.1 | P136: 15921000 | Q136: Depr.acum,maqu./equ. | R136: 0 | S136: 0 | T136: =IF(O136>0,S136,0) -> 0 | U136: =IF(O136>0,N136-S136,0) -> 2600959.1 | V136: 25 | W136: =IF(ROUND(($W$27-J136)/30,0)>(V136*12),(V136*12),(ROUND(($W$27-J136)/30,0))) -> 19 | X136: =(V136*12)-W136 -> 281 | Y136: =N136/(V136*12) -> 8669.8638 | Z136: =IF(U136>0,W136*Y136,0) -> 164727.41 | AA136: =ROUND(IF(U136>0,N136,0),0) -> 2600959 | AB136: =ROUND(IF(U136>0,Z136,0),0) -> 164727 | AC136: =AA136-AB136 -> 2436232
A137: 15200000 | B137: Maqu/equ. adquirida | C137: MAQUINARIA | D137: 1 | E137: Maquinaria | J137: 43617 | K137: =IF(L137>($M$26*50),"SI","NO") -> NO | L137: =M137/D137 -> 0 | M137: =1365118.84*0 -> 0 | N137: =1365118.84*0 -> 0 | O137: =IF(K137="SI",N137,0) -> 0 | P137: 15921000 | Q137: Depr.acum,maqu./equ. | R137: 0 | S137: 0 | T137: =IF(O137>0,S137,0) -> 0 | U137: =IF(O137>0,N137-S137,0) -> 0 | V137: 25 | W137: =IF(ROUND(($W$27-J137)/30,0)>(V137*12),(V137*12),(ROUND(($W$27-J137)/30,0))) -> 19 | X137: =(V137*12)-W137 -> 281 | Y137: =N137/(V137*12) -> 0 | Z137: =IF(U137>0,W137*Y137,0) -> 0 | AA137: =ROUND(IF(U137>0,N137,0),0) -> 0 | AB137: =ROUND(IF(U137>0,Z137,0),0) -> 0 | AC137: =AA137-AB137 -> 0
A138: 15200000 | B138: Maqu/equ. adquirida | C138: MAQUINARIA | D138: 1 | E138: Maquinaria | J138: 43617 | K138: =IF(L138>($M$26*50),"SI","NO") -> SI | L138: =M138/D138 -> 2600959.1 | M138: =1235840.3+1365118.84 -> 2600959.1 | N138: =1235840.3+1365118.84 -> 2600959.1 | O138: =IF(K138="SI",N138,0) -> 2600959.1 | P138: 15921000 | Q138: Depr.acum,maqu./equ. | R138: 0 | S138: 0 | T138: =IF(O138>0,S138,0) -> 0 | U138: =IF(O138>0,N138-S138,0) -> 2600959.1 | V138: 25 | W138: =IF(ROUND(($W$27-J138)/30,0)>(V138*12),(V138*12),(ROUND(($W$27-J138)/30,0))) -> 19 | X138: =(V138*12)-W138 -> 281 | Y138: =N138/(V138*12) -> 8669.8638 | Z138: =IF(U138>0,W138*Y138,0) -> 164727.41 | AA138: =ROUND(IF(U138>0,N138,0),0) -> 2600959 | AB138: =ROUND(IF(U138>0,Z138,0),0) -> 164727 | AC138: =AA138-AB138 -> 2436232
A139: 15200000 | B139: Maqu/equ. adquirida | C139: MAQUINARIA | D139: 1 | E139: Maquinaria | J139: 43617 | K139: =IF(L139>($M$26*50),"SI","NO") -> NO | L139: =M139/D139 -> 0 | M139: =1365118.84*0 -> 0 | N139: =1365118.84*0 -> 0 | O139: =IF(K139="SI",N139,0) -> 0 | P139: 15921000 | Q139: Depr.acum,maqu./equ. | R139: 0 | S139: 0 | T139: =IF(O139>0,S139,0) -> 0 | U139: =IF(O139>0,N139-S139,0) -> 0 | V139: 25 | W139: =IF(ROUND(($W$27-J139)/30,0)>(V139*12),(V139*12),(ROUND(($W$27-J139)/30,0))) -> 19 | X139: =(V139*12)-W139 -> 281 | Y139: =N139/(V139*12) -> 0 | Z139: =IF(U139>0,W139*Y139,0) -> 0 | AA139: =ROUND(IF(U139>0,N139,0),0) -> 0 | AB139: =ROUND(IF(U139>0,Z139,0),0) -> 0 | AC139: =AA139-AB139 -> 0
A140: 15200000 | B140: Maqu/equ. adquirida | C140: MAQUINARIA | D140: 1 | E140: Maquinaria | J140: 43617 | K140: =IF(L140>($M$26*50),"SI","NO") -> SI | L140: =M140/D140 -> 37606264 | M140: 37606264 | N140: 37606264 | O140: =IF(K140="SI",N140,0) -> 37606264 | P140: 15921000 | Q140: Depr.acum,maqu./equ. | R140: 0 | S140: 0 | T140: =IF(O140>0,S140,0) -> 0 | U140: =IF(O140>0,N140-S140,0) -> 37606264 | V140: 25 | W140: =IF(ROUND(($W$27-J140)/30,0)>(V140*12),(V140*12),(ROUND(($W$27-J140)/30,0))) -> 19 | X140: =(V140*12)-W140 -> 281 | Y140: =N140/(V140*12) -> 125354.21 | Z140: =IF(U140>0,W140*Y140,0) -> 2381730 | AA140: =ROUND(IF(U140>0,N140,0),0) -> 37606264 | AB140: =ROUND(IF(U140>0,Z140,0),0) -> 2381730 | AC140: =AA140-AB140 -> 35224534
A141: 15200000 | B141: Maqu/equ. adquirida | C141: MAQUINARIA | D141: 1 | E141: Maquinaria | J141: 43617 | K141: =IF(L141>($M$26*50),"SI","NO") -> SI | L141: =M141/D141 -> 13731037 | M141: 13731037 | N141: 13731037 | O141: =IF(K141="SI",N141,0) -> 13731037 | P141: 15921000 | Q141: Depr.acum,maqu./equ. | R141: 0 | S141: 0 | T141: =IF(O141>0,S141,0) -> 0 | U141: =IF(O141>0,N141-S141,0) -> 13731037 | V141: 25 | W141: =IF(ROUND(($W$27-J141)/30,0)>(V141*12),(V141*12),(ROUND(($W$27-J141)/30,0))) -> 19 | X141: =(V141*12)-W141 -> 281 | Y141: =N141/(V141*12) -> 45770.125 | Z141: =IF(U141>0,W141*Y141,0) -> 869632.37 | AA141: =ROUND(IF(U141>0,N141,0),0) -> 13731037 | AB141: =ROUND(IF(U141>0,Z141,0),0) -> 869632 | AC141: =AA141-AB141 -> 12861405
A142: 15200000 | B142: Maqu/equ. adquirida | C142: MAQUINARIA | D142: 1 | E142: Maquinaria | J142: 43617 | K142: =IF(L142>($M$26*50),"SI","NO") -> SI | L142: =M142/D142 -> 37606264 | M142: 37606264 | N142: 37606264 | O142: =IF(K142="SI",N142,0) -> 37606264 | P142: 15921000 | Q142: Depr.acum,maqu./equ. | R142: 0 | S142: 0 | T142: =IF(O142>0,S142,0) -> 0 | U142: =IF(O142>0,N142-S142,0) -> 37606264 | V142: 25 | W142: =IF(ROUND(($W$27-J142)/30,0)>(V142*12),(V142*12),(ROUND(($W$27-J142)/30,0))) -> 19 | X142: =(V142*12)-W142 -> 281 | Y142: =N142/(V142*12) -> 125354.21 | Z142: =IF(U142>0,W142*Y142,0) -> 2381730 | AA142: =ROUND(IF(U142>0,N142,0),0) -> 37606264 | AB142: =ROUND(IF(U142>0,Z142,0),0) -> 2381730 | AC142: =AA142-AB142 -> 35224534
A143: 15200000 | B143: Maqu/equ. adquirida | C143: MAQUINARIA | D143: 1 | E143: Maquinaria | J143: 43617 | K143: =IF(L143>($M$26*50),"SI","NO") -> SI | L143: =M143/D143 -> 13731037 | M143: 13731037 | N143: 13731037 | O143: =IF(K143="SI",N143,0) -> 13731037 | P143: 15921000 | Q143: Depr.acum,maqu./equ. | R143: 0 | S143: 0 | T143: =IF(O143>0,S143,0) -> 0 | U143: =IF(O143>0,N143-S143,0) -> 13731037 | V143: 25 | W143: =IF(ROUND(($W$27-J143)/30,0)>(V143*12),(V143*12),(ROUND(($W$27-J143)/30,0))) -> 19 | X143: =(V143*12)-W143 -> 281 | Y143: =N143/(V143*12) -> 45770.125 | Z143: =IF(U143>0,W143*Y143,0) -> 869632.37 | AA143: =ROUND(IF(U143>0,N143,0),0) -> 13731037 | AB143: =ROUND(IF(U143>0,Z143,0),0) -> 869632 | AC143: =AA143-AB143 -> 12861405
A144: 15200000 | B144: Maqu/equ. adquirida | C144: MAQUINARIA | D144: 1 | E144: Maquinaria | J144: 43617 | K144: =IF(L144>($M$26*50),"SI","NO") -> SI | L144: =M144/D144 -> 37606264 | M144: 37606264 | N144: 37606264 | O144: =IF(K144="SI",N144,0) -> 37606264 | P144: 15921000 | Q144: Depr.acum,maqu./equ. | R144: 0 | S144: 0 | T144: =IF(O144>0,S144,0) -> 0 | U144: =IF(O144>0,N144-S144,0) -> 37606264 | V144: 25 | W144: =IF(ROUND(($W$27-J144)/30,0)>(V144*12),(V144*12),(ROUND(($W$27-J144)/30,0))) -> 19 | X144: =(V144*12)-W144 -> 281 | Y144: =N144/(V144*12) -> 125354.21 | Z144: =IF(U144>0,W144*Y144,0) -> 2381730 | AA144: =ROUND(IF(U144>0,N144,0),0) -> 37606264 | AB144: =ROUND(IF(U144>0,Z144,0),0) -> 2381730 | AC144: =AA144-AB144 -> 35224534
A145: 15200000 | B145: Maqu/equ. adquirida | C145: MAQUINARIA | D145: 1 | E145: Maquinaria | J145: 43617 | K145: =IF(L145>($M$26*50),"SI","NO") -> SI | L145: =M145/D145 -> 13731037 | M145: 13731037 | N145: 13731037 | O145: =IF(K145="SI",N145,0) -> 13731037 | P145: 15921000 | Q145: Depr.acum,maqu./equ. | R145: 0 | S145: 0 | T145: =IF(O145>0,S145,0) -> 0 | U145: =IF(O145>0,N145-S145,0) -> 13731037 | V145: 25 | W145: =IF(ROUND(($W$27-J145)/30,0)>(V145*12),(V145*12),(ROUND(($W$27-J145)/30,0))) -> 19 | X145: =(V145*12)-W145 -> 281 | Y145: =N145/(V145*12) -> 45770.125 | Z145: =IF(U145>0,W145*Y145,0) -> 869632.37 | AA145: =ROUND(IF(U145>0,N145,0),0) -> 13731037 | AB145: =ROUND(IF(U145>0,Z145,0),0) -> 869632 | AC145: =AA145-AB145 -> 12861405
A146: 15200000 | B146: Maqu/equ. adquirida | C146: MAQUINARIA | D146: 1 | E146: Maquinaria | J146: 43617 | K146: =IF(L146>($M$26*50),"SI","NO") -> SI | L146: =M146/D146 -> 16857980 | M146: 16857980 | N146: 16857980 | O146: =IF(K146="SI",N146,0) -> 16857980 | P146: 15921000 | Q146: Depr.acum,maqu./equ. | R146: 0 | S146: 0 | T146: =IF(O146>0,S146,0) -> 0 | U146: =IF(O146>0,N146-S146,0) -> 16857980 | V146: 25 | W146: =IF(ROUND(($W$27-J146)/30,0)>(V146*12),(V146*12),(ROUND(($W$27-J146)/30,0))) -> 19 | X146: =(V146*12)-W146 -> 281 | Y146: =N146/(V146*12) -> 56193.268 | Z146: =IF(U146>0,W146*Y146,0) -> 1067672.1 | AA146: =ROUND(IF(U146>0,N146,0),0) -> 16857980 | AB146: =ROUND(IF(U146>0,Z146,0),0) -> 1067672 | AC146: =AA146-AB146 -> 15790308
A147: 15200000 | B147: Maqu/equ. adquirida | C147: MAQUINARIA | D147: 1 | E147: Maquinaria | J147: 43617 | K147: =IF(L147>($M$26*50),"SI","NO") -> SI | L147: =M147/D147 -> 6155292.7 | M147: 6155292.7 | N147: 6155292.7 | O147: =IF(K147="SI",N147,0) -> 6155292.7 | P147: 15921000 | Q147: Depr.acum,maqu./equ. | R147: 0 | S147: 0 | T147: =IF(O147>0,S147,0) -> 0 | U147: =IF(O147>0,N147-S147,0) -> 6155292.7 | V147: 25 | W147: =IF(ROUND(($W$27-J147)/30,0)>(V147*12),(V147*12),(ROUND(($W$27-J147)/30,0))) -> 19 | X147: =(V147*12)-W147 -> 281 | Y147: =N147/(V147*12) -> 20517.642 | Z147: =IF(U147>0,W147*Y147,0) -> 389835.2 | AA147: =ROUND(IF(U147>0,N147,0),0) -> 6155293 | AB147: =ROUND(IF(U147>0,Z147,0),0) -> 389835 | AC147: =AA147-AB147 -> 5765458
A148: 15200000 | B148: Maqu/equ. adquirida | C148: MAQUINARIA | D148: 1 | E148: Maquinaria | J148: 43617 | K148: =IF(L148>($M$26*50),"SI","NO") -> SI | L148: =M148/D148 -> 4078945.9 | M148: 4078945.9 | N148: 4078945.9 | O148: =IF(K148="SI",N148,0) -> 4078945.9 | P148: 15921000 | Q148: Depr.acum,maqu./equ. | R148: 0 | S148: 0 | T148: =IF(O148>0,S148,0) -> 0 | U148: =IF(O148>0,N148-S148,0) -> 4078945.9 | V148: 25 | W148: =IF(ROUND(($W$27-J148)/30,0)>(V148*12),(V148*12),(ROUND(($W$27-J148)/30,0))) -> 19 | X148: =(V148*12)-W148 -> 281 | Y148: =N148/(V148*12) -> 13596.486 | Z148: =IF(U148>0,W148*Y148,0) -> 258333.24 | AA148: =ROUND(IF(U148>0,N148,0),0) -> 4078946 | AB148: =ROUND(IF(U148>0,Z148,0),0) -> 258333 | AC148: =AA148-AB148 -> 3820613
A149: 15200000 | B149: Maqu/equ. adquirida | C149: MAQUINARIA | D149: 1 | E149: Maquinaria | J149: 43617 | K149: =IF(L149>($M$26*50),"SI","NO") -> SI | L149: =M149/D149 -> 10663066 | M149: 10663066 | N149: 10663066 | O149: =IF(K149="SI",N149,0) -> 10663066 | P149: 15921000 | Q149: Depr.acum,maqu./equ. | R149: 0 | S149: 0 | T149: =IF(O149>0,S149,0) -> 0 | U149: =IF(O149>0,N149-S149,0) -> 10663066 | V149: 25 | W149: =IF(ROUND(($W$27-J149)/30,0)>(V149*12),(V149*12),(ROUND(($W$27-J149)/30,0))) -> 19 | X149: =(V149*12)-W149 -> 281 | Y149: =N149/(V149*12) -> 35543.554 | Z149: =IF(U149>0,W149*Y149,0) -> 675327.52 | AA149: =ROUND(IF(U149>0,N149,0),0) -> 10663066 | AB149: =ROUND(IF(U149>0,Z149,0),0) -> 675328 | AC149: =AA149-AB149 -> 9987738
A150: 15200000 | B150: Maqu/equ. adquirida | C150: MAQUINARIA | D150: 1 | E150: Maquinaria | J150: 43617 | K150: =IF(L150>($M$26*50),"SI","NO") -> SI | L150: =M150/D150 -> 4078945.9 | M150: 4078945.9 | N150: 4078945.9 | O150: =IF(K150="SI",N150,0) -> 4078945.9 | P150: 15921000 | Q150: Depr.acum,maqu./equ. | R150: 0 | S150: 0 | T150: =IF(O150>0,S150,0) -> 0 | U150: =IF(O150>0,N150-S150,0) -> 4078945.9 | V150: 25 | W150: =IF(ROUND(($W$27-J150)/30,0)>(V150*12),(V150*12),(ROUND(($W$27-J150)/30,0))) -> 19 | X150: =(V150*12)-W150 -> 281 | Y150: =N150/(V150*12) -> 13596.486 | Z150: =IF(U150>0,W150*Y150,0) -> 258333.24 | AA150: =ROUND(IF(U150>0,N150,0),0) -> 4078946 | AB150: =ROUND(IF(U150>0,Z150,0),0) -> 258333 | AC150: =AA150-AB150 -> 3820613
A151: 15200000 | B151: Maqu/equ. adquirida | C151: MAQUINARIA | D151: 1 | E151: Maquinaria | J151: 43617 | K151: =IF(L151>($M$26*50),"SI","NO") -> SI | L151: =M151/D151 -> 10663066 | M151: 10663066 | N151: 10663066 | O151: =IF(K151="SI",N151,0) -> 10663066 | P151: 15921000 | Q151: Depr.acum,maqu./equ. | R151: 0 | S151: 0 | T151: =IF(O151>0,S151,0) -> 0 | U151: =IF(O151>0,N151-S151,0) -> 10663066 | V151: 25 | W151: =IF(ROUND(($W$27-J151)/30,0)>(V151*12),(V151*12),(ROUND(($W$27-J151)/30,0))) -> 19 | X151: =(V151*12)-W151 -> 281 | Y151: =N151/(V151*12) -> 35543.554 | Z151: =IF(U151>0,W151*Y151,0) -> 675327.52 | AA151: =ROUND(IF(U151>0,N151,0),0) -> 10663066 | AB151: =ROUND(IF(U151>0,Z151,0),0) -> 675328 | AC151: =AA151-AB151 -> 9987738
... A189: 15200000 | B189: Maqu/equ. adquirida | C189: MAQUINARIA | D189: 1 | E189: Maquinaria | J189: 43646 | K189: =IF(L189>($M$26*50),"SI","NO") -> SI | L189: =M189/D189 -> 1.0854878e+08 | M189: 1.0854878e+08 | N189: 1.0854878e+08 | O189: =IF(K189="SI",N189,0) -> 1.0854878e+08 | P189: 15921000 | Q189: Depr.acum,maqu./equ. | R189: 0 | S189: 0 | T189: =IF(O189>0,S189,0) -> 0 | U189: =IF(O189>0,N189-S189,0) -> 1.0854878e+08 | V189: 25 | W189: =IF(ROUND(($W$27-J189)/30,0)>(V189*12),(V189*12),(ROUND(($W$27-J189)/30,0))) -> 18 | X189: =(V189*12)-W189 -> 282 | Y189: =N189/(V189*12) -> 361829.25 | Z189: =IF(U189>0,W189*Y189,0) -> 6512926.5 | AA189: =ROUND(IF(U189>0,N189,0),0) -> 108548775 | AB189: =ROUND(IF(U189>0,Z189,0),0) -> 6512927 | AC189: =AA189-AB189 -> 102035848
A190: 15200000 | B190: Maqu/equ. adquirida | C190: MAQUINARIA | D190: 1 | E190: Maquinaria | J190: 43685 | K190: =IF(L190>($M$26*50),"SI","NO") -> SI | L190: =M190/D190 -> 4331600 | M190: 4331600 | N190: 4331600 | O190: =IF(K190="SI",N190,0) -> 4331600 | P190: 15921000 | Q190: Depr.acum,maqu./equ. | R190: 0 | S190: 0 | T190: =IF(O190>0,S190,0) -> 0 | U190: =IF(O190>0,N190-S190,0) -> 4331600 | V190: 15 | W190: =IF(ROUND(($W$27-J190)/30,0)>(V190*12),(V190*12),(ROUND(($W$27-J190)/30,0)))-1 -> 16 | X190: =(V190*12)-W190 -> 164 | Y190: =N190/(V190*12) -> 24064.444 | Z190: =IF(U190>0,W190*Y190,0) -> 385031.11 | AA190: =ROUND(IF(U190>0,N190,0),0) -> 4331600 | AB190: =ROUND(IF(U190>0,Z190,0),0) -> 385031 | AC190: =AA190-AB190 -> 3946569
A191: 15200000 | B191: Maqu/equ. adquirida | C191: MAQUINARIA | D191: 1 | E191: Maquinaria | J191: 43699 | K191: =IF(L191>($M$26*50),"SI","NO") -> SI | L191: =M191/D191 -> 7392280 | M191: 7392280 | N191: 7392280 | O191: =IF(K191="SI",N191,0) -> 7392280 | P191: 15921000 | Q191: Depr.acum,maqu./equ. | R191: 0 | S191: 0 | T191: =IF(O191>0,S191,0) -> 0 | U191: =IF(O191>0,N191-S191,0) -> 7392280 | V191: 25 | W191: =IF(ROUND(($W$27-J191)/30,0)>(V191*12),(V191*12),(ROUND(($W$27-J191)/30,0)))-1 -> 16 | X191: =(V191*12)-W191 -> 284 | Y191: =N191/(V191*12) -> 24640.933 | Z191: =IF(U191>0,W191*Y191,0) -> 394254.93 | AA191: =ROUND(IF(U191>0,N191,0),0) -> 7392280 | AB191: =ROUND(IF(U191>0,Z191,0),0) -> 394255 | AC191: =AA191-AB191 -> 6998025
A192: 15200000 | B192: Maqu/equ. adquirida | C192: MAQUINARIA | D192: 1 | E192: Maquinaria | J192: 43708 | K192: =IF(L192>($M$26*50),"SI","NO") -> SI | L192: =M192/D192 -> 12922676 | M192: 12922676 | N192: 12922676 | O192: =IF(K192="SI",N192,0) -> 12922676 | P192: 15921000 | Q192: Depr.acum,maqu./equ. | R192: 0 | S192: 0 | T192: =IF(O192>0,S192,0) -> 0 | U192: =IF(O192>0,N192-S192,0) -> 12922676 | V192: 25 | W192: =IF(ROUND(($W$27-J192)/30,0)>(V192*12),(V192*12),(ROUND(($W$27-J192)/30,0))) -> 16 | X192: =(V192*12)-W192 -> 284 | Y192: =N192/(V192*12) -> 43075.588 | Z192: =IF(U192>0,W192*Y192,0) -> 689209.41 | AA192: =ROUND(IF(U192>0,N192,0),0) -> 12922676 | AB192: =ROUND(IF(U192>0,Z192,0),0) -> 689209 | AC192: =AA192-AB192 -> 12233467
A193: 15200000 | B193: Maqu/equ. adquirida | C193: MAQUINARIA | D193: 1 | E193: Maquinaria | J193: 43708 | K193: =IF(L193>($M$26*50),"SI","NO") -> SI | L193: =M193/D193 -> 11307342 | M193: 11307342 | N193: 11307342 | O193: =IF(K193="SI",N193,0) -> 11307342 | P193: 15921000 | Q193: Depr.acum,maqu./equ. | R193: 0 | S193: 0 | T193: =IF(O193>0,S193,0) -> 0 | U193: =IF(O193>0,N193-S193,0) -> 11307342 | V193: 25 | W193: =IF(ROUND(($W$27-J193)/30,0)>(V193*12),(V193*12),(ROUND(($W$27-J193)/30,0))) -> 16 | X193: =(V193*12)-W193 -> 284 | Y193: =N193/(V193*12) -> 37691.14 | Z193: =IF(U193>0,W193*Y193,0) -> 603058.24 | AA193: =ROUND(IF(U193>0,N193,0),0) -> 11307342 | AB193: =ROUND(IF(U193>0,Z193,0),0) -> 603058 | AC193: =AA193-AB193 -> 10704284
A194: 15200000 | B194: Maqu/equ. adquirida | C194: MAQUINARIA | D194: 1 | E194: Maquinaria | J194: 43708 | K194: =IF(L194>($M$26*50),"SI","NO") -> SI | L194: =M194/D194 -> 11307342 | M194: 11307342 | N194: 11307342 | O194: =IF(K194="SI",N194,0) -> 11307342 | P194: 15921000 | Q194: Depr.acum,maqu./equ. | R194: 0 | S194: 0 | T194: =IF(O194>0,S194,0) -> 0 | U194: =IF(O194>0,N194-S194,0) -> 11307342 | V194: 25 | W194: =IF(ROUND(($W$27-J194)/30,0)>(V194*12),(V194*12),(ROUND(($W$27-J194)/30,0))) -> 16 | X194: =(V194*12)-W194 -> 284 | Y194: =N194/(V194*12) -> 37691.14 | Z194: =IF(U194>0,W194*Y194,0) -> 603058.24 | AA194: =ROUND(IF(U194>0,N194,0),0) -> 11307342 | AB194: =ROUND(IF(U194>0,Z194,0),0) -> 603058 | AC194: =AA194-AB194 -> 10704284
A195: 15200000 | B195: Maqu/equ. adquirida | C195: MAQUINARIA | D195: 1 | E195: Maquinaria | J195: 43708 | K195: =IF(L195>($M$26*50),"SI","NO") -> SI | L195: =M195/D195 -> 11307342 | M195: 11307342 | N195: 11307342 | O195: =IF(K195="SI",N195,0) -> 11307342 | P195: 15921000 | Q195: Depr.acum,maqu./equ. | R195: 0 | S195: 0 | T195: =IF(O195>0,S195,0) -> 0 | U195: =IF(O195>0,N195-S195,0) -> 11307342 | V195: 25 | W195: =IF(ROUND(($W$27-J195)/30,0)>(V195*12),(V195*12),(ROUND(($W$27-J195)/30,0))) -> 16 | X195: =(V195*12)-W195 -> 284 | Y195: =N195/(V195*12) -> 37691.14 | Z195: =IF(U195>0,W195*Y195,0) -> 603058.24 | AA195: =ROUND(IF(U195>0,N195,0),0) -> 11307342 | AB195: =ROUND(IF(U195>0,Z195,0),0) -> 603058 | AC195: =AA195-AB195 -> 10704284
A196: 15200000 | B196: Maqu/equ. adquirida | C196: MAQUINARIA | D196: 1 | E196: Maquinaria | J196: 43708 | K196: =IF(L196>($M$26*50),"SI","NO") -> SI | L196: =M196/D196 -> 11307342 | M196: 11307342 | N196: 11307342 | O196: =IF(K196="SI",N196,0) -> 11307342 | P196: 15921000 | Q196: Depr.acum,maqu./equ. | R196: 0 | S196: 0 | T196: =IF(O196>0,S196,0) -> 0 | U196: =IF(O196>0,N196-S196,0) -> 11307342 | V196: 25 | W196: =IF(ROUND(($W$27-J196)/30,0)>(V196*12),(V196*12),(ROUND(($W$27-J196)/30,0))) -> 16 | X196: =(V196*12)-W196 -> 284 | Y196: =N196/(V196*12) -> 37691.14 | Z196: =IF(U196>0,W196*Y196,0) -> 603058.24 | AA196: =ROUND(IF(U196>0,N196,0),0) -> 11307342 | AB196: =ROUND(IF(U196>0,Z196,0),0) -> 603058 | AC196: =AA196-AB196 -> 10704284
A197: 15200000 | B197: Maqu/equ. adquirida | C197: MAQUINARIA | D197: 1 | E197: Maquinaria | J197: 43708 | K197: =IF(L197>($M$26*50),"SI","NO") -> SI | L197: =M197/D197 -> 11307342 | M197: 11307342 | N197: 11307342 | O197: =IF(K197="SI",N197,0) -> 11307342 | P197: 15921000 | Q197: Depr.acum,maqu./equ. | R197: 0 | S197: 0 | T197: =IF(O197>0,S197,0) -> 0 | U197: =IF(O197>0,N197-S197,0) -> 11307342 | V197: 25 | W197: =IF(ROUND(($W$27-J197)/30,0)>(V197*12),(V197*12),(ROUND(($W$27-J197)/30,0))) -> 16 | X197: =(V197*12)-W197 -> 284 | Y197: =N197/(V197*12) -> 37691.14 | Z197: =IF(U197>0,W197*Y197,0) -> 603058.24 | AA197: =ROUND(IF(U197>0,N197,0),0) -> 11307342 | AB197: =ROUND(IF(U197>0,Z197,0),0) -> 603058 | AC197: =AA197-AB197 -> 10704284
A198: 15200000 | B198: Maqu/equ. adquirida | C198: MAQUINARIA | D198: 1 | E198: Maquinaria | J198: 43708 | K198: =IF(L198>($M$26*50),"SI","NO") -> SI | L198: =M198/D198 -> 11307342 | M198: 11307342 | N198: 11307342 | O198: =IF(K198="SI",N198,0) -> 11307342 | P198: 15921000 | Q198: Depr.acum,maqu./equ. | R198: 0 | S198: 0 | T198: =IF(O198>0,S198,0) -> 0 | U198: =IF(O198>0,N198-S198,0) -> 11307342 | V198: 25 | W198: =IF(ROUND(($W$27-J198)/30,0)>(V198*12),(V198*12),(ROUND(($W$27-J198)/30,0))) -> 16 | X198: =(V198*12)-W198 -> 284 | Y198: =N198/(V198*12) -> 37691.14 | Z198: =IF(U198>0,W198*Y198,0) -> 603058.24 | AA198: =ROUND(IF(U198>0,N198,0),0) -> 11307342 | AB198: =ROUND(IF(U198>0,Z198,0),0) -> 603058 | AC198: =AA198-AB198 -> 10704284
A199: 15200000 | B199: Maqu/equ. adquirida | C199: MAQUINARIA | D199: 1 | E199: Maquinaria | J199: 43691 | K199: =IF(L199>($M$26*50),"SI","NO") -> SI | L199: =M199/D199 -> 30886408 | M199: =21462307.06+1673048+4755000+139951+77350+650000+2128752 -> 30886408 | N199: =21462307.06+1673048+4755000+139951+77350+650000+2128752 -> 30886408 | O199: =IF(K199="SI",N199,0) -> 30886408 | P199: 15921000 | Q199: Depr.acum,maqu./equ. | R199: 0 | S199: 0 | T199: =IF(O199>0,S199,0) -> 0 | U199: =IF(O199>0,N199-S199,0) -> 30886408 | V199: 25 | W199: =IF(ROUND(($W$27-J199)/30,0)>(V199*12),(V199*12),(ROUND(($W$27-J199)/30,0)))-1 -> 16 | X199: =(V199*12)-W199 -> 284 | Y199: =N199/(V199*12) -> 102954.69 | Z199: =IF(U199>0,W199*Y199,0) -> 1647275.1 | AA199: =ROUND(IF(U199>0,N199,0),0) -> 30886408 | AB199: =ROUND(IF(U199>0,Z199,0),0) -> 1647275 | AC199: =AA199-AB199 -> 29239133
A200: 15200000 | B200: Maqu/equ. adquirida | C200: MAQUINARIA | D200: 1 | E200: Maquinaria | J200: 43711 | K200: =IF(L200>($M$26*50),"SI","NO") -> NO | L200: =M200/D200 -> 0 | M200: =1673048*0 -> 0 | N200: =1673048*0 -> 0 | O200: =IF(K200="SI",N200,0) -> 0 | P200: 15921000 | Q200: Depr.acum,maqu./equ. | R200: 0 | S200: 0 | T200: =IF(O200>0,S200,0) -> 0 | U200: =IF(O200>0,N200-S200,0) -> 0 | V200: 25 | W200: =IF(ROUND(($W$27-J200)/30,0)>(V200*12),(V200*12),(ROUND(($W$27-J200)/30,0))) -> 16 | X200: =(V200*12)-W200 -> 284 | Y200: =N200/(V200*12) -> 0 | Z200: =IF(U200>0,W200*Y200,0) -> 0 | AA200: =ROUND(IF(U200>0,N200,0),0) -> 0 | AB200: =ROUND(IF(U200>0,Z200,0),0) -> 0 | AC200: =AA200-AB200 -> 0
A201: 15200000 | B201: Maqu/equ. adquirida | C201: MAQUINARIA | D201: 1 | E201: Maquinaria | J201: 43712 | K201: =IF(L201>($M$26*50),"SI","NO") -> NO | L201: =M201/D201 -> 0 | M201: =4755000*0 -> 0 | N201: =4755000*0 -> 0 | O201: =IF(K201="SI",N201,0) -> 0 | P201: 15921000 | Q201: Depr.acum,maqu./equ. | R201: 0 | S201: 0 | T201: =IF(O201>0,S201,0) -> 0 | U201: =IF(O201>0,N201-S201,0) -> 0 | V201: 25 | W201: =IF(ROUND(($W$27-J201)/30,0)>(V201*12),(V201*12),(ROUND(($W$27-J201)/30,0))) -> 16 | X201: =(V201*12)-W201 -> 284 | Y201: =N201/(V201*12) -> 0 | Z201: =IF(U201>0,W201*Y201,0) -> 0 | AA201: =ROUND(IF(U201>0,N201,0),0) -> 0 | AB201: =ROUND(IF(U201>0,Z201,0),0) -> 0 | AC201: =AA201-AB201 -> 0
A202: 15200000 | B202: Maqu/equ. adquirida | C202: MAQUINARIA | D202: 1 | E202: Maquinaria | J202: 43719 | K202: =IF(L202>($M$26*50),"SI","NO") -> NO | L202: =M202/D202 -> 0 | M202: =139951*0 -> 0 | N202: =139951*0 -> 0 | O202: =IF(K202="SI",N202,0) -> 0 | P202: 15921000 | Q202: Depr.acum,maqu./equ. | R202: 0 | S202: 0 | T202: =IF(O202>0,S202,0) -> 0 | U202: =IF(O202>0,N202-S202,0) -> 0 | V202: 25 | W202: =IF(ROUND(($W$27-J202)/30,0)>(V202*12),(V202*12),(ROUND(($W$27-J202)/30,0))) -> 16 | X202: =(V202*12)-W202 -> 284 | Y202: =N202/(V202*12) -> 0 | Z202: =IF(U202>0,W202*Y202,0) -> 0 | AA202: =ROUND(IF(U202>0,N202,0),0) -> 0 | AB202: =ROUND(IF(U202>0,Z202,0),0) -> 0 | AC202: =AA202-AB202 -> 0
A203: 15200000 | B203: Maqu/equ. adquirida | C203: MAQUINARIA | D203: 1 | E203: Maquinaria | J203: 43719 | K203: =IF(L203>($M$26*50),"SI","NO") -> NO | L203: =M203/D203 -> 0 | M203: =77350*0 -> 0 | N203: =77350*0 -> 0 | O203: =IF(K203="SI",N203,0) -> 0 | P203: 15921000 | Q203: Depr.acum,maqu./equ. | R203: 0 | S203: 0 | T203: =IF(O203>0,S203,0) -> 0 | U203: =IF(O203>0,N203-S203,0) -> 0 | V203: 25 | W203: =IF(ROUND(($W$27-J203)/30,0)>(V203*12),(V203*12),(ROUND(($W$27-J203)/30,0))) -> 16 | X203: =(V203*12)-W203 -> 284 | Y203: =N203/(V203*12) -> 0 | Z203: =IF(U203>0,W203*Y203,0) -> 0 | AA203: =ROUND(IF(U203>0,N203,0),0) -> 0 | AB203: =ROUND(IF(U203>0,Z203,0),0) -> 0 | AC203: =AA203-AB203 -> 0
A204: 15200000 | B204: Maqu/equ. adquirida | C204: MAQUINARIA | D204: 1 | E204: Maquinaria | J204: 43727 | K204: =IF(L204>($M$26*50),"SI","NO") -> NO | L204: =M204/D204 -> 0 | M204: =650000*0 -> 0 | N204: =650000*0 -> 0 | O204: =IF(K204="SI",N204,0) -> 0 | P204: 15921000 | Q204: Depr.acum,maqu./equ. | R204: 0 | S204: 0 | T204: =IF(O204>0,S204,0) -> 0 | U204: =IF(O204>0,N204-S204,0) -> 0 | V204: 25 | W204: =IF(ROUND(($W$27-J204)/30,0)>(V204*12),(V204*12),(ROUND(($W$27-J204)/30,0))) -> 16 | X204: =(V204*12)-W204 -> 284 | Y204: =N204/(V204*12) -> 0 | Z204: =IF(U204>0,W204*Y204,0) -> 0 | AA204: =ROUND(IF(U204>0,N204,0),0) -> 0 | AB204: =ROUND(IF(U204>0,Z204,0),0) -> 0 | AC204: =AA204-AB204 -> 0
A205: 15200000 | B205: Maqu/equ. adquirida | C205: MAQUINARIA | D205: 1 | E205: Maquinaria | J205: 43727 | K205: =IF(L205>($M$26*50),"SI","NO") -> NO | L205: =M205/D205 -> 0 | M205: =2128752*0 -> 0 | N205: =2128752*0 -> 0 | O205: =IF(K205="SI",N205,0) -> 0 | P205: 15921000 | Q205: Depr.acum,maqu./equ. | R205: 0 | S205: 0 | T205: =IF(O205>0,S205,0) -> 0 | U205: =IF(O205>0,N205-S205,0) -> 0 | V205: 25 | W205: =IF(ROUND(($W$27-J205)/30,0)>(V205*12),(V205*12),(ROUND(($W$27-J205)/30,0))) -> 16 | X205: =(V205*12)-W205 -> 284 | Y205: =N205/(V205*12) -> 0 | Z205: =IF(U205>0,W205*Y205,0) -> 0 | AA205: =ROUND(IF(U205>0,N205,0),0) -> 0 | AB205: =ROUND(IF(U205>0,Z205,0),0) -> 0 | AC205: =AA205-AB205 -> 0
A206: 15200000 | B206: Maqu/equ. adquirida | C206: MAQUINARIA | D206: 1 | E206: Maquinaria | J206: 43721 | K206: =IF(L206>($M$26*50),"SI","NO") -> SI | L206: =M206/D206 -> 4510100 | M206: 4510100 | N206: 4510100 | O206: =IF(K206="SI",N206,0) -> 4510100 | P206: 15921000 | Q206: Depr.acum,maqu./equ. | R206: 0 | S206: 0 | T206: =IF(O206>0,S206,0) -> 0 | U206: =IF(O206>0,N206-S206,0) -> 4510100 | V206: 25 | W206: =IF(ROUND(($W$27-J206)/30,0)>(V206*12),(V206*12),(ROUND(($W$27-J206)/30,0)))-1 -> 15 | X206: =(V206*12)-W206 -> 285 | Y206: =N206/(V206*12) -> 15033.667 | Z206: =IF(U206>0,W206*Y206,0) -> 225505 | AA206: =ROUND(IF(U206>0,N206,0),0) -> 4510100 | AB206: =ROUND(IF(U206>0,Z206,0),0) -> 225505 | AC206: =AA206-AB206 -> 4284595
A207: 15200000 | B207: Maqu/equ. adquirida | C207: MAQUINARIA | D207: 1 | E207: Maquinaria | J207: 43733 | K207: =IF(L207>($M$26*50),"SI","NO") -> SI | L207: =M207/D207 -> 4685268 | M207: 4685268 | N207: 4685268 | O207: =IF(K207="SI",N207,0) -> 4685268 | P207: 15921000 | Q207: Depr.acum,maqu./equ. | R207: 0 | S207: 0 | T207: =IF(O207>0,S207,0) -> 0 | U207: =IF(O207>0,N207-S207,0) -> 4685268 | V207: 20 | W207: =IF(ROUND(($W$27-J207)/30,0)>(V207*12),(V207*12),(ROUND(($W$27-J207)/30,0))) -> 15 | X207: =(V207*12)-W207 -> 225 | Y207: =N207/(V207*12) -> 19521.95 | Z207: =IF(U207>0,W207*Y207,0) -> 292829.25 | AA207: =ROUND(IF(U207>0,N207,0),0) -> 4685268 | AB207: =ROUND(IF(U207>0,Z207,0),0) -> 292829 | AC207: =AA207-AB207 -> 4392439
A208: 15200000 | B208: Maqu/equ. adquirida | C208: MAQUINARIA | D208: 1 | E208: Maquinaria | J208: 43738 | K208: =IF(L208>($M$26*50),"SI","NO") -> SI | L208: =M208/D208 -> 3.0142339e+08 | M208: =298367790.15+3055600 -> 3.0142339e+08 | N208: =298367790.15+3055600 -> 3.0142339e+08 | O208: =IF(K208="SI",N208,0) -> 3.0142339e+08 | P208: 15921000 | Q208: Depr.acum,maqu./equ. | R208: 0 | S208: 0 | T208: =IF(O208>0,S208,0) -> 0 | U208: =IF(O208>0,N208-S208,0) -> 3.0142339e+08 | V208: 20 | W208: =IF(ROUND(($W$27-J208)/30,0)>(V208*12),(V208*12),(ROUND(($W$27-J208)/30,0))) -> 15 | X208: =(V208*12)-W208 -> 225 | Y208: =N208/(V208*12) -> 1255930.8 | Z208: =IF(U208>0,W208*Y208,0) -> 18838962 | AA208: =ROUND(IF(U208>0,N208,0),0) -> 301423390 | AB208: =ROUND(IF(U208>0,Z208,0),0) -> 18838962 | AC208: =AA208-AB208 -> 282584428
A209: 15200000 | B209: Maqu/equ. adquirida | C209: MAQUINARIA | D209: 1 | E209: Maquinaria | J209: 43770 | K209: =IF(L209>($M$26*50),"SI","NO") -> SI | L209: =M209/D209 -> 9477200 | M209: 9477200 | N209: 9477200 | O209: =IF(K209="SI",N209,0) -> 9477200 | P209: 15921000 | Q209: Depr.acum,maqu./equ. | R209: 0 | S209: 0 | T209: =IF(O209>0,S209,0) -> 0 | U209: =IF(O209>0,N209-S209,0) -> 9477200 | V209: 20 | W209: =IF(ROUND(($W$27-J209)/30,0)>(V209*12),(V209*12),(ROUND(($W$27-J209)/30,0))) -> 14 | X209: =(V209*12)-W209 -> 226 | Y209: =N209/(V209*12) -> 39488.333 | Z209: =IF(U209>0,W209*Y209,0) -> 552836.67 | AA209: =ROUND(IF(U209>0,N209,0),0) -> 9477200 | AB209: =ROUND(IF(U209>0,Z209,0),0) -> 552837 | AC209: =AA209-AB209 -> 8924363
A210: 15200000 | B210: Maqu/equ. adquirida | C210: MAQUINARIA | D210: 1 | E210: Maquinaria | J210: 43770 | K210: =IF(L210>($M$26*50),"SI","NO") -> SI | L210: =M210/D210 -> 4510100 | M210: 4510100 | N210: 4510100 | O210: =IF(K210="SI",N210,0) -> 4510100 | P210: 15921000 | Q210: Depr.acum,maqu./equ. | R210: 0 | S210: 0 | T210: =IF(O210>0,S210,0) -> 0 | U210: =IF(O210>0,N210-S210,0) -> 4510100 | V210: 25 | W210: =IF(ROUND(($W$27-J210)/30,0)>(V210*12),(V210*12),(ROUND(($W$27-J210)/30,0))) -> 14 | X210: =(V210*12)-W210 -> 286 | Y210: =N210/(V210*12) -> 15033.667 | Z210: =IF(U210>0,W210*Y210,0) -> 210471.33 | AA210: =ROUND(IF(U210>0,N210,0),0) -> 4510100 | AB210: =ROUND(IF(U210>0,Z210,0),0) -> 210471 | AC210: =AA210-AB210 -> 4299629
A211: 15200000 | B211: Maqu/equ. adquirida | C211: MAQUINARIA | D211: 1 | E211: Maquinaria | J211: 43770 | K211: =IF(L211>($M$26*50),"SI","NO") -> SI | L211: =M211/D211 -> 150054990 | M211: 150054990 | N211: 150054990 | O211: =IF(K211="SI",N211,0) -> 150054990 | P211: 15921000 | Q211: Depr.acum,maqu./equ. | R211: 0 | S211: 0 | T211: =IF(O211>0,S211,0) -> 0 | U211: =IF(O211>0,N211-S211,0) -> 150054990 | V211: 20 | W211: =IF(ROUND(($W$27-J211)/30,0)>(V211*12),(V211*12),(ROUND(($W$27-J211)/30,0))) -> 14 | X211: =(V211*12)-W211 -> 226 | Y211: =N211/(V211*12) -> 625229.12 | Z211: =IF(U211>0,W211*Y211,0) -> 8753207.8 | AA211: =ROUND(IF(U211>0,N211,0),0) -> 150054990 | AB211: =ROUND(IF(U211>0,Z211,0),0) -> 8753208 | AC211: =AA211-AB211 -> 141301782
...

Sheet P, Pl y Eq 2021
C1: NIIF Pymes | XFC1: Terrenos
A2: CUENTA | B2: DESCRIPCIÓN | C2: SALDO 31-DIC-2021 | D2: Validación | E2: Validación 2 | XFC2: Edificios
A3: 15040000 | B3: Prop.,pl/equ.,terren | C3: 1694129760 | D3: =SUMIF($A$28:$N$343,A3,$N$28:$N$343)-C3 -> 0 | E3: =C3-'HW PYMES'!M29 -> 0 | XFC3: Construcciones en curso
A4: 19100400 | B4: Valoriz. prop., planta y equipo, terrenos | C4: 5956220240 | D4: =AE30-C3-C4 -> 0 | E4: =C4-'HW PYMES'!M30 -> 0 | XFC4: Maquinaria
A5: 15080000 | B5: CONSTRUCCIONES EN CURSO | C5: 96606601 | D5: =SUMIF($A$28:$N$343,A5,$N$28:$N$343)-C5 -> 0 | E5: =C5-'HW PYMES'!M31 -> 0 | XFC5: Equipo de oficina
A6: 15080500 | B6: Constr.curso,constr/ | C6: 0 | D6: =SUMIF($A$28:$N$343,A6,$N$28:$N$343)-C6 -> 0 | E6: =C6-'HW PYMES'!M32 -> 0 | XFC6: Equipos informáticos
A7: 15160000 | B7: Constr./edificacione | C7: 7.6787767e+08 | D7: =SUMIF($A$28:$N$343,A7,$N$28:$N$343)-C7 -> 0 | E7: =C7-'HW PYMES'!M33 -> 0 | XFC7: Vehículos
A8: 15161000 | B8: Constr./edific.prod. | C8: 7757906220 | D8: =SUMIF($A$28:$N$343,A8,$N$28:$N$343)-C8 -> 0 | E8: =C8-'HW PYMES'!M34 -> 0 | XFC8: Otras - Telecomunicaciones
A9: 15162000 | B9: Constr./instalacione | C9: 7.4385814e+08 | D9: =SUMIF($A$28:$N$343,A9,$N$28:$N$343)-C9 -> 0 | E9: =C9-'HW PYMES'!M35 -> 0 | XFC9: Otras - Mejoras a propiedades arrendadas
A10: 15200000 | B10: Maqu/equ. adquirida | C10: 1.4863068e+10 | D10: =SUMIF($A$28:$N$343,A10,$N$28:$N$343)-C10 -> 0.010017395 | E10: =C10-'HW PYMES'!M36 -> 0
A11: 15210000 | B11: Maqu/equ.herramienta | C11: 26369067 | D11: =SUMIF($A$28:$N$343,A11,$N$28:$N$343)-C11 -> 0 | E11: =C11-'HW PYMES'!M37 -> 0
A12: 15240000 | B12: Equipo de oficina | C12: 48053988 | D12: =SUMIF($A$28:$N$343,A12,$N$28:$N$343)-C12 -> 0 | E12: =C12-'HW PYMES'!M38 -> 0
A13: 15280000 | B13: Equ.comp./com. | C13: 1.7056184e+08 | D13: =SUMIF($A$28:$N$343,A13,$N$28:$N$343)-C13 -> 0 | E13: =C13-'HW PYMES'!M39 -> 0
A14: 15400000 | B14: Flota/equ.de transpo | C14: 2.4689034e+09 | D14: =SUMIF($A$28:$N$343,A14,$N$28:$N$343)-C14 -> 0 | E14: =C14-'HW PYMES'!M40 -> 0
A15: 15920500 | B15: Depreciación acumulada, construcciones y edificaci | C15: -69677788 | D15: =SUMIF($P$28:$AB$343,A15,$AB$28:$AB$343)+C15 -> -0.48 | E15: =C15-'HW PYMES'!M41 -> 0
A16: 15920600 | B16: Depreciación acumulada, construcciones produccion | C16: -703958157 | D16: =SUMIF($P$28:$AB$343,A16,$AB$28:$AB$343)+C16 -> 0 | E16: =C16-'HW PYMES'!M42 -> 0
A17: 15920700 | B17: Depreciación acumulada, instalaciones | C17: -65370535 | D17: =SUMIF($P$28:$AB$343,A17,$AB$28:$AB$343)+C17 -> -0.93 | E17: =C17-'HW PYMES'!M43 -> 0
A18: 15921000 | B18: Depreciación acumulada, maquinaria y equipo | C18: -2.5320461e+09 | D18: =SUMIF($P$28:$AB$343,A18,$AB$28:$AB$343)+C18 -> -23.32 | E18: =C18-'HW PYMES'!M44 -> 0
A19: 15921100 | B19: Depreciación acumulada, herramientas | C19: -1114924.8 | D19: =SUMIF($P$28:$AB$343,A19,$AB$28:$AB$343)+C19 -> 0.15 | E19: =C19-'HW PYMES'!M45 -> 0
A20: 15921500 | B20: Depr.acum,equ.d.ofic | C20: -19938366 | D20: =SUMIF($P$28:$AB$343,A20,$AB$28:$AB$343)+C20 -> 0.37 | E20: =C20-'HW PYMES'!M46 -> 0
A21: 15922000 | B21: Depr.acum,comp/com. | C21: -68079318 | D21: =SUMIF($P$28:$AB$343,A21,$AB$28:$AB$343)+C21 -> 0.91999999 | E21: =C21-'HW PYMES'!M47 -> 0 | K21: 50 UVT 2014 | L21: =50*M21 -> 1374250 | M21: 27485
A22: 15923500 | B22: Depr.acum,fl/equ.tra | C22: -1.2315542e+09 | D22: =SUMIF($P$28:$AB$343,A22,$AB$28:$AB$343)+C22 -> 0.20000005 | E22: =C22-'HW PYMES'!M48 -> 0 | K22: 50 UVT 2015 | L22: =50*M22 -> 1413950 | M22: 28279
C23: =SUM(C3:C22) -> 2.9901815e+10 | K23: 50 UVT 2016 | L23: =50*M23 -> 1487650 | M23: 29753
B24: Diferencia | C24: =C23-C4-M344+AB344 -> -23.099991 | K24: 50 UVT 2017 | L24: =50*M24 -> 1592950 | M24: 31859
K25: 50 UVT 2018 | L25: =50*M25 -> 1657800 | M25: 33156
K26: 50 UVT 2019 | L26: =50*M26 -> 1713500 | M26: 34270 | W26: Medición
K27: 50 UVT 2020 | L27: =50*M27 -> 1780350 | M27: 35607 | W27: 44561
A28: Cuenta | B28: Descripción cuenta | C28: Descripción activo | D28: Cantidad | E28: Clase de activo NIIF | F28: Marca o Proveedor | G28: Comprobante | H28: Modelo | I28: Serial | J28: Fecha adquisición | K28: Activo material? | L28: Costo Unitario | M28: Costo NIIF Pymes | N28: Costo Auxiliar | O28: Costo material | P28: Cuenta | Q28: Descripción cuenta | R28: DAcum NIIF | S28: DAcum COL Auxiliar | T28: Saldo DAcum activo material | U28: Saldo Neto Material | V28: Política de depreciación (Años) | W28: Vida útil depreciada (Meses) | X28: Vida útil remanente (Meses) | Y28: Depreciación mensual | Z28: Depreciación acumula | AA28: Saldo Costo NIIF (1) | AB28: Saldo DAcum NIIF (1) | AC28: Saldo Neto NIIF (1) | AD28: Comentarios de la Gerencia | AE28: Valor Razonable | AF28: Diferencia | AG28: Check Deprec | AH28: Compras
A30: 15040000 | B30: Prop.,pl/equ.,terren | C30: TERRENO | D30: 1 | E30: Terrenos | J30: 43069 | K30: =IF(L30>($M$23*50),"SI","NO") -> SI | L30: =M30/D30 -> 1694129760 | M30: 1694129760 | N30: 1694129760 | O30: =IF(K30="SI",N30,0) -> 1694129760 | T30: =IF(O30>0,S30,0) -> 0 | U30: =IF(O30>0,N30-S30,0) -> 1694129760 | V30: N/A | W30: =IF(ISERROR(IF(ROUND(($W$27-J30)/30,0)>(V30*12),(V30*12),(ROUND(($W$27-J30)/30,0)))),0,"FALSO") -> 0 | X30: =IF(ISERROR((V30*12)-W30),0,"FALSO") -> 0 | Y30: =IF(ISERROR(N30/(V30*12)),0,"FALSO") -> 0 | Z30: =IF(U30>0,W30*Y30,0) -> 0 | AA30: =ROUND(IF(U30>0,N30,0),0) -> 1694129760 | AB30: =ROUND(IF(U30>0,Z30,0),0) -> 0 | AC30: =AA30-AB30 -> 1694129760 | AE30: 7650350000 | AF30: =AE30-AC30 -> 5956220240
A32: 15080000 | B32: CONSTRUCCIONES EN CURSO | C32: MAQUINARIA Y EQUIPO EN CURSO | D32: 1 | E32: Construcciones en curso | J32: 44561 | K32: =IF(L32>($M$27*50),"SI","NO") -> SI | L32: =M32/D32 -> 96606601 | M32: 96606601 | N32: 96606601 | O32: =IF(K32="SI",N32,0) -> 96606601 | T32: =IF(O32>0,S32,0) -> 0 | U32: =IF(O32>0,N32-S32,0) -> 96606601 | V32: N/A | W32: =IF(ISERROR(IF(ROUND(($W$25-J32)/30,0)>(V32*12),(V32*12),(ROUND(($W$25-J32)/30,0)))),0,"FALSO") -> 0 | X32: =IF(ISERROR((V32*12)-W32),0,"FALSO") -> 0 | Y32: =IF(ISERROR(N32/(V32*12)),0,"FALSO") -> 0 | Z32: =IF(U32>0,W32*Y32,0) -> 0 | AA32: =ROUND(IF(U32>0,N32,0),0) -> 96606601 | AB32: =ROUND(IF(U32>0,Z32,0),0) -> 0 | AC32: =AA32-AB32 -> 96606601 | AD32: PUENTES GRÚA EN CONTRUCCIÓN ($29.517.512,47) Y MANTENIMIENTO PALA CARGADORA ($67.089.088,85) | AH32: =O32 -> 96606601
A34: 15160000 | B34: Constr./edificacione | C34: EDIFICACIONES | D34: 1 | E34: Edificios | J34: 43069 | K34: =IF(L34>($M$23*50),"SI","NO") -> SI | L34: =M34/D34 -> 7.6787767e+08 | M34: 7.6787767e+08 | N34: 7.6787767e+08 | O34: =IF(K34="SI",N34,0) -> 7.6787767e+08 | P34: 15920500 | Q34: Depreciación acumulada, construcciones y edificaci | R34: 18485944 | S34: 18485944 | T34: =IF(O34>0,S34,0) -> 18485944 | U34: =IF(O34>0,N34-S34,0) -> 7.4939172e+08 | V34: 45 | W34: =IF(ROUND(($W$27-J34)/30,0)>(V34*12),(V34*12),(ROUND(($W$27-J34)/30,0)))-1 -> 49 | X34: =(V34*12)-W34 -> 491 | Y34: =N34/(V34*12) -> 1421995.7 | Z34: =IF(U34>0,W34*Y34,0) -> 69677788 | AA34: =ROUND(IF(U34>0,N34,0),0) -> 767877669 | AB34: =ROUND(IF(U34>0,Z34,0),0) -> 69677788 | AC34: =AA34-AB34 -> 698199881 | AG34: =AB34-'P, Pl y Eq 2020'!AB32 -> 17063948
A35: 15161000 | B35: Constr./edific.prod. | C35: EDIFICACIONES | D35: 1 | E35: Edificios | J35: 43069 | K35: =IF(L35>($M$23*50),"SI","NO") -> SI | L35: =M35/D35 -> 7712107742 | M35: 7712107742 | N35: 7712107742 | O35: =IF(K35="SI",N35,0) -> 7712107742 | P35: 15920600 | Q35: Depreciación acumulada, construcciones produccion | R35: 185661853 | S35: 185661853 | T35: =IF(O35>0,S35,0) -> 185661853 | U35: =IF(O35>0,N35-S35,0) -> 7526445889 | V35: 45 | W35: =IF(ROUND(($W$27-J35)/30,0)>(V35*12),(V35*12),(ROUND(($W$27-J35)/30,0)))-1 -> 49 | X35: =(V35*12)-W35 -> 491 | Y35: =N35/(V35*12) -> 14281681 | Z35: =IF(U35>0,W35*Y35,0) -> 6.9980237e+08 | AA35: =ROUND(IF(U35>0,N35,0),0) -> 7712107742 | AB35: =ROUND(IF(U35>0,Z35,0),0) -> 699802369 | AC35: =AA35-AB35 -> 7012305373 | AG35: =AB35-'P, Pl y Eq 2020'!AB33 -> 171380172
A36: 15161000 | B36: Constr./edific.prod. | C36: EDIFICACIONES | D36: 1 | E36: Edificios | J36: 43069 | K36: =IF(L36>($M$23*50),"SI","NO") -> SI | L36: =M36/D36 -> 45798478 | M36: 45798478 | N36: 45798478 | O36: =IF(K36="SI",N36,0) -> 45798478 | P36: 15920600 | Q36: Depreciación acumulada, construcciones produccion | R36: 1102556 | S36: 1102556 | T36: =IF(O36>0,S36,0) -> 1102556 | U36: =IF(O36>0,N36-S36,0) -> 44695922 | V36: 45 | W36: =IF(ROUND(($W$27-J36)/30,0)>(V36*12),(V36*12),(ROUND(($W$27-J36)/30,0)))-1 -> 49 | X36: =(V36*12)-W36 -> 491 | Y36: =N36/(V36*12) -> 84811.996 | Z36: =IF(U36>0,W36*Y36,0) -> 4155787.8 | AA36: =ROUND(IF(U36>0,N36,0),0) -> 45798478 | AB36: =ROUND(IF(U36>0,Z36,0),0) -> 4155788 | AC36: =AA36-AB36 -> 41642690 | AG36: =AB36-'P, Pl y Eq 2020'!AB34 -> 1017744
A37: 15162000 | B37: Constr./instalacione | C37: EDIFICACIONES | D37: 1 | E37: Edificios | J37: 43069 | K37: =IF(L37>($M$23*50),"SI","NO") -> SI | L37: =M37/D37 -> 211430939 | M37: 211430939 | N37: 211430939 | O37: =IF(K37="SI",N37,0) -> 211430939 | P37: 15920700 | Q37: Depreciación acumulada, instalaciones | R37: 5090004 | S37: 5090004 | T37: =IF(O37>0,S37,0) -> 5090004 | U37: =IF(O37>0,N37-S37,0) -> 206340935 | V37: 45 | W37: =IF(ROUND(($W$27-J37)/30,0)>(V37*12),(V37*12),(ROUND(($W$27-J37)/30,0)))-1 -> 49 | X37: =(V37*12)-W37 -> 491 | Y37: =N37/(V37*12) -> 391538.78 | Z37: =IF(U37>0,W37*Y37,0) -> 19185400 | AA37: =ROUND(IF(U37>0,N37,0),0) -> 211430939 | AB37: =ROUND(IF(U37>0,Z37,0),0) -> 19185400 | AC37: =AA37-AB37 -> 192245539 | AG37: =AB37-'P, Pl y Eq 2020'!AB35 -> 4698465
A38: 15162000 | B38: Constr./instalacione | C38: EDIFICACIONES | D38: 1 | E38: Edificios | J38: 43069 | K38: =IF(L38>($M$23*50),"SI","NO") -> SI | L38: =M38/D38 -> 7192000 | M38: 7192000 | N38: 7192000 | O38: =IF(K38="SI",N38,0) -> 7192000 | P38: 15920700 | Q38: Depreciación acumulada, instalaciones | R38: 173141 | S38: 173141 | T38: =IF(O38>0,S38,0) -> 173141 | U38: =IF(O38>0,N38-S38,0) -> 7018859 | V38: 45 | W38: =IF(ROUND(($W$27-J38)/30,0)>(V38*12),(V38*12),(ROUND(($W$27-J38)/30,0)))-1 -> 49 | X38: =(V38*12)-W38 -> 491 | Y38: =N38/(V38*12) -> 13318.519 | Z38: =IF(U38>0,W38*Y38,0) -> 652607.41 | AA38: =ROUND(IF(U38>0,N38,0),0) -> 7192000 | AB38: =ROUND(IF(U38>0,Z38,0),0) -> 652607 | AC38: =AA38-AB38 -> 6539393 | AG38: =AB38-'P, Pl y Eq 2020'!AB36 -> 159822
A39: 15162000 | B39: Constr./instalacione | C39: EDIFICACIONES | D39: 1 | E39: Edificios | J39: 43069 | K39: =IF(L39>($M$23*50),"SI","NO") -> SI | L39: =M39/D39 -> 12400000 | M39: 12400000 | N39: 12400000 | O39: =IF(K39="SI",N39,0) -> 12400000 | P39: 15920700 | Q39: Depreciación acumulada, instalaciones | R39: 298519 | S39: 298519 | T39: =IF(O39>0,S39,0) -> 298519 | U39: =IF(O39>0,N39-S39,0) -> 12101481 | V39: 45 | W39: =IF(ROUND(($W$27-J39)/30,0)>(V39*12),(V39*12),(ROUND(($W$27-J39)/30,0)))-1 -> 49 | X39: =(V39*12)-W39 -> 491 | Y39: =N39/(V39*12) -> 22962.963 | Z39: =IF(U39>0,W39*Y39,0) -> 1125185.2 | AA39: =ROUND(IF(U39>0,N39,0),0) -> 12400000 | AB39: =ROUND(IF(U39>0,Z39,0),0) -> 1125185 | AC39: =AA39-AB39 -> 11274815 | AG39: =AB39-'P, Pl y Eq 2020'!AB37 -> 275555
A40: 15162000 | B40: Constr./instalacione | C40: EDIFICACIONES | D40: 1 | E40: Edificios | J40: 43069 | K40: =IF(L40>($M$23*50),"SI","NO") -> SI | L40: =M40/D40 -> 82215000 | M40: 82215000 | N40: 82215000 | O40: =IF(K40="SI",N40,0) -> 82215000 | P40: 15920700 | Q40: Depreciación acumulada, instalaciones | R40: 1979250 | S40: 1979250 | T40: =IF(O40>0,S40,0) -> 1979250 | U40: =IF(O40>0,N40-S40,0) -> 80235750 | V40: 45 | W40: =IF(ROUND(($W$27-J40)/30,0)>(V40*12),(V40*12),(ROUND(($W$27-J40)/30,0)))-1 -> 49 | X40: =(V40*12)-W40 -> 491 | Y40: =N40/(V40*12) -> 152250 | Z40: =IF(U40>0,W40*Y40,0) -> 7460250 | AA40: =ROUND(IF(U40>0,N40,0),0) -> 82215000 | AB40: =ROUND(IF(U40>0,Z40,0),0) -> 7460250 | AC40: =AA40-AB40 -> 74754750 | AG40: =AB40-'P, Pl y Eq 2020'!AB38 -> 1827000
A41: 15162000 | B41: Constr./instalacione | C41: EDIFICACIONES | D41: 1 | E41: Edificios | J41: 43069 | K41: =IF(L41>($M$23*50),"SI","NO") -> SI | L41: =M41/D41 -> 406174241 | M41: 406174241 | N41: 406174241 | O41: =IF(K41="SI",N41,0) -> 406174241 | P41: 15920700 | Q41: Depreciación acumulada, instalaciones | R41: 9778269 | S41: 9778269 | T41: =IF(O41>0,S41,0) -> 9778269 | U41: =IF(O41>0,N41-S41,0) -> 396395972 | V41: 45 | W41: =IF(ROUND(($W$27-J41)/30,0)>(V41*12),(V41*12),(ROUND(($W$27-J41)/30,0)))-1 -> 49 | X41: =(V41*12)-W41 -> 491 | Y41: =N41/(V41*12) -> 752174.52 | Z41: =IF(U41>0,W41*Y41,0) -> 36856551 | AA41: =ROUND(IF(U41>0,N41,0),0) -> 406174241 | AB41: =ROUND(IF(U41>0,Z41,0),0) -> 36856551 | AC41: =AA41-AB41 -> 369317690 | AG41: =AB41-'P, Pl y Eq 2020'!AB39 -> 9026094
A42: 15162000 | B42: Constr./instalacione | C42: EDIFICACIONES | D42: 1 | E42: Edificios | J42: 44470 | K42: =IF(L42>($M$27*50),"SI","NO") -> SI | L42: =M42/D42 -> 24445959 | M42: 24445959 | N42: 24445959 | O42: =IF(K42="SI",N42,0) -> 24445959 | P42: 15920700 | Q42: Depreciación acumulada, instalaciones | R42: 0 | S42: 0 | T42: =IF(O42>0,S42,0) -> 0 | U42: =IF(O42>0,N42-S42,0) -> 24445959 | V42: 45 | W42: =IF(ROUND(($W$27-J42)/30,0)>(V42*12),(V42*12),(ROUND(($W$27-J42)/30,0)))-1 -> 2 | X42: =(V42*12)-W42 -> 538 | Y42: =N42/(V42*12) -> 45270.294 | Z42: =IF(U42>0,W42*Y42,0) -> 90540.588 | AA42: =ROUND(IF(U42>0,N42,0),0) -> 24445959 | AB42: =ROUND(IF(U42>0,Z42,0),0) -> 90541 | AC42: =AA42-AB42 -> 24355418 | AG42: =AB42 -> 90541 | AH42: =O42 -> 24445959
A44: 15200000 | B44: Maqu/equ. adquirida | C44: MAQUINARIA | D44: 1 | E44: Maquinaria | J44: 43069 | K44: =IF(L44>($M$23*50),"SI","NO") -> SI | L44: =M44/D44 -> 2.4250949e+08 | M44: 2.4250949e+08 | N44: 2.4250949e+08 | O44: =IF(K44="SI",N44,0) -> 2.4250949e+08 | P44: 15921000 | Q44: Depr.acum,maqu./equ. | R44: 13135931 | S44: 13135931 | T44: =IF(O44>0,S44,0) -> 13135931 | U44: =IF(O44>0,N44-S44,0) -> 2.2937356e+08 | V44: 20 | W44: =IF(ROUND(($W$27-J44)/30,0)>(V44*12),(V44*12),(ROUND(($W$27-J44)/30,0)))-1 -> 49 | X44: =(V44*12)-W44 -> 191 | Y44: =N44/(V44*12) -> 1010456.2 | Z44: =IF(U44>0,W44*Y44,0) -> 49512355 | AA44: =ROUND(IF(U44>0,N44,0),0) -> 242509493 | AB44: =ROUND(IF(U44>0,Z44,0),0) -> 49512355 | AC44: =AA44-AB44 -> 192997138 | AG44: =AB44-'P, Pl y Eq 2020'!AB41 -> 12125475
A45: 15200000 | B45: Maqu/equ. adquirida | C45: MAQUINARIA | D45: 1 | E45: Maquinaria | J45: 43069 | K45: =IF(L45>($M$23*50),"SI","NO") -> SI | L45: =M45/D45 -> 3.9569568e+08 | M45: 3.9569568e+08 | N45: 3.9569568e+08 | O45: =IF(K45="SI",N45,0) -> 3.9569568e+08 | P45: 15921000 | Q45: Depr.acum,maqu./equ. | R45: 21433516 | S45: 21433516 | T45: =IF(O45>0,S45,0) -> 21433516 | U45: =IF(O45>0,N45-S45,0) -> 3.7426216e+08 | V45: 20 | W45: =IF(ROUND(($W$27-J45)/30,0)>(V45*12),(V45*12),(ROUND(($W$27-J45)/30,0)))-1 -> 49 | X45: =(V45*12)-W45 -> 191 | Y45: =N45/(V45*12) -> 1648732 | Z45: =IF(U45>0,W45*Y45,0) -> 80787868 | AA45: =ROUND(IF(U45>0,N45,0),0) -> 395695678 | AB45: =ROUND(IF(U45>0,Z45,0),0) -> 80787868 | AC45: =AA45-AB45 -> 314907810 | AG45: =AB45-'P, Pl y Eq 2020'!AB42 -> 19784784
A46: 15200000 | B46: Maqu/equ. adquirida | C46: MAQUINARIA | D46: 1 | E46: Maquinaria | J46: 43069 | K46: =IF(L46>($M$23*50),"SI","NO") -> SI | L46: =M46/D46 -> 2232008171 | M46: 2232008171 | N46: 2232008171 | O46: =IF(K46="SI",N46,0) -> 2232008171 | P46: 15921000 | Q46: Depr.acum,maqu./equ. | R46: 120900443 | S46: 120900443 | T46: =IF(O46>0,S46,0) -> 120900443 | U46: =IF(O46>0,N46-S46,0) -> 2111107728 | V46: 20 | W46: =IF(ROUND(($W$27-J46)/30,0)>(V46*12),(V46*12),(ROUND(($W$27-J46)/30,0)))-1 -> 49 | X46: =(V46*12)-W46 -> 191 | Y46: =N46/(V46*12) -> 9300034 | Z46: =IF(U46>0,W46*Y46,0) -> 4.5570167e+08 | AA46: =ROUND(IF(U46>0,N46,0),0) -> 2232008171 | AB46: =ROUND(IF(U46>0,Z46,0),0) -> 455701668 | AC46: =AA46-AB46 -> 1776306503 | AG46: =AB46-'P, Pl y Eq 2020'!AB43 -> 111600408
A47: 15200000 | B47: Maqu/equ. adquirida | C47: MAQUINARIA | D47: 1 | E47: Maquinaria | J47: 43069 | K47: =IF(L47>($M$23*50),"SI","NO") -> SI | L47: =M47/D47 -> 36533859 | M47: 36533859 | N47: 36533859 | O47: =IF(K47="SI",N47,0) -> 36533859 | P47: 15921000 | Q47: Depr.acum,maqu./equ. | R47: 1978917 | S47: 1978917 | T47: =IF(O47>0,S47,0) -> 1978917 | U47: =IF(O47>0,N47-S47,0) -> 34554942 | V47: 20 | W47: =IF(ROUND(($W$27-J47)/30,0)>(V47*12),(V47*12),(ROUND(($W$27-J47)/30,0)))-1 -> 49 | X47: =(V47*12)-W47 -> 191 | Y47: =N47/(V47*12) -> 152224.41 | Z47: =IF(U47>0,W47*Y47,0) -> 7458996.2 | AA47: =ROUND(IF(U47>0,N47,0),0) -> 36533859 | AB47: =ROUND(IF(U47>0,Z47,0),0) -> 7458996 | AC47: =AA47-AB47 -> 29074863 | AG47: =AB47-'P, Pl y Eq 2020'!AB44 -> 1826693
A48: 15200000 | B48: Maqu/equ. adquirida | C48: MAQUINARIA | D48: 1 | E48: Maquinaria | J48: 43069 | K48: =IF(L48>($M$23*50),"SI","NO") -> SI | L48: =M48/D48 -> 6.9653975e+08 | M48: 6.9653975e+08 | N48: 6.9653975e+08 | O48: =IF(K48="SI",N48,0) -> 6.9653975e+08 | P48: 15921000 | Q48: Depr.acum,maqu./equ. | R48: 37729237 | S48: 37729237 | T48: =IF(O48>0,S48,0) -> 37729237 | U48: =IF(O48>0,N48-S48,0) -> 6.5881051e+08 | V48: 20 | W48: =IF(ROUND(($W$27-J48)/30,0)>(V48*12),(V48*12),(ROUND(($W$27-J48)/30,0)))-1 -> 49 | X48: =(V48*12)-W48 -> 191 | Y48: =N48/(V48*12) -> 2902249 | Z48: =IF(U48>0,W48*Y48,0) -> 1.422102e+08 | AA48: =ROUND(IF(U48>0,N48,0),0) -> 696539751 | AB48: =ROUND(IF(U48>0,Z48,0),0) -> 142210199 | AC48: =AA48-AB48 -> 554329552 | AG48: =AB48-'P, Pl y Eq 2020'!AB45 -> 34826987
A49: 15200000 | B49: Maqu/equ. adquirida | C49: MAQUINARIA | D49: 1 | E49: Maquinaria | J49: 43069 | K49: =IF(L49>($M$23*50),"SI","NO") -> SI | L49: =M49/D49 -> 46760472 | M49: 46760472 | N49: 46760472 | O49: =IF(K49="SI",N49,0) -> 46760472 | P49: 15921000 | Q49: Depr.acum,maqu./equ. | R49: 5065718 | S49: 5065718 | T49: =IF(O49>0,S49,0) -> 5065718 | U49: =IF(O49>0,N49-S49,0) -> 41694754 | V49: 10 | W49: =IF(ROUND(($W$27-J49)/30,0)>(V49*12),(V49*12),(ROUND(($W$27-J49)/30,0)))-1 -> 49 | X49: =(V49*12)-W49 -> 71 | Y49: =N49/(V49*12) -> 389670.6 | Z49: =IF(U49>0,W49*Y49,0) -> 19093859 | AA49: =ROUND(IF(U49>0,N49,0),0) -> 46760472 | AB49: =ROUND(IF(U49>0,Z49,0),0) -> 19093859 | AC49: =AA49-AB49 -> 27666613 | AG49: =AB49-'P, Pl y Eq 2020'!AB46 -> 4676047
A50: 15200000 | B50: Maqu/equ. adquirida | C50: MAQUINARIA | D50: 1 | E50: Maquinaria | J50: 43069 | K50: =IF(L50>($M$23*50),"SI","NO") -> SI | L50: =M50/D50 -> 14257375 | M50: 14257375 | N50: 14257375 | O50: =IF(K50="SI",N50,0) -> 14257375 | P50: 15921000 | Q50: Depr.acum,maqu./equ. | R50: 1544549 | S50: 1544549 | T50: =IF(O50>0,S50,0) -> 1544549 | U50: =IF(O50>0,N50-S50,0) -> 12712826 | V50: 10 | W50: =IF(ROUND(($W$27-J50)/30,0)>(V50*12),(V50*12),(ROUND(($W$27-J50)/30,0)))-1 -> 49 | X50: =(V50*12)-W50 -> 71 | Y50: =N50/(V50*12) -> 118811.46 | Z50: =IF(U50>0,W50*Y50,0) -> 5821761.3 | AA50: =ROUND(IF(U50>0,N50,0),0) -> 14257375 | AB50: =ROUND(IF(U50>0,Z50,0),0) -> 5821761 | AC50: =AA50-AB50 -> 8435614 | AG50: =AB50-'P, Pl y Eq 2020'!AB47 -> 1425737
A51: 15200000 | B51: Maqu/equ. adquirida | C51: MAQUINARIA | D51: 1 | E51: Maquinaria | J51: 43069 | K51: =IF(L51>($M$23*50),"SI","NO") -> SI | L51: =M51/D51 -> 14257375 | M51: 14257375 | N51: 14257375 | O51: =IF(K51="SI",N51,0) -> 14257375 | P51: 15921000 | Q51: Depr.acum,maqu./equ. | R51: 1544549 | S51: 1544549 | T51: =IF(O51>0,S51,0) -> 1544549 | U51: =IF(O51>0,N51-S51,0) -> 12712826 | V51: 10 | W51: =IF(ROUND(($W$27-J51)/30,0)>(V51*12),(V51*12),(ROUND(($W$27-J51)/30,0)))-1 -> 49 | X51: =(V51*12)-W51 -> 71 | Y51: =N51/(V51*12) -> 118811.46 | Z51: =IF(U51>0,W51*Y51,0) -> 5821761.3 | AA51: =ROUND(IF(U51>0,N51,0),0) -> 14257375 | AB51: =ROUND(IF(U51>0,Z51,0),0) -> 5821761 | AC51: =AA51-AB51 -> 8435614 | AG51: =AB51-'P, Pl y Eq 2020'!AB48 -> 1425737
A52: 15200000 | B52: Maqu/equ. adquirida | C52: MAQUINARIA | D52: 1 | E52: Maquinaria | J52: 43069 | K52: =IF(L52>($M$23*50),"SI","NO") -> SI | L52: =M52/D52 -> 14257375 | M52: 14257375 | N52: 14257375 | O52: =IF(K52="SI",N52,0) -> 14257375 | P52: 15921000 | Q52: Depr.acum,maqu./equ. | R52: 1544549 | S52: 1544549 | T52: =IF(O52>0,S52,0) -> 1544549 | U52: =IF(O52>0,N52-S52,0) -> 12712826 | V52: 10 | W52: =IF(ROUND(($W$27-J52)/30,0)>(V52*12),(V52*12),(ROUND(($W$27-J52)/30,0)))-1 -> 49 | X52: =(V52*12)-W52 -> 71 | Y52: =N52/(V52*12) -> 118811.46 | Z52: =IF(U52>0,W52*Y52,0) -> 5821761.3 | AA52: =ROUND(IF(U52>0,N52,0),0) -> 14257375 | AB52: =ROUND(IF(U52>0,Z52,0),0) -> 5821761 | AC52: =AA52-AB52 -> 8435614 | AG52: =AB52-'P, Pl y Eq 2020'!AB49 -> 1425737
A53: 15200000 | B53: Maqu/equ. adquirida | C53: MAQUINARIA | D53: 1 | E53: Maquinaria | J53: 43069 | K53: =IF(L53>($M$23*50),"SI","NO") -> SI | L53: =M53/D53 -> 14257375 | M53: 14257375 | N53: 14257375 | O53: =IF(K53="SI",N53,0) -> 14257375 | P53: 15921000 | Q53: Depr.acum,maqu./equ. | R53: 1544549 | S53: 1544549 | T53: =IF(O53>0,S53,0) -> 1544549 | U53: =IF(O53>0,N53-S53,0) -> 12712826 | V53: 10 | W53: =IF(ROUND(($W$27-J53)/30,0)>(V53*12),(V53*12),(ROUND(($W$27-J53)/30,0)))-1 -> 49 | X53: =(V53*12)-W53 -> 71 | Y53: =N53/(V53*12) -> 118811.46 | Z53: =IF(U53>0,W53*Y53,0) -> 5821761.3 | AA53: =ROUND(IF(U53>0,N53,0),0) -> 14257375 | AB53: =ROUND(IF(U53>0,Z53,0),0) -> 5821761 | AC53: =AA53-AB53 -> 8435614 | AG53: =AB53-'P, Pl y Eq 2020'!AB50 -> 1425737
A54: 15200000 | B54: Maqu/equ. adquirida | C54: MAQUINARIA | D54: 1 | E54: Maquinaria | J54: 43069 | K54: =IF(L54>($M$23*50),"SI","NO") -> SI | L54: =M54/D54 -> 7.209591e+08 | M54: 7.209591e+08 | N54: 7.209591e+08 | O54: =IF(K54="SI",N54,0) -> 7.209591e+08 | P54: 15921000 | Q54: Depr.acum,maqu./equ. | R54: 39051951 | S54: 39051951 | T54: =IF(O54>0,S54,0) -> 39051951 | U54: =IF(O54>0,N54-S54,0) -> 6.8190714e+08 | V54: 20 | W54: =IF(ROUND(($W$27-J54)/30,0)>(V54*12),(V54*12),(ROUND(($W$27-J54)/30,0)))-1 -> 49 | X54: =(V54*12)-W54 -> 191 | Y54: =N54/(V54*12) -> 3003996.2 | Z54: =IF(U54>0,W54*Y54,0) -> 1.4719582e+08 | AA54: =ROUND(IF(U54>0,N54,0),0) -> 720959096 | AB54: =ROUND(IF(U54>0,Z54,0),0) -> 147195815 | AC54: =AA54-AB54 -> 573763281 | AG54: =AB54-'P, Pl y Eq 2020'!AB51 -> 36047954
A55: 15200000 | B55: Maqu/equ. adquirida | C55: MAQUINARIA | D55: 1 | E55: Maquinaria | J55: 43069 | K55: =IF(L55>($M$23*50),"SI","NO") -> SI | L55: =M55/D55 -> 2.4175344e+08 | M55: 2.4175344e+08 | N55: 2.4175344e+08 | O55: =IF(K55="SI",N55,0) -> 2.4175344e+08 | P55: 15921000 | Q55: Depr.acum,maqu./equ. | R55: 26189956 | S55: 26189956 | T55: =IF(O55>0,S55,0) -> 26189956 | U55: =IF(O55>0,N55-S55,0) -> 2.1556348e+08 | V55: 10 | W55: =IF(ROUND(($W$27-J55)/30,0)>(V55*12),(V55*12),(ROUND(($W$27-J55)/30,0)))-1 -> 49 | X55: =(V55*12)-W55 -> 71 | Y55: =N55/(V55*12) -> 2014612 | Z55: =IF(U55>0,W55*Y55,0) -> 98715986 | AA55: =ROUND(IF(U55>0,N55,0),0) -> 241753436 | AB55: =ROUND(IF(U55>0,Z55,0),0) -> 98715986 | AC55: =AA55-AB55 -> 143037450 | AG55: =AB55-'P, Pl y Eq 2020'!AB52 -> 24175343
... A93: 15200000 | B93: Maqu/equ. adquirida | C93: MAQUINARIA | D93: 1 | E93: Maquinaria | J93: 43069 | K93: =IF(L93>($M$23*50),"SI","NO") -> SI | L93: =M93/D93 -> 4500800 | M93: 4500800 | N93: 4500800 | O93: =IF(K93="SI",N93,0) -> 4500800 | P93: 15921000 | Q93: Depr.acum,maqu./equ. | R93: 487587 | S93: 487587 | T93: =IF(O93>0,S93,0) -> 487587 | U93: =IF(O93>0,N93-S93,0) -> 4013213 | V93: 10 | W93: =IF(ROUND(($W$27-J93)/30,0)>(V93*12),(V93*12),(ROUND(($W$27-J93)/30,0)))-1 -> 49 | X93: =(V93*12)-W93 -> 71 | Y93: =N93/(V93*12) -> 37506.667 | Z93: =IF(U93>0,W93*Y93,0) -> 1837826.7 | AA93: =ROUND(IF(U93>0,N93,0),0) -> 4500800 | AB93: =ROUND(IF(U93>0,Z93,0),0) -> 1837827 | AC93: =AA93-AB93 -> 2662973 | AG93: =AB93-'P, Pl y Eq 2020'!AB90 -> 450080
A94: 15200000 | B94: Maqu/equ. adquirida | C94: MAQUINARIA | D94: 1 | E94: Maquinaria | J94: 43069 | K94: =IF(L94>($M$22*50),"SI","NO") -> NO | L94: =M94/D94 -> 0 | M94: =655498863.2*0 -> 0 | N94: =655498863.2*0 -> 0 | O94: =IF(K94="SI",N94,0) -> 0 | P94: 15921000 | Q94: Depr.acum,maqu./equ. | R94: =16387472*0 -> 0 | S94: =16387472*0 -> 0 | T94: =IF(O94>0,S94,0) -> 0 | U94: =IF(O94>0,N94-S94,0) -> 0 | V94: 20 | W94: =IF(ROUND(($W$27-J94)/30,0)>(V94*12),(V94*12),(ROUND(($W$27-J94)/30,0)))-1 -> 49 | X94: =(V94*12)-W94 -> 191 | Y94: =N94/(V94*12) -> 0 | Z94: =IF(U94>0,W94*Y94,0) -> 0 | AA94: =ROUND(IF(U94>0,N94,0),0) -> 0 | AB94: =ROUND(IF(U94>0,Z94,0),0) -> 0 | AC94: =AA94-AB94 -> 0 | AD94: Venta de Activo Fijo bajo NIIF Jun-19 | AG94: =AB94-'P, Pl y Eq 2020'!AB91 -> 0
A95: 15200000 | B95: Maqu/equ. adquirida | C95: MAQUINARIA | D95: 1 | E95: Maquinaria | J95: 43069 | K95: =IF(L95>($M$23*50),"SI","NO") -> SI | L95: =M95/D95 -> 2.9336191e+08 | M95: 2.9336191e+08 | N95: 2.9336191e+08 | O95: =IF(K95="SI",N95,0) -> 2.9336191e+08 | P95: 15921000 | Q95: Depr.acum,maqu./equ. | R95: 15890437 | S95: 15890437 | T95: =IF(O95>0,S95,0) -> 15890437 | U95: =IF(O95>0,N95-S95,0) -> 2.7747147e+08 | V95: 20 | W95: =IF(ROUND(($W$27-J95)/30,0)>(V95*12),(V95*12),(ROUND(($W$27-J95)/30,0)))-1 -> 49 | X95: =(V95*12)-W95 -> 191 | Y95: =N95/(V95*12) -> 1222341.3 | Z95: =IF(U95>0,W95*Y95,0) -> 59894722 | AA95: =ROUND(IF(U95>0,N95,0),0) -> 293361905 | AB95: =ROUND(IF(U95>0,Z95,0),0) -> 59894722 | AC95: =AA95-AB95 -> 233467183 | AG95: =AB95-'P, Pl y Eq 2020'!AB92 -> 14668095
A96: 15200000 | B96: Maqu/equ. adquirida | C96: MAQUINARIA | D96: 1 | E96: Maquinaria | J96: 43069 | K96: =IF(L96>($M$23*50),"SI","NO") -> SI | L96: =M96/D96 -> 86592899 | M96: 86592899 | N96: 86592899 | O96: =IF(K96="SI",N96,0) -> 86592899 | P96: 15921000 | Q96: Depr.acum,maqu./equ. | R96: 4690449 | S96: 4690449 | T96: =IF(O96>0,S96,0) -> 4690449 | U96: =IF(O96>0,N96-S96,0) -> 81902450 | V96: 20 | W96: =IF(ROUND(($W$27-J96)/30,0)>(V96*12),(V96*12),(ROUND(($W$27-J96)/30,0)))-1 -> 49 | X96: =(V96*12)-W96 -> 191 | Y96: =N96/(V96*12) -> 360803.74 | Z96: =IF(U96>0,W96*Y96,0) -> 17679384 | AA96: =ROUND(IF(U96>0,N96,0),0) -> 86592899 | AB96: =ROUND(IF(U96>0,Z96,0),0) -> 17679384 | AC96: =AA96-AB96 -> 68913515 | AG96: =AB96-'P, Pl y Eq 2020'!AB93 -> 4329645
A97: 15200000 | B97: Maqu/equ. adquirida | C97: MAQUINARIA | D97: 1 | E97: Maquinaria | J97: 43159 | K97: =IF(L97>($M$24*50),"SI","NO") -> SI | L97: =M97/D97 -> 5703631 | M97: 5703631 | N97: 5703631 | O97: =IF(K97="SI",N97,0) -> 5703631 | P97: 15921000 | Q97: Depr.acum,maqu./equ. | R97: 237651 | S97: 237651 | T97: =IF(O97>0,S97,0) -> 237651 | U97: =IF(O97>0,N97-S97,0) -> 5465980 | V97: 20 | W97: =IF(ROUND(($W$27-J97)/30,0)>(V97*12),(V97*12),(ROUND(($W$27-J97)/30,0)))-1 -> 46 | X97: =(V97*12)-W97 -> 194 | Y97: =N97/(V97*12) -> 23765.129 | Z97: =IF(U97>0,W97*Y97,0) -> 1093195.9 | AA97: =ROUND(IF(U97>0,N97,0),0) -> 5703631 | AB97: =ROUND(IF(U97>0,Z97,0),0) -> 1093196 | AC97: =AA97-AB97 -> 4610435 | AG97: =AB97-'P, Pl y Eq 2020'!AB94 -> 285182
A98: 15200000 | B98: Maqu/equ. adquirida | C98: MAQUINARIA | D98: 1 | E98: Maquinaria | J98: 43190 | K98: =IF(L98>($M$24*50),"SI","NO") -> SI | L98: =M98/D98 -> 13254594 | M98: 13254594 | N98: 13254594 | O98: =IF(K98="SI",N98,0) -> 13254594 | P98: 15921000 | Q98: Depr.acum,maqu./equ. | R98: 497047 | S98: 497047 | T98: =IF(O98>0,S98,0) -> 497047 | U98: =IF(O98>0,N98-S98,0) -> 12757547 | V98: 20 | W98: =IF(ROUND(($W$27-J98)/30,0)>(V98*12),(V98*12),(ROUND(($W$27-J98)/30,0)))-1 -> 45 | X98: =(V98*12)-W98 -> 195 | Y98: =N98/(V98*12) -> 55227.475 | Z98: =IF(U98>0,W98*Y98,0) -> 2485236.4 | AA98: =ROUND(IF(U98>0,N98,0),0) -> 13254594 | AB98: =ROUND(IF(U98>0,Z98,0),0) -> 2485236 | AC98: =AA98-AB98 -> 10769358 | AG98: =AB98-'P, Pl y Eq 2020'!AB95 -> 662729
A99: 15200000 | B99: Maqu/equ. adquirida | C99: MAQUINARIA | D99: 1 | E99: Maquinaria | J99: 43344 | K99: =IF(L99>($M$24*50),"SI","NO") -> SI | L99: =M99/D99 -> 14780964 | M99: 14780964 | N99: 14780964 | O99: =IF(K99="SI",N99,0) -> 14780964 | P99: 15921000 | Q99: Depr.acum,maqu./equ. | R99: 246349 | S99: 246349 | T99: =IF(O99>0,S99,0) -> 246349 | U99: =IF(O99>0,N99-S99,0) -> 14534615 | V99: 20 | W99: =IF(ROUND(($W$27-J99)/30,0)>(V99*12),(V99*12),(ROUND(($W$27-J99)/30,0)))-1 -> 40 | X99: =(V99*12)-W99 -> 200 | Y99: =N99/(V99*12) -> 61587.35 | Z99: =IF(U99>0,W99*Y99,0) -> 2463494 | AA99: =ROUND(IF(U99>0,N99,0),0) -> 14780964 | AB99: =ROUND(IF(U99>0,Z99,0),0) -> 2463494 | AC99: =AA99-AB99 -> 12317470 | AG99: =AB99-'P, Pl y Eq 2020'!AB96 -> 739048
A100: 15200000 | B100: Maqu/equ. adquirida | C100: MAQUINARIA | D100: 1 | E100: Maquinaria | J100: 43497 | K100: =IF(L100>($M$25*50),"SI","NO") -> SI | L100: =M100/D100 -> 10500000 | M100: 10500000 | N100: 10500000 | O100: =IF(K100="SI",N100,0) -> 10500000 | P100: 15921000 | Q100: Depr.acum,maqu./equ. | R100: 0 | S100: 0 | T100: =IF(O100>0,S100,0) -> 0 | U100: =IF(O100>0,N100-S100,0) -> 10500000 | V100: 15 | W100: =IF(ROUND(($W$27-J100)/30,0)>(V100*12),(V100*12),(ROUND(($W$27-J100)/30,0))) -> 35 | X100: =(V100*12)-W100 -> 145 | Y100: =N100/(V100*12) -> 58333.333 | Z100: =IF(U100>0,W100*Y100,0) -> 2041666.7 | AA100: =ROUND(IF(U100>0,N100,0),0) -> 10500000 | AB100: =ROUND(IF(U100>0,Z100,0),0) -> 2041667 | AC100: =AA100-AB100 -> 8458333 | AG100: =AB100-'P, Pl y Eq 2020'!AB97 -> 700000
A101: 15200000 | B101: Maqu/equ. adquirida | C101: MAQUINARIA | D101: 1 | E101: Maquinaria | J101: 43497 | K101: =IF(L101>($M$25*50),"SI","NO") -> SI | L101: =M101/D101 -> 5500000 | M101: 5500000 | N101: 5500000 | O101: =IF(K101="SI",N101,0) -> 5500000 | P101: 15921000 | Q101: Depr.acum,maqu./equ. | R101: 0 | S101: 0 | T101: =IF(O101>0,S101,0) -> 0 | U101: =IF(O101>0,N101-S101,0) -> 5500000 | V101: 15 | W101: =IF(ROUND(($W$27-J101)/30,0)>(V101*12),(V101*12),(ROUND(($W$27-J101)/30,0))) -> 35 | X101: =(V101*12)-W101 -> 145 | Y101: =N101/(V101*12) -> 30555.556 | Z101: =IF(U101>0,W101*Y101,0) -> 1069444.4 | AA101: =ROUND(IF(U101>0,N101,0),0) -> 5500000 | AB101: =ROUND(IF(U101>0,Z101,0),0) -> 1069444 | AC101: =AA101-AB101 -> 4430556 | AG101: =AB101-'P, Pl y Eq 2020'!AB98 -> 366666
A102: 15200000 | B102: Maqu/equ. adquirida | C102: MAQUINARIA | D102: 1 | E102: Maquinaria | J102: 43555 | K102: =IF(L102>($M$25*50),"SI","NO") -> SI | L102: =M102/D102 -> 11316244 | M102: 11316244 | N102: 11316244 | O102: =IF(K102="SI",N102,0) -> 11316244 | P102: 15921000 | Q102: Depr.acum,maqu./equ. | R102: 0 | S102: 0 | T102: =IF(O102>0,S102,0) -> 0 | U102: =IF(O102>0,N102-S102,0) -> 11316244 | V102: 25 | W102: =IF(ROUND(($W$27-J102)/30,0)>(V102*12),(V102*12),(ROUND(($W$27-J102)/30,0)))-1 -> 33 | X102: =(V102*12)-W102 -> 267 | Y102: =N102/(V102*12) -> 37720.813 | Z102: =IF(U102>0,W102*Y102,0) -> 1244786.8 | AA102: =ROUND(IF(U102>0,N102,0),0) -> 11316244 | AB102: =ROUND(IF(U102>0,Z102,0),0) -> 1244787 | AC102: =AA102-AB102 -> 10071457 | AG102: =AB102-'P, Pl y Eq 2020'!AB99 -> 452650
A103: 15200000 | B103: Maqu/equ. adquirida | C103: MAQUINARIA | D103: 1 | E103: Maquinaria | J103: 43555 | K103: =IF(L103>($M$25*50),"SI","NO") -> SI | L103: =M103/D103 -> 5812531.2 | M103: 5812531.2 | N103: 5812531.2 | O103: =IF(K103="SI",N103,0) -> 5812531.2 | P103: 15921000 | Q103: Depr.acum,maqu./equ. | R103: 0 | S103: 0 | T103: =IF(O103>0,S103,0) -> 0 | U103: =IF(O103>0,N103-S103,0) -> 5812531.2 | V103: 25 | W103: =IF(ROUND(($W$27-J103)/30,0)>(V103*12),(V103*12),(ROUND(($W$27-J103)/30,0)))-1 -> 33 | X103: =(V103*12)-W103 -> 267 | Y103: =N103/(V103*12) -> 19375.104 | Z103: =IF(U103>0,W103*Y103,0) -> 639378.43 | AA103: =ROUND(IF(U103>0,N103,0),0) -> 5812531 | AB103: =ROUND(IF(U103>0,Z103,0),0) -> 639378 | AC103: =AA103-AB103 -> 5173153 | AG103: =AB103-'P, Pl y Eq 2020'!AB100 -> 232501
